Workbook
Name GASTOS: [5]Formulas!$D$33:$D$34
Name Informe: [5]Formulas!$D$33:$D$34
Name ing: '[6]Datos Generales'!$H$5:$H$36
Name ing: '[6]Datos Generales'!$H$5:$H$36
Name ing: '[7]Datos Generales'!$H$5:$H$36
Name Lista.CAR: '[8]Datos Generales'!$H$5:$H$37
Name Lista_CAR: '[9]Datos Generales'!$H$5:$H$36
Name Lista_CAR: '[9]Datos Generales'!$H$5:$H$36
Name Lista_CAR: '[14]Datos Generales'!$H$5:$H$37
Name Lista_CAR: '[10]Datos Generales'!$H$5:$H$37
Name PROGRAMAS: '[1]Sectores-Programas-Subprogramas'!$C$4:$D$179
Name REPORTE: [9]Formulas!$F$33:$F$34
Name REPORTE: [9]Formulas!$F$33:$F$34
Name REPORTE: #REF!
Name REPORTE: #REF!
Name secores: '[2]Sectores y Programas'!$H$5:$I$34
Name SECTORES: [3]!SECTOR[#Data]
Name SI: [9]Formulas!$D$33:$D$34
Name SI: [9]Formulas!$D$33:$D$34
Name SI: #REF!
Name SI: #REF!
Name Vigencias: '[11]Datos Generales'!$H$38:$H$45
Name Vigencias: '[11]Datos Generales'!$H$38:$H$45

Sheet Detallado del Gasto 2025-1
A1: (1) ESTRUCTURA PLAN DE ACCIÓN INSTITUCIONAL 2024 - 2027 | B1: RECURSOS APROPIADOS TOTALES | C1: SOBRETASA AMBIENTAL -VIGENCIA ACTUAL | G1: Mayores ingresos no aforados de la vigencia Anterior - Sobretasa Ambiental Urbano | K1: Mayores ingresos no aforados de la vigencia Anterior - Intereses de mora multas y sanciones | O1: Mayores ingresos no aforados de la vigencia Anterior - Multas ambientales | S1: Mayores ingresos no aforados de la vigencia Anterior - Seguimiento de licencias y trámites ambientales | W1: Mayores ingresos no aforados de la vigencia Anterior - Evaluación de licencias y trámites ambientales | AA1: Mayores ingresos no aforados de la vigencia Anterior - Rendimientos Financieros | AE1: Mayores ingresos no aforados de la vigencia Anterior - Tasa por el Uso del Agua | AI1: Mayores ingresos no aforados de la vigencia Anterior - Tasa Retributiva | AM1: Tasa por aprovechamiento forestal | AQ1: DEPOSITO VIGENCIA ACTUAL | AU1: Contribución sector eléctrico - Generadores de energía convencional - Vigencia Actual | AY1: Tasa por el uso del agua | BC1: SPGR ASIGNACIONES DIRECTAS | BG1: Tasa retributiva | BK1: Servicios prestados a las empresas y servicios de producción - Vigencia Actual | BO1: Multas ambientales - Vigencia Anterior | BS1: Intereses de mora | BW1: APORTE FONDO DE COMPENSACIONES AMBIENTAL - FCA - VIGENCIA ACTUAL | CA1: APORTES DEL SISTEMA GENERAL DE PARTICIPACION - VIGENCIA ACTUAL | CE1: APORTES INVERSION FONDO NACIONAL AMBIENTAL - VIGENCIA ACTUAL | CI1: Evaluación de licencias y trámites ambientales - Vigencia Actual | CM1: De otras entidades del gobierno general | CQ1: Depósitos - Tasa de Aprovechamiento Forestal | CU1: Depósitos - Tasa por el Uso del Agua | CY1: Depósitos - Seguimiento de licencias y trámites ambientales | DC1: Depósitos - Evaluación de licencias y trámites ambientales | DG1: Depósitos - Tasa Retributiva | DK1: Depósitos - Contribución sector eléctrico - Generadores de energía convencional | DO1: Salvoconducto Único Nacional - Vigencia Actual | DS1: Seguimiento a licencias y trámites ambientales | DW1: TOTAL RECURSOS (7) | EA1: OBSERVACIONES (8)
B2: 2025 | C2: APROPIACIÓN | D2: COMPROMISOS | E2: OBLIGACIONES | F2: PAGOS | G2: APROPIACIÓN | H2: COMPROMISOS | I2: OBLIGACIONES | J2: PAGOS | K2: APROPIACIÓN | L2: COMPROMISOS | M2: OBLIGACIONES | N2: PAGOS | O2: APROPIACIÓN | P2: COMPROMISOS | Q2: OBLIGACIONES | R2: PAGOS | S2: APROPIACIÓN | T2: COMPROMISOS | U2: OBLIGACIONES | V2: PAGOS | W2: APROPIACIÓN | X2: COMPROMISOS | Y2: OBLIGACIONES | Z2: PAGOS | AA2: APROPIACIÓN | AB2: COMPROMISOS | AC2: OBLIGACIONES | AD2: PAGOS | AE2: APROPIACIÓN | AF2: COMPROMISOS | AG2: OBLIGACIONES | AH2: PAGOS | AI2: APROPIACIÓN | AJ2: COMPROMISOS | AK2: OBLIGACIONES | AL2: PAGOS | AM2: APROPIACIÓN | AN2: COMPROMISOS | AO2: OBLIGACIONES | AP2: PAGOS | AQ2: APROPIACIÓN | AR2: COMPROMISOS | AS2: OBLIGACIONES | AT2: PAGOS | AU2: APROPIACIÓN | AV2: COMPROMISOS | AW2: OBLIGACIONES | AX2: PAGOS | AY2: APROPIACIÓN | AZ2: COMPROMISOS | BA2: OBLIGACIONES | BB2: PAGOS | BC2: APROPIACIÓN | BD2: COMPROMISOS | BE2: OBLIGACIONES | BF2: PAGOS | BG2: APROPIACIÓN | BH2: COMPROMISOS | BI2: OBLIGACIONES | BJ2: PAGOS | BK2: APROPIACIÓN | BL2: COMPROMISOS | BM2: OBLIGACIONES | BN2: PAGOS | BO2: APROPIACIÓN | BP2: COMPROMISOS | BQ2: OBLIGACIONES | BR2: PAGOS | BS2: APROPIACIÓN | BT2: COMPROMISOS | BU2: OBLIGACIONES | BV2: PAGOS | BW2: APROPIACIÓN | BX2: COMPROMISOS | BY2: OBLIGACIONES | BZ2: PAGOS | CA2: APROPIACIÓN | CB2: COMPROMISOS | CC2: OBLIGACIONES | CD2: PAGOS | CE2: APROPIACIÓN | CF2: COMPROMISOS | CG2: OBLIGACIONES | CH2: PAGOS | CI2: APROPIACIÓN | CJ2: COMPROMISOS | CK2: OBLIGACIONES | CL2: PAGOS | CM2: APROPIACIÓN | CN2: COMPROMISOS | CO2: OBLIGACIONES | CP2: PAGOS | CQ2: APROPIACIÓN | CR2: COMPROMISOS | CS2: OBLIGACIONES | CT2: PAGOS | CU2: APROPIACIÓN | CV2: COMPROMISOS | CW2: OBLIGACIONES | CX2: PAGOS | CY2: APROPIACIÓN | CZ2: COMPROMISOS | DA2: OBLIGACIONES | DB2: PAGOS | DC2: APROPIACIÓN | DD2: COMPROMISOS | DE2: OBLIGACIONES | DF2: PAGOS | DG2: APROPIACIÓN | DH2: COMPROMISOS | DI2: OBLIGACIONES | DJ2: PAGOS | DK2: APROPIACIÓN | DL2: COMPROMISOS | DM2: OBLIGACIONES | DN2: PAGOS | DO2: APROPIACIÓN | DP2: COMPROMISOS | DQ2: OBLIGACIONES | DR2: PAGOS | DS2: APROPIACIÓN | DT2: COMPROMISOS | DU2: OBLIGACIONES | DV2: PAGOS | DW2: APROPIACIÓN | DX2: COMPROMISOS | DY2: OBLIGACIONES | DZ2: PAGOS
A3: LINEA ESTRATEGICA 4. GESTIÓN PARA LA PRODUCCIÓN SOSTENIBLE | B3: =+B4+B13 -> 1.6127489e+10 | C3: =+C4+C13 -> 1600000000 | D3: =+D4+D13 -> 1.0674882e+09 | E3: =+E4+E13 -> 7.1057526e+08 | F3: =+F4+F13 -> 6.8102647e+08 | G3: =+G4+G13 -> 863000000 | H3: =+H4+H13 -> 330000000 | I3: =+I4+I13 -> 0 | ... DV3: =+DV4+DV13 -> 0 | DW3: =+C3+G3+K3+O3+S3+W3+AA3+AE3+AI3+AM3+AQ3+AU3+AY3+BC3+BG3+BK3+BO3+BS3+BW3+CA3+CE3+CI3+CM3+CQ3+CU3+CY3+DC3+DG3+DK3+DO3+DS3 -> 1.6127489e+10 | DX3: =+D3+H3+L3+P3+T3+X3+AB3+AF3+AJ3+AN3+AR3+AV3+AZ3+BD3+BH3+BL3+BP3+BT3+BX3+CB3+CF3+CJ3+CN3+CR3+CV3+CZ3+DD3+DH3+DL3+DP3+DT3 -> 1.481916e+10 | DY3: =+E3+I3+M3+Q3+U3+Y3+AC3+AG3+AK3+AO3+AS3+AW3+BA3+BE3+BI3+BM3+BQ3+BU3+BY3+CC3+CG3+CK3+CO3+CS3+CW3+DA3+DE3+DI3+DM3+DQ3+DU3 -> 2.3814781e+09 | DZ3: =+F3+J3+N3+R3+V3+Z3+AD3+AH3+AL3+AP3+AT3+AX3+BB3+BF3+BJ3+BN3+BR3+BV3+BZ3+CD3+CH3+CL3+CP3+CT3+CX3+DB3+DF3+DJ3+DN3+DR3+DV3 -> 2.3519293e+09
A4: PROGRAMA 1. (3201): FORTALECIMIENTO DEL DESEMPEÑO AMBIENTAL DE LOS SECTORES PRODUCTIVOS | B4: =+B5+B9 -> 5.3276883e+09 | C4: =+C5+C9 -> 1000000000 | D4: =+D5+D9 -> 6.964656e+08 | E4: =+E5+E9 -> 3.9115191e+08 | F4: =+F5+F9 -> 3.7001288e+08 | G4: =+G5+G9 -> 143000000 | H4: =+H5+H9 -> 30000000 | I4: =+I5+I9 -> 0 | ... DV4: =+DV5+DV9 -> 0 | DW4: =+C4+G4+K4+O4+S4+W4+AA4+AE4+AI4+AM4+AQ4+AU4+AY4+BC4+BG4+BK4+BO4+BS4+BW4+CA4+CE4+CI4+CM4+CQ4+CU4+CY4+DC4+DG4+DK4+DO4+DS4 -> 5.3276883e+09 | DX4: =+D4+H4+L4+P4+T4+X4+AB4+AF4+AJ4+AN4+AR4+AV4+AZ4+BD4+BH4+BL4+BP4+BT4+BX4+CB4+CF4+CJ4+CN4+CR4+CV4+CZ4+DD4+DH4+DL4+DP4+DT4 -> 4.9111639e+09 | DY4: =+E4+I4+M4+Q4+U4+Y4+AC4+AG4+AK4+AO4+AS4+AW4+BA4+BE4+BI4+BM4+BQ4+BU4+BY4+CC4+CG4+CK4+CO4+CS4+CW4+DA4+DE4+DI4+DM4+DQ4+DU4 -> 1.7450873e+09 | DZ4: =+F4+J4+N4+R4+V4+Z4+AD4+AH4+AL4+AP4+AT4+AX4+BB4+BF4+BJ4+BN4+BR4+BV4+BZ4+CD4+CH4+CL4+CP4+CT4+CX4+DB4+DF4+DJ4+DN4+DR4+DV4 -> 1.7239482e+09
A5: PROYECTO 1.1. (3201.01). GESTIÓN E IMPLEMENTACIÓN DE ESTRATEGIAS PARA LA RECUPERACIÓN Y CONSERVACIÓN DE LA FLORA Y FAUNA EN EL DEPARTAMENTO DEL CESAR. | B5: =+SUM(B6:B8) -> 4.7626883e+09 | C5: =+SUM(C6:C8) -> 500000000 | D5: =+SUM(D6:D8) -> 2.4815507e+08 | E5: =+SUM(E6:E8) -> 134577581 | F5: =+SUM(F6:F8) -> 127161031 | G5: =+SUM(G6:G8) -> 78000000 | H5: =+SUM(H6:H8) -> 0 | I5: =+SUM(I6:I8) -> 0 | ... AP5: =+SUM(AP6:AP8) -> 0 | AQ5: =SUM(AQ6:AQ8) -> 0 | AR5: =SUM(AR6:AR8) -> 0 | AS5: =SUM(AS6:AS8) -> 0 | AT5: =SUM(AT6:AT8) -> 0 | AU5: =SUM(AU6:AU8) -> 0 | AV5: =SUM(AV6:AV8) -> 0 | AW5: =SUM(AW6:AW8) -> 0 | AX5: =SUM(AX6:AX8) -> 0 | ... DV5: =SUM(DV6:DV8) -> 0 | DW5: =+C5+G5+K5+O5+S5+W5+AA5+AE5+AI5+AM5+AQ5+AU5+AY5+BC5+BG5+BK5+BO5+BS5+BW5+CA5+CE5+CI5+CM5+CQ5+CU5+CY5+DC5+DG5+DK5+DO5+DS5 -> 4.7626883e+09 | DX5: =+D5+H5+L5+P5+T5+X5+AB5+AF5+AJ5+AN5+AR5+AV5+AZ5+BD5+BH5+BL5+BP5+BT5+BX5+CB5+CF5+CJ5+CN5+CR5+CV5+CZ5+DD5+DH5+DL5+DP5+DT5 -> 4.4328534e+09 | DY5: =+E5+I5+M5+Q5+U5+Y5+AC5+AG5+AK5+AO5+AS5+AW5+BA5+BE5+BI5+BM5+BQ5+BU5+BY5+CC5+CG5+CK5+CO5+CS5+CW5+DA5+DE5+DI5+DM5+DQ5+DU5 -> 1488512937 | DZ5: =+F5+J5+N5+R5+V5+Z5+AD5+AH5+AL5+AP5+AT5+AX5+BB5+BF5+BJ5+BN5+BR5+BV5+BZ5+CD5+CH5+CL5+CP5+CT5+CX5+DB5+DF5+DJ5+DN5+DR5+DV5 -> 1.4810964e+09 | EA5: =+SUM(DW6:DW8)-DW5 -> 0 | EB5: =+DW5-B5 -> 0
A6: ACT. 1.1.1. (3201.01.03). GESTIÓN DE SISTEMAS BAJO ESQUEMAS DE PSA E INCENTIVOS A LA CONSERVACIÓN: FORTALECIMIENTO DE CAPACIDADES (INSTRUMENTACIÓN JURÍDICA, GESTIÓN Y ARTICULACIÓN INSTITUCIONAL, EVALUACIÓN Y SEGUIMIENTO, Y SOSTENIBILIDAD FINANCIERA. IMPLEMENTACIÓN DEL BANCO DE PROYECTOS DE PSA DINAMIZACIÓN EL REGISTRO ÚNICO DE ECOSISTEMAS Y ÁREAS AMBIENTALES (REAA). | B6: =DW5 -> 4.7626883e+09 | C6: =500000000/3 -> 1.6666667e+08 | D6: =248155066.76/3 -> 82718356 | E6: =134577581/3 -> 44859194 | F6: =127161031/3 -> 42387010 | G6: =78000000/3 -> 26000000 | H6: 0 | I6: 0 | J6: 0 | K6: 0 | L6: 0 | M6: 0 | N6: 0 | O6: 0 | P6: 0 | Q6: 0 | R6: 0 | S6: 0 | T6: 0 | U6: 0 | V6: 0 | W6: 0 | X6: 0 | Y6: 0 | Z6: 0 | AA6: 0 | AB6: 0 | AC6: 0 | AD6: 0 | AE6: 0 | AF6: 0 | AG6: 0 | AH6: 0 | AI6: 0 | AJ6: 0 | AK6: 0 | AL6: 0 | AM6: 0 | AN6: 0 | AO6: 0 | AP6: 0 | AQ6: 0 | AR6: 0 | AS6: 0 | AT6: 0 | AU6: 0 | AV6: 0 | AW6: 0 | AX6: 0 | AY6: 0 | AZ6: 0 | BA6: 0 | BB6: 0 | BC6: =180582509.44+2012729780+1991376029.2 -> 4.1846883e+09 | BD6: =180592509.44+2012729780+1991376029.2 -> 4.1846983e+09 | BE6: =180592509.44+494353346.64+678989499.92 -> 1353935356 | BF6: =180592509+494353346.64+678989499.92 -> 1.3539354e+09 | BG6: 0 | BH6: 0 | BI6: 0 | BJ6: 0 | BK6: 0 | BL6: 0 | BM6: 0 | BN6: 0 | BO6: 0 | BP6: 0 | BQ6: 0 | BR6: 0 | BS6: 0 | BT6: 0 | BU6: 0 | BV6: 0 | BW6: 0 | BX6: 0 | BY6: 0 | BZ6: 0 | CA6: 0 | CB6: 0 | CC6: 0 | CD6: 0 | CE6: 0 | CF6: 0 | CG6: 0 | CH6: 0 | CI6: 0 | CJ6: 0 | CK6: 0 | CL6: 0 | CM6: 0 | CN6: 0 | CO6: 0 | CP6: 0 | CQ6: 0 | CR6: 0 | CS6: 0 | CT6: 0 | CU6: 0 | CV6: 0 | CW6: 0 | CX6: 0 | CY6: 0 | CZ6: 0 | DA6: 0 | DB6: 0 | DC6: 0 | DD6: 0 | DE6: 0 | DF6: 0 | DG6: 0 | DH6: 0 | DI6: 0 | DJ6: 0 | DK6: 0 | DL6: 0 | DM6: 0 | DN6: 0 | DO6: 0 | DP6: 0 | DQ6: 0 | DR6: 0 | DS6: 0 | DT6: 0 | DU6: 0 | DV6: 0 | DW6: =+C6+G6+K6+O6+S6+W6+AA6+AE6+AI6+AM6+AQ6+AU6+AY6+BC6+BG6+BK6+BO6+BS6+BW6+CA6+CE6+CI6+CM6+CQ6+CU6+CY6+DC6+DG6+DK6+DO6+DS6 -> 4.377355e+09 | DX6: =+D6+H6+L6+P6+T6+X6+AB6+AF6+AJ6+AN6+AR6+AV6+AZ6+BD6+BH6+BL6+BP6+BT6+BX6+CB6+CF6+CJ6+CN6+CR6+CV6+CZ6+DD6+DH6+DL6+DP6+DT6 -> 4.2674167e+09 | DY6: =+E6+I6+M6+Q6+U6+Y6+AC6+AG6+AK6+AO6+AS6+AW6+BA6+BE6+BI6+BM6+BQ6+BU6+BY6+CC6+CG6+CK6+CO6+CS6+CW6+DA6+DE6+DI6+DM6+DQ6+DU6 -> 1.3987945e+09 | DZ6: =+F6+J6+N6+R6+V6+Z6+AD6+AH6+AL6+AP6+AT6+AX6+BB6+BF6+BJ6+BN6+BR6+BV6+BZ6+CD6+CH6+CL6+CP6+CT6+CX6+DB6+DF6+DJ6+DN6+DR6+DV6 -> 1.3963224e+09
A7: ACT. 1.1.2 (3201.01.04) IMPLEMENTACIÓN DE ESTRATEGIA ENFOCADA A LA BIOECONOMÍA PARA LA SOSTENIBILIDAD PRODUCTIVA EN EL USO DE LOS RECURSOS NATURALES PARA LA CONSERVACIÓN DE ECOSISTEMAS ESTRATÉGICOS PRIORIZADOS EN ACUERDOS DE MESAS SUBREGIONALES. EN ARMONÍA CON EL PROYECTO 1.2. | C7: =500000000/3 -> 1.6666667e+08 | D7: =248155066.76/3 -> 82718356 | E7: =134577581/3 -> 44859194 | F7: =127161031/3 -> 42387010 | G7: =78000000/3 -> 26000000 | H7: 0 | I7: 0 | J7: 0 | K7: 0 | L7: 0 | M7: 0 | N7: 0 | O7: 0 | P7: 0 | Q7: 0 | R7: 0 | S7: 0 | T7: 0 | U7: 0 | V7: 0 | W7: 0 | X7: 0 | Y7: 0 | Z7: 0 | AA7: 0 | AB7: 0 | AC7: 0 | AD7: 0 | AE7: 0 | AF7: 0 | AG7: 0 | AH7: 0 | AI7: 0 | AJ7: 0 | AK7: 0 | AL7: 0 | AM7: 0 | AN7: 0 | AO7: 0 | AP7: 0 | AQ7: 0 | AR7: 0 | AS7: 0 | AT7: 0 | AU7: 0 | AV7: 0 | AW7: 0 | AX7: 0 | AY7: 0 | AZ7: 0 | BA7: 0 | BB7: 0 | BG7: 0 | BH7: 0 | BI7: 0 | BJ7: 0 | BK7: 0 | BL7: 0 | BM7: 0 | BN7: 0 | BO7: 0 | BP7: 0 | BQ7: 0 | BR7: 0 | BS7: 0 | BT7: 0 | BU7: 0 | BV7: 0 | BW7: 0 | BX7: 0 | BY7: 0 | BZ7: 0 | CA7: 0 | CB7: 0 | CC7: 0 | CD7: 0 | CE7: 0 | CF7: 0 | CG7: 0 | CH7: 0 | CI7: 0 | CJ7: 0 | CK7: 0 | CL7: 0 | CM7: 0 | CN7: 0 | CO7: 0 | CP7: 0 | CQ7: 0 | CR7: 0 | CS7: 0 | CT7: 0 | CU7: 0 | CV7: 0 | CW7: 0 | CX7: 0 | CY7: 0 | CZ7: 0 | DA7: 0 | DB7: 0 | DC7: 0 | DD7: 0 | DE7: 0 | DF7: 0 | DG7: 0 | DH7: 0 | DI7: 0 | DJ7: 0 | DK7: 0 | DL7: 0 | DM7: 0 | DN7: 0 | DO7: 0 | DP7: 0 | DQ7: 0 | DR7: 0 | DS7: 0 | DT7: 0 | DU7: 0 | DV7: 0 | DW7: =+C7+G7+K7+O7+S7+W7+AA7+AE7+AI7+AM7+AQ7+AU7+AY7+BC7+BG7+BK7+BO7+BS7+BW7+CA7+CE7+CI7+CM7+CQ7+CU7+CY7+DC7+DG7+DK7+DO7+DS7 -> 1.9266667e+08 | DX7: =+D7+H7+L7+P7+T7+X7+AB7+AF7+AJ7+AN7+AR7+AV7+AZ7+BD7+BH7+BL7+BP7+BT7+BX7+CB7+CF7+CJ7+CN7+CR7+CV7+CZ7+DD7+DH7+DL7+DP7+DT7 -> 82718356 | DY7: =+E7+I7+M7+Q7+U7+Y7+AC7+AG7+AK7+AO7+AS7+AW7+BA7+BE7+BI7+BM7+BQ7+BU7+BY7+CC7+CG7+CK7+CO7+CS7+CW7+DA7+DE7+DI7+DM7+DQ7+DU7 -> 44859194 | DZ7: =+F7+J7+N7+R7+V7+Z7+AD7+AH7+AL7+AP7+AT7+AX7+BB7+BF7+BJ7+BN7+BR7+BV7+BZ7+CD7+CH7+CL7+CP7+CT7+CX7+DB7+DF7+DJ7+DN7+DR7+DV7 -> 42387010
A8: ACT. 1.1.3 (3201.01.07). FORTALECIMIENTO DE LAS VENTANILLAS DE NEGOCIOS VERDES Y ARTICULACIÓN CON LOS INCENTIVOS EXISTENTES. (INCLUYE NUEVOS INCENTIVOS CONCERTAOS EN MESAS SUBREGIONALES. 2024). | C8: =500000000/3 -> 1.6666667e+08 | D8: =248155066.76/3 -> 82718356 | E8: =134577581/3 -> 44859194 | F8: =127161031/3 -> 42387010 | G8: =78000000/3 -> 26000000 | H8: 0 | I8: 0 | J8: 0 | K8: 0 | L8: 0 | M8: 0 | N8: 0 | O8: 0 | P8: 0 | Q8: 0 | R8: 0 | S8: 0 | T8: 0 | U8: 0 | V8: 0 | W8: 0 | X8: 0 | Y8: 0 | Z8: 0 | AA8: 0 | AB8: 0 | AC8: 0 | AD8: 0 | AE8: 0 | AF8: 0 | AG8: 0 | AH8: 0 | AI8: 0 | AJ8: 0 | AK8: 0 | AL8: 0 | AM8: 0 | AN8: 0 | AO8: 0 | AP8: 0 | AQ8: 0 | AR8: 0 | AS8: 0 | AT8: 0 | AU8: 0 | AV8: 0 | AW8: 0 | AX8: 0 | AY8: 0 | AZ8: 0 | BA8: 0 | BB8: 0 | BC8: 0 | BD8: 0 | BE8: 0 | BF8: 0 | BG8: 0 | BH8: 0 | BI8: 0 | BJ8: 0 | BK8: 0 | BL8: 0 | BM8: 0 | BN8: 0 | BO8: 0 | BP8: 0 | BQ8: 0 | BR8: 0 | BS8: 0 | BT8: 0 | BU8: 0 | BV8: 0 | BW8: 0 | BX8: 0 | BY8: 0 | BZ8: 0 | CA8: 0 | CB8: 0 | CC8: 0 | CD8: 0 | CE8: 0 | CF8: 0 | CG8: 0 | CH8: 0 | CI8: 0 | CJ8: 0 | CK8: 0 | CL8: 0 | CM8: 0 | CN8: 0 | CO8: 0 | CP8: 0 | CQ8: 0 | CR8: 0 | CS8: 0 | CT8: 0 | CU8: 0 | CV8: 0 | CW8: 0 | CX8: 0 | CY8: 0 | CZ8: 0 | DA8: 0 | DB8: 0 | DC8: 0 | DD8: 0 | DE8: 0 | DF8: 0 | DG8: 0 | DH8: 0 | DI8: 0 | DJ8: 0 | DK8: 0 | DL8: 0 | DM8: 0 | DN8: 0 | DO8: 0 | DP8: 0 | DQ8: 0 | DR8: 0 | DS8: 0 | DT8: 0 | DU8: 0 | DV8: 0 | DW8: =+C8+G8+K8+O8+S8+W8+AA8+AE8+AI8+AM8+AQ8+AU8+AY8+BC8+BG8+BK8+BO8+BS8+BW8+CA8+CE8+CI8+CM8+CQ8+CU8+CY8+DC8+DG8+DK8+DO8+DS8 -> 1.9266667e+08 | DX8: =+D8+H8+L8+P8+T8+X8+AB8+AF8+AJ8+AN8+AR8+AV8+AZ8+BD8+BH8+BL8+BP8+BT8+BX8+CB8+CF8+CJ8+CN8+CR8+CV8+CZ8+DD8+DH8+DL8+DP8+DT8 -> 82718356 | DY8: =+E8+I8+M8+Q8+U8+Y8+AC8+AG8+AK8+AO8+AS8+AW8+BA8+BE8+BI8+BM8+BQ8+BU8+BY8+CC8+CG8+CK8+CO8+CS8+CW8+DA8+DE8+DI8+DM8+DQ8+DU8 -> 44859194 | DZ8: =+F8+J8+N8+R8+V8+Z8+AD8+AH8+AL8+AP8+AT8+AX8+BB8+BF8+BJ8+BN8+BR8+BV8+BZ8+CD8+CH8+CL8+CP8+CT8+CX8+DB8+DF8+DJ8+DN8+DR8+DV8 -> 42387010 | EA8: =+SUM(DW6:DW8)-B6 -> 0
A9: PROYECTO1.2 (3201.03). GESTIÓN Y APOYO REGIONAL A LA IMPLEMENTACIÓN DE LA ESTRATEGIA NACIONAL DE ECONOMÍA CIRCULAR Y ECONOMÍA AMBIENTAL PARA LA PRODUCCIÓN SOSTENIBLE, ARTICULADO A LAS APUESTAS DEL PROYECTO 2.1 | B9: =SUM(B10:B12) -> 565000000 | C9: =SUM(C10:C12) -> 500000000 | D9: =SUM(D10:D12) -> 4.4831054e+08 | E9: =SUM(E10:E12) -> 2.5657433e+08 | F9: =SUM(F10:F12) -> 2.4285185e+08 | G9: =SUM(G10:G12) -> 65000000 | H9: =SUM(H10:H12) -> 30000000 | I9: =SUM(I10:I12) -> 0 | ... DV9: =SUM(DV10:DV12) -> 0 | DW9: =+C9+G9+K9+O9+S9+W9+AA9+AE9+AI9+AM9+AQ9+AU9+AY9+BC9+BG9+BK9+BO9+BS9+BW9+CA9+CE9+CI9+CM9+CQ9+CU9+CY9+DC9+DG9+DK9+DO9+DS9 -> 565000000 | DX9: =+D9+H9+L9+P9+T9+X9+AB9+AF9+AJ9+AN9+AR9+AV9+AZ9+BD9+BH9+BL9+BP9+BT9+BX9+CB9+CF9+CJ9+CN9+CR9+CV9+CZ9+DD9+DH9+DL9+DP9+DT9 -> 4.7831054e+08 | DY9: =+E9+I9+M9+Q9+U9+Y9+AC9+AG9+AK9+AO9+AS9+AW9+BA9+BE9+BI9+BM9+BQ9+BU9+BY9+CC9+CG9+CK9+CO9+CS9+CW9+DA9+DE9+DI9+DM9+DQ9+DU9 -> 2.5657433e+08 | DZ9: =+F9+J9+N9+R9+V9+Z9+AD9+AH9+AL9+AP9+AT9+AX9+BB9+BF9+BJ9+BN9+BR9+BV9+BZ9+CD9+CH9+CL9+CP9+CT9+CX9+DB9+DF9+DJ9+DN9+DR9+DV9 -> 2.4285185e+08 | EA9: =+SUM(DW10:DW12)-DW9 -> 0 | EB9: =+DW9-B9 -> 0
A10: ACT. 1.2.1 (3201001). DOCUMENTOS DE POLÍTICA PARA EL FORTALECIMIENTO DEL DESEMPEÑO AMBIENTAL DE LOS SECTORES PRODUCTIVOS (INCLUYE AGENDAS DE TRABAJO ENFOCADAS A ECONOMÍA CIRCULAR, COMO ELEMENTOS INFLUYENTES EN LA DESCARBONIZACIÓN DE LA ECONOMÍA, PRINCIPALMENTE EN LOS SECTORES DE AGRICULTURA, MANUFACTURA Y TURISMO. | B10: =DW9 -> 565000000 | C10: 1.6666667e+08 | D10: =448310535.88/3 -> 1.4943685e+08 | E10: =256574327.58/3 -> 85524776 | F10: =242851847.58/3 -> 80950616 | G10: =65000000/3 -> 21666667 | H10: =30000000/3 -> 10000000 | I10: 0 | J10: 0 | K10: 0 | L10: 0 | M10: 0 | N10: 0 | O10: 0 | P10: 0 | Q10: 0 | R10: 0 | S10: 0 | T10: 0 | U10: 0 | V10: 0 | W10: 0 | X10: 0 | Y10: 0 | Z10: 0 | AA10: 0 | AB10: 0 | AC10: 0 | AD10: 0 | AE10: 0 | AF10: 0 | AG10: 0 | AH10: 0 | AI10: 0 | AJ10: 0 | AK10: 0 | AL10: 0 | AM10: 0 | AN10: 0 | AO10: 0 | AP10: 0 | AQ10: 0 | AR10: 0 | AS10: 0 | AT10: 0 | AU10: 0 | AV10: 0 | AW10: 0 | AX10: 0 | AY10: 0 | AZ10: 0 | BA10: 0 | BB10: 0 | BC10: 0 | BD10: 0 | BE10: 0 | BF10: 0 | BG10: 0 | BH10: 0 | BI10: 0 | BJ10: 0 | BK10: 0 | BL10: 0 | BM10: 0 | BN10: 0 | BO10: 0 | BP10: 0 | BQ10: 0 | BR10: 0 | BS10: 0 | BT10: 0 | BU10: 0 | BV10: 0 | BW10: 0 | BX10: 0 | BY10: 0 | BZ10: 0 | CA10: 0 | CB10: 0 | CC10: 0 | CD10: 0 | CE10: 0 | CF10: 0 | CG10: 0 | CH10: 0 | CI10: 0 | CJ10: 0 | CK10: 0 | CL10: 0 | CM10: 0 | CN10: 0 | CO10: 0 | CP10: 0 | CQ10: 0 | CR10: 0 | CS10: 0 | CT10: 0 | CU10: 0 | CV10: 0 | CW10: 0 | CX10: 0 | CY10: 0 | CZ10: 0 | DA10: 0 | DB10: 0 | DC10: 0 | DD10: 0 | DE10: 0 | DF10: 0 | DG10: 0 | DH10: 0 | DI10: 0 | DJ10: 0 | DK10: 0 | DL10: 0 | DM10: 0 | DN10: 0 | DO10: 0 | DP10: 0 | DQ10: 0 | DR10: 0 | DS10: 0 | DT10: 0 | DU10: 0 | DV10: 0 | DW10: =+C10+G10+K10+O10+S10+W10+AA10+AE10+AI10+AM10+AQ10+AU10+AY10+BC10+BG10+BK10+BO10+BS10+BW10+CA10+CE10+CI10+CM10+CQ10+CU10+CY10+DC10+DG10+DK10+DO10+DS10 -> 1.8833333e+08 | DX10: =+D10+H10+L10+P10+T10+X10+AB10+AF10+AJ10+AN10+AR10+AV10+AZ10+BD10+BH10+BL10+BP10+BT10+BX10+CB10+CF10+CJ10+CN10+CR10+CV10+CZ10+DD10+DH10+DL10+DP10+DT10 -> 1.5943685e+08 | DY10: =+E10+I10+M10+Q10+U10+Y10+AC10+AG10+AK10+AO10+AS10+AW10+BA10+BE10+BI10+BM10+BQ10+BU10+BY10+CC10+CG10+CK10+CO10+CS10+CW10+DA10+DE10+DI10+DM10+DQ10+DU10 -> 85524776 | DZ10: =+F10+J10+N10+R10+V10+Z10+AD10+AH10+AL10+AP10+AT10+AX10+BB10+BF10+BJ10+BN10+BR10+BV10+BZ10+CD10+CH10+CL10+CP10+CT10+CX10+DB10+DF10+DJ10+DN10+DR10+DV10 -> 80950616
A11: ACT. 1.2.2 (3201.003): SERVICIO DE ASISTENCIA TÉCNICA PARA LA CONSOLIDACIÓN DE NEGOCIOS VERDES. PROMOVER MODELOS DE NEGOCIOS CON ENFOQUE EN ECONOMÍA CIRCULAR A TRAVÉS DE PROYECTOS DE CADENAS DE SUMINISTROS CIRCULARES, PLATAFORMAS COLABORATIVAS, MODELOS PARA EXTENDER LA VIDA ÚTIL DE LOS MATERIALES, RESPONSABILIDAD EXTENDIDA DEL PRODUCTOR, ENTRE OTROS, INCORPORANDO HABILITADORES COMO INCENTIVOS ECONÓMICOS Y NO ECONÓMICOS, GOBERNANZA, FINANCIAMIENTO, EMPLEOS VERDES E INNOVACIÓN TECNOLÓGICA. | C11: 1.6666667e+08 | D11: =448310535.88/3 -> 1.4943685e+08 | E11: =256574327.58/3 -> 85524776 | F11: =242851847.58/3 -> 80950616 | G11: =65000000/3 -> 21666667 | H11: =30000000/3 -> 10000000 | I11: 0 | J11: 0 | K11: 0 | L11: 0 | M11: 0 | N11: 0 | O11: 0 | P11: 0 | Q11: 0 | R11: 0 | S11: 0 | T11: 0 | U11: 0 | V11: 0 | W11: 0 | X11: 0 | Y11: 0 | Z11: 0 | AA11: 0 | AB11: 0 | AC11: 0 | AD11: 0 | AE11: 0 | AF11: 0 | AG11: 0 | AH11: 0 | AI11: 0 | AJ11: 0 | AK11: 0 | AL11: 0 | AM11: 0 | AN11: 0 | AO11: 0 | AP11: 0 | AQ11: 0 | AR11: 0 | AS11: 0 | AT11: 0 | AU11: 0 | AV11: 0 | AW11: 0 | AX11: 0 | AY11: 0 | AZ11: 0 | BA11: 0 | BB11: 0 | BC11: 0 | BD11: 0 | BE11: 0 | BF11: 0 | BG11: 0 | BH11: 0 | BI11: 0 | BJ11: 0 | BK11: 0 | BL11: 0 | BM11: 0 | BN11: 0 | BO11: 0 | BP11: 0 | BQ11: 0 | BR11: 0 | BS11: 0 | BT11: 0 | BU11: 0 | BV11: 0 | BW11: 0 | BX11: 0 | BY11: 0 | BZ11: 0 | CA11: 0 | CB11: 0 | CC11: 0 | CD11: 0 | CE11: 0 | CF11: 0 | CG11: 0 | CH11: 0 | CI11: 0 | CJ11: 0 | CK11: 0 | CL11: 0 | CM11: 0 | CN11: 0 | CO11: 0 | CP11: 0 | CQ11: 0 | CR11: 0 | CS11: 0 | CT11: 0 | CU11: 0 | CV11: 0 | CW11: 0 | CX11: 0 | CY11: 0 | CZ11: 0 | DA11: 0 | DB11: 0 | DC11: 0 | DD11: 0 | DE11: 0 | DF11: 0 | DG11: 0 | DH11: 0 | DI11: 0 | DJ11: 0 | DK11: 0 | DL11: 0 | DM11: 0 | DN11: 0 | DO11: 0 | DP11: 0 | DQ11: 0 | DR11: 0 | DS11: 0 | DT11: 0 | DU11: 0 | DV11: 0 | DW11: =+C11+G11+K11+O11+S11+W11+AA11+AE11+AI11+AM11+AQ11+AU11+AY11+BC11+BG11+BK11+BO11+BS11+BW11+CA11+CE11+CI11+CM11+CQ11+CU11+CY11+DC11+DG11+DK11+DO11+DS11 -> 1.8833333e+08 | DX11: =+D11+H11+L11+P11+T11+X11+AB11+AF11+AJ11+AN11+AR11+AV11+AZ11+BD11+BH11+BL11+BP11+BT11+BX11+CB11+CF11+CJ11+CN11+CR11+CV11+CZ11+DD11+DH11+DL11+DP11+DT11 -> 1.5943685e+08 | DY11: =+E11+I11+M11+Q11+U11+Y11+AC11+AG11+AK11+AO11+AS11+AW11+BA11+BE11+BI11+BM11+BQ11+BU11+BY11+CC11+CG11+CK11+CO11+CS11+CW11+DA11+DE11+DI11+DM11+DQ11+DU11 -> 85524776 | DZ11: =+F11+J11+N11+R11+V11+Z11+AD11+AH11+AL11+AP11+AT11+AX11+BB11+BF11+BJ11+BN11+BR11+BV11+BZ11+CD11+CH11+CL11+CP11+CT11+CX11+DB11+DF11+DJ11+DN11+DR11+DV11 -> 80950616
A12: ACT. 1.2.3. IMPLEMENTACIÓN DEL PROGRAMA INTEGRAL QUE PROMUEVA ACCIONES DE EDUCACIÓN AMBIENTAL, ECONOMÍA CIRCULAR Y NEGOCIOS VERDES EN EL MARCO DE LAS LOS CONOCIMIENTOS Y PRÁCTICAS TRADICIONALES DE LAS COMUNIDADES NEGRAS, AFROCOLOMBIANAS, RAIZALES Y PALENQUERAS. | C12: 1.6666667e+08 | D12: =448310535.88/3 -> 1.4943685e+08 | E12: =256574327.58/3 -> 85524776 | F12: =242851847.58/3 -> 80950616 | G12: =65000000/3 -> 21666667 | H12: =30000000/3 -> 10000000 | I12: 0 | J12: 0 | K12: 0 | L12: 0 | M12: 0 | N12: 0 | O12: 0 | P12: 0 | Q12: 0 | R12: 0 | S12: 0 | T12: 0 | U12: 0 | V12: 0 | W12: 0 | X12: 0 | Y12: 0 | Z12: 0 | AA12: 0 | AB12: 0 | AC12: 0 | AD12: 0 | AE12: 0 | AF12: 0 | AG12: 0 | AH12: 0 | AI12: 0 | AJ12: 0 | AK12: 0 | AL12: 0 | AM12: 0 | AN12: 0 | AO12: 0 | AP12: 0 | AQ12: 0 | AR12: 0 | AS12: 0 | AT12: 0 | AU12: 0 | AV12: 0 | AW12: 0 | AX12: 0 | AY12: 0 | AZ12: 0 | BA12: 0 | BB12: 0 | BC12: 0 | BD12: 0 | BE12: 0 | BF12: 0 | BG12: 0 | BH12: 0 | BI12: 0 | BJ12: 0 | BK12: 0 | BL12: 0 | BM12: 0 | BN12: 0 | BO12: 0 | BP12: 0 | BQ12: 0 | BR12: 0 | BS12: 0 | BT12: 0 | BU12: 0 | BV12: 0 | BW12: 0 | BX12: 0 | BY12: 0 | BZ12: 0 | CA12: 0 | CB12: 0 | CC12: 0 | CD12: 0 | CE12: 0 | CF12: 0 | CG12: 0 | CH12: 0 | CI12: 0 | CJ12: 0 | CK12: 0 | CL12: 0 | CM12: 0 | CN12: 0 | CO12: 0 | CP12: 0 | CQ12: 0 | CR12: 0 | CS12: 0 | CT12: 0 | CU12: 0 | CV12: 0 | CW12: 0 | CX12: 0 | CY12: 0 | CZ12: 0 | DA12: 0 | DB12: 0 | DC12: 0 | DD12: 0 | DE12: 0 | DF12: 0 | DG12: 0 | DH12: 0 | DI12: 0 | DJ12: 0 | DK12: 0 | DL12: 0 | DM12: 0 | DN12: 0 | DO12: 0 | DP12: 0 | DQ12: 0 | DR12: 0 | DS12: 0 | DT12: 0 | DU12: 0 | DV12: 0 | DW12: =+C12+G12+K12+O12+S12+W12+AA12+AE12+AI12+AM12+AQ12+AU12+AY12+BC12+BG12+BK12+BO12+BS12+BW12+CA12+CE12+CI12+CM12+CQ12+CU12+CY12+DC12+DG12+DK12+DO12+DS12 -> 1.8833333e+08 | DX12: =+D12+H12+L12+P12+T12+X12+AB12+AF12+AJ12+AN12+AR12+AV12+AZ12+BD12+BH12+BL12+BP12+BT12+BX12+CB12+CF12+CJ12+CN12+CR12+CV12+CZ12+DD12+DH12+DL12+DP12+DT12 -> 1.5943685e+08 | DY12: =+E12+I12+M12+Q12+U12+Y12+AC12+AG12+AK12+AO12+AS12+AW12+BA12+BE12+BI12+BM12+BQ12+BU12+BY12+CC12+CG12+CK12+CO12+CS12+CW12+DA12+DE12+DI12+DM12+DQ12+DU12 -> 85524776 | DZ12: =+F12+J12+N12+R12+V12+Z12+AD12+AH12+AL12+AP12+AT12+AX12+BB12+BF12+BJ12+BN12+BR12+BV12+BZ12+CD12+CH12+CL12+CP12+CT12+CX12+DB12+DF12+DJ12+DN12+DR12+DV12 -> 80950616 | EA12: =+SUM(DW10:DW12)-B10 -> 0
A13: PROGRAMA 2 (3206). GESTIÓN DEL CAMBIO CLIMÁTICO PARA UN DESARROLLO BAJO EN CARBONO Y RESILIENTE AL CLIMA. | B13: =+B14+B17 -> 1.0799801e+10 | C13: =+C14+C17 -> 600000000 | D13: =+D14+D17 -> 3.7102255e+08 | E13: =+E14+E17 -> 3.1942335e+08 | F13: =+F14+F17 -> 3.110136e+08 | G13: =+G14+G17 -> 720000000 | H13: =+H14+H17 -> 300000000 | I13: =+I14+I17 -> 0 | ... BS13: =+BS14+BS17 -> 0 | BW13: =+BW14+BW17 -> 0 | BX13: =+BX14+BX17 -> 0 | BY13: =+BY14+BY17 -> 0 | BZ13: =+BZ14+BZ17 -> 0 | CA13: =+CA14+CA17 -> 0 | CB13: =+CB14+CB17 -> 0 | CC13: =+CC14+CC17 -> 0 | CD13: =+CD14+CD17 -> 0 | ... DV13: =+DV14+DV17 -> 0 | DW13: =+C13+G13+K13+O13+S13+W13+AA13+AE13+AI13+AM13+AQ13+AU13+AY13+BC13+BG13+BK13+BO13+BS13+BW13+CA13+CE13+CI13+CM13+CQ13+CU13+CY13+DC13+DG13+DK13+DO13+DS13 -> 1.0799801e+10 | DX13: =+D13+H13+L13+P13+T13+X13+AB13+AF13+AJ13+AN13+AR13+AV13+AZ13+BD13+BH13+BL13+BP13+BT13+BX13+CB13+CF13+CJ13+CN13+CR13+CV13+CZ13+DD13+DH13+DL13+DP13+DT13 -> 9.9079962e+09 | DY13: =+E13+I13+M13+Q13+U13+Y13+AC13+AG13+AK13+AO13+AS13+AW13+BA13+BE13+BI13+BM13+BQ13+BU13+BY13+CC13+CG13+CK13+CO13+CS13+CW13+DA13+DE13+DI13+DM13+DQ13+DU13 -> 6.3639083e+08 | DZ13: =+F13+J13+N13+R13+V13+Z13+AD13+AH13+AL13+AP13+AT13+AX13+BB13+BF13+BJ13+BN13+BR13+BV13+BZ13+CD13+CH13+CL13+CP13+CT13+CX13+DB13+DF13+DJ13+DN13+DR13+DV13 -> 6.2798104e+08
A14: PROYECTO 2.1 (3206.03). SERVICIO DE APOYO TÉCNICO PARA LA IMPLEMENTACIÓN DE ACCIONES DE MITIGACIÓN Y ADAPTACIÓN AL CAMBIO CLIMÁTICO, A TRAVÉS DE LA PROMOCIÓN DE ALTERNATIVAS PARA LA EFICIENCIA DEL SECTOR ENERGÉTICO EN EL CESAR, EN ARMONÍA SISTÉMICA CON LA APUESTA DEL PROGRAMA 1. | B14: =SUM(B15:B16) -> 1020000000 | C14: =SUM(C15:C16) -> 300000000 | D14: =SUM(D15:D16) -> 1.7626861e+08 | E14: =SUM(E15:E16) -> 1.4636111e+08 | F14: =SUM(F15:F16) -> 1.4636111e+08 | G14: =SUM(G15:G16) -> 720000000 | H14: =SUM(H15:H16) -> 300000000 | I14: =SUM(I15:I16) -> 0 | ... BS14: =SUM(BS15:BS16) -> 0 | BW14: =SUM(BW15:BW16) -> 0 | BX14: =SUM(BX15:BX16) -> 0 | BY14: =SUM(BY15:BY16) -> 0 | BZ14: =SUM(BZ15:BZ16) -> 0 | CA14: =SUM(CA15:CA16) -> 0 | CB14: =SUM(CB15:CB16) -> 0 | CC14: =SUM(CC15:CC16) -> 0 | CD14: =SUM(CD15:CD16) -> 0 | ... DV14: =SUM(DV15:DV16) -> 0 | DW14: =+C14+G14+K14+O14+S14+W14+AA14+AE14+AI14+AM14+AQ14+AU14+AY14+BC14+BG14+BK14+BO14+BS14+BW14+CA14+CE14+CI14+CM14+CQ14+CU14+CY14+DC14+DG14+DK14+DO14+DS14 -> 1020000000 | DX14: =+D14+H14+L14+P14+T14+X14+AB14+AF14+AJ14+AN14+AR14+AV14+AZ14+BD14+BH14+BL14+BP14+BT14+BX14+CB14+CF14+CJ14+CN14+CR14+CV14+CZ14+DD14+DH14+DL14+DP14+DT14 -> 4.7626861e+08 | DY14: =+E14+I14+M14+Q14+U14+Y14+AC14+AG14+AK14+AO14+AS14+AW14+BA14+BE14+BI14+BM14+BQ14+BU14+BY14+CC14+CG14+CK14+CO14+CS14+CW14+DA14+DE14+DI14+DM14+DQ14+DU14 -> 1.4636111e+08 | DZ14: =+F14+J14+N14+R14+V14+Z14+AD14+AH14+AL14+AP14+AT14+AX14+BB14+BF14+BJ14+BN14+BR14+BV14+BZ14+CD14+CH14+CL14+CP14+CT14+CX14+DB14+DF14+DJ14+DN14+DR14+DV14 -> 1.4636111e+08 | EA14: =+SUM(DW15:DW16)-DW14 -> 0 | EB14: =+DW14-B14 -> 0
A15: ACT. 2.1.1 (3206.003.02). DOCUMENTOS TÉCNICOS DE PROPUESTAS DE ACCIONES DE MITIGACIÓN Y ADAPTACIÓN AL CAMBIO CLIMÁTICO EN FUNCIÓN DEL CUMPLIMIENTO DE METAS Y COMPROMISOS DE MITIGACIÓN Y DE ADAPTACIÓN DISEÑADOS. (IMPLEMENTACIÓN DE LAS AUDIENCIAS ENERGÉTICA, SEGÚN COMPETENCIA DE VIGILANCIA AMBIENTAL). INCLUYE CONTROL AMBIENTAL AL USO DE LOS RN Y USO RACIONAL DE LAS ENERGÍAS). GESTIÓN ANTE LOS REGULADORES DE LOS SECTORES AGUA Y ENERGÍA (CRA Y CREG) PARA PROMOVER EL URE Y LA VINCULACIÓN A LA GESTIÓN AMBIENTAL. | B15: =DW14 -> 1020000000 | C15: =300000000/2 -> 150000000 | D15: =176268606.82/2 -> 88134303 | E15: =146361106.82/2 -> 73180553 | F15: =146361106.82/2 -> 73180553 | G15: =720000000/2 -> 360000000 | H15: 300000000 | I15: 0 | J15: 0 | K15: 0 | L15: 0 | M15: 0 | N15: 0 | O15: 0 | P15: 0 | Q15: 0 | R15: 0 | S15: 0 | T15: 0 | U15: 0 | V15: 0 | W15: 0 | X15: 0 | Y15: 0 | Z15: 0 | AA15: 0 | AB15: 0 | AC15: 0 | AD15: 0 | AE15: 0 | AF15: 0 | AG15: 0 | AH15: 0 | AI15: 0 | AJ15: 0 | AK15: 0 | AL15: 0 | AM15: 0 | AN15: 0 | AO15: 0 | AP15: 0 | AQ15: 0 | AR15: 0 | AS15: 0 | AT15: 0 | AU15: 0 | AV15: 0 | AW15: 0 | AX15: 0 | AY15: 0 | AZ15: 0 | BA15: 0 | BB15: 0 | BC15: 0 | BD15: 0 | BE15: 0 | BF15: 0 | BG15: 0 | BH15: 0 | BI15: 0 | BJ15: 0 | BK15: 0 | BL15: 0 | BM15: 0 | BN15: 0 | BO15: 0 | BP15: 0 | BQ15: 0 | BR15: 0 | BW15: 0 | BX15: 0 | BY15: 0 | BZ15: 0 | CA15: 0 | CB15: 0 | CC15: 0 | CD15: 0 | CE15: 0 | CF15: 0 | CG15: 0 | CH15: 0 | CI15: 0 | CJ15: 0 | CK15: 0 | CL15: 0 | CM15: 0 | CN15: 0 | CO15: 0 | CP15: 0 | CQ15: 0 | CR15: 0 | CS15: 0 | CT15: 0 | CU15: 0 | CV15: 0 | CW15: 0 | CX15: 0 | CY15: 0 | CZ15: 0 | DA15: 0 | DB15: 0 | DC15: 0 | DD15: 0 | DE15: 0 | DF15: 0 | DG15: 0 | DH15: 0 | DI15: 0 | DJ15: 0 | DK15: 0 | DL15: 0 | DM15: 0 | DN15: 0 | DO15: 0 | DP15: 0 | DQ15: 0 | DR15: 0 | DS15: 0 | DT15: 0 | DU15: 0 | DV15: 0 | DW15: =+C15+G15+K15+O15+S15+W15+AA15+AE15+AI15+AM15+AQ15+AU15+AY15+BC15+BG15+BK15+BO15+BS15+BW15+CA15+CE15+CI15+CM15+CQ15+CU15+CY15+DC15+DG15+DK15+DO15+DS15 -> 510000000 | DX15: =+D15+H15+L15+P15+T15+X15+AB15+AF15+AJ15+AN15+AR15+AV15+AZ15+BD15+BH15+BL15+BP15+BT15+BX15+CB15+CF15+CJ15+CN15+CR15+CV15+CZ15+DD15+DH15+DL15+DP15+DT15 -> 3.881343e+08 | DY15: =+E15+I15+M15+Q15+U15+Y15+AC15+AG15+AK15+AO15+AS15+AW15+BA15+BE15+BI15+BM15+BQ15+BU15+BY15+CC15+CG15+CK15+CO15+CS15+CW15+DA15+DE15+DI15+DM15+DQ15+DU15 -> 73180553 | DZ15: =+F15+J15+N15+R15+V15+Z15+AD15+AH15+AL15+AP15+AT15+AX15+BB15+BF15+BJ15+BN15+BR15+BV15+BZ15+CD15+CH15+CL15+CP15+CT15+CX15+DB15+DF15+DJ15+DN15+DR15+DV15 -> 73180553
A16: ACT. 2.1.2. (3206.003.00). PILOTOS CON ACCIONES DE MITIGACIÓN Y ADAPTACIÓN AL CAMBIO CLIMÁTICO DESARROLLADOS INCLUYE, FORMULACIÓN E IMPLEMENTACIÓN DE INTERVENCIONES LOCALES ORIENTADAS A REDUCIR LAS EMISIONES DE GEI, AUMENTO DE SUMIDEROS DE CARBONO, REDUCCIÓN DE LA VULNERABILIDAD, Y AUMENTO DE LA RESILIENCIA A LA VARIABILIDAD Y AL CAMBIO CLIMÁTICO., APOYADA CON EL PROYECTO 6.2 (EDUCACIÓN AMBIENTAL). | C16: =300000000/2 -> 150000000 | D16: =176268606.82/2 -> 88134303 | E16: =146361106.82/2 -> 73180553 | F16: =146361106.82/2 -> 73180553 | G16: =720000000/2 -> 360000000 | H16: 0 | I16: 0 | J16: 0 | K16: 0 | L16: 0 | M16: 0 | N16: 0 | O16: 0 | P16: 0 | Q16: 0 | R16: 0 | S16: 0 | T16: 0 | U16: 0 | V16: 0 | W16: 0 | X16: 0 | Y16: 0 | Z16: 0 | AA16: 0 | AB16: 0 | AC16: 0 | AD16: 0 | AE16: 0 | AF16: 0 | AG16: 0 | AH16: 0 | AI16: 0 | AJ16: 0 | AK16: 0 | AL16: 0 | AM16: 0 | AN16: 0 | AO16: 0 | AP16: 0 | AQ16: 0 | AR16: 0 | AS16: 0 | AT16: 0 | AU16: 0 | AV16: 0 | AW16: 0 | AX16: 0 | AY16: 0 | AZ16: 0 | BA16: 0 | BB16: 0 | BC16: 0 | BD16: 0 | BE16: 0 | BF16: 0 | BG16: 0 | BH16: 0 | BI16: 0 | BJ16: 0 | BK16: 0 | BL16: 0 | BM16: 0 | BN16: 0 | BO16: 0 | BP16: 0 | BQ16: 0 | BR16: 0 | BW16: 0 | BX16: 0 | BY16: 0 | BZ16: 0 | CA16: 0 | CB16: 0 | CC16: 0 | CD16: 0 | CE16: 0 | CF16: 0 | CG16: 0 | CH16: 0 | CI16: 0 | CJ16: 0 | CK16: 0 | CL16: 0 | CM16: 0 | CN16: 0 | CO16: 0 | CP16: 0 | CQ16: 0 | CR16: 0 | CS16: 0 | CT16: 0 | CU16: 0 | CV16: 0 | CW16: 0 | CX16: 0 | CY16: 0 | CZ16: 0 | DA16: 0 | DB16: 0 | DC16: 0 | DD16: 0 | DE16: 0 | DF16: 0 | DG16: 0 | DH16: 0 | DI16: 0 | DJ16: 0 | DK16: 0 | DL16: 0 | DM16: 0 | DN16: 0 | DO16: 0 | DP16: 0 | DQ16: 0 | DR16: 0 | DS16: 0 | DT16: 0 | DU16: 0 | DV16: 0 | DW16: =+C16+G16+K16+O16+S16+W16+AA16+AE16+AI16+AM16+AQ16+AU16+AY16+BC16+BG16+BK16+BO16+BS16+BW16+CA16+CE16+CI16+CM16+CQ16+CU16+CY16+DC16+DG16+DK16+DO16+DS16 -> 510000000 | DX16: =+D16+H16+L16+P16+T16+X16+AB16+AF16+AJ16+AN16+AR16+AV16+AZ16+BD16+BH16+BL16+BP16+BT16+BX16+CB16+CF16+CJ16+CN16+CR16+CV16+CZ16+DD16+DH16+DL16+DP16+DT16 -> 88134303 | DY16: =+E16+I16+M16+Q16+U16+Y16+AC16+AG16+AK16+AO16+AS16+AW16+BA16+BE16+BI16+BM16+BQ16+BU16+BY16+CC16+CG16+CK16+CO16+CS16+CW16+DA16+DE16+DI16+DM16+DQ16+DU16 -> 73180553 | DZ16: =+F16+J16+N16+R16+V16+Z16+AD16+AH16+AL16+AP16+AT16+AX16+BB16+BF16+BJ16+BN16+BR16+BV16+BZ16+CD16+CH16+CL16+CP16+CT16+CX16+DB16+DF16+DJ16+DN16+DR16+DV16 -> 73180553 | EA16: =+SUM(DW15:DW16)-B15 -> 0
A17: PROYECTO 2.2 (3206.01). IMPLEMENTACIÓN Y EVALUACIÓN DE ACCIONES DEL PLAN INTEGRAL DE GESTIÓN DE CAMBIO CLIMÁTICO -PIGCC- TERRITORIAL DEL CESAR. | B17: =SUM(B18:B21) -> 9.7798009e+09 | C17: =SUM(C18:C21) -> 300000000 | D17: =SUM(D18:D21) -> 1.9475394e+08 | E17: =SUM(E18:E21) -> 1.7306224e+08 | F17: =SUM(F18:F21) -> 1.6465249e+08 | G17: =SUM(G19:G21) -> 0 | H17: =SUM(H19:H21) -> 0 | I17: =SUM(I19:I21) -> 0 | J17: =SUM(J19:J21) -> 0 | K17: =SUM(K19:K21) -> 0 | L17: =SUM(L19:L21) -> 0 | M17: =SUM(M19:M21) -> 0 | N17: =SUM(N19:N21) -> 0 | ... AL17: =SUM(AL19:AL21) -> 0 | AM17: =SUM(AM18:AM21) -> 0 | AN17: =SUM(AN18:AN21) -> 0 | AO17: =SUM(AO18:AO21) -> 0 | AP17: =SUM(AP18:AP21) -> 0 | AQ17: =SUM(AQ18:AQ21) -> 0 | AR17: =SUM(AR18:AR21) -> 0 | AS17: =SUM(AS18:AS21) -> 0 | AT17: =SUM(AT18:AT21) -> 0 | ... DV17: =SUM(DV18:DV21) -> 0 | DW17: =+C17+G17+K17+O17+S17+W17+AA17+AE17+AI17+AM17+AQ17+AU17+AY17+BC17+BG17+BK17+BO17+BS17+BW17+CA17+CE17+CI17+CM17+CQ17+CU17+CY17+DC17+DG17+DK17+DO17+DS17 -> 9.7798009e+09 | DX17: =+D17+H17+L17+P17+T17+X17+AB17+AF17+AJ17+AN17+AR17+AV17+AZ17+BD17+BH17+BL17+BP17+BT17+BX17+CB17+CF17+CJ17+CN17+CR17+CV17+CZ17+DD17+DH17+DL17+DP17+DT17 -> 9.4317276e+09 | DY17: =+E17+I17+M17+Q17+U17+Y17+AC17+AG17+AK17+AO17+AS17+AW17+BA17+BE17+BI17+BM17+BQ17+BU17+BY17+CC17+CG17+CK17+CO17+CS17+CW17+DA17+DE17+DI17+DM17+DQ17+DU17 -> 4.9002973e+08 | DZ17: =+F17+J17+N17+R17+V17+Z17+AD17+AH17+AL17+AP17+AT17+AX17+BB17+BF17+BJ17+BN17+BR17+BV17+BZ17+CD17+CH17+CL17+CP17+CT17+CX17+DB17+DF17+DJ17+DN17+DR17+DV17 -> 4.8161994e+08 | EA17: =+SUM(DW18:DW21)-DW17 -> 0 | EB17: =+DW17-B17 -> 0
A18: ACT. 2.2.1 (3206.01.01). GESTIÓN E IMPLEMENTACIÓN DE ESTRATEGIAS Y/O PROYECTOS DE MITIGACIÓN Y ADAPTACIÓN AL CAMBIO CLIMÁTICO, EN EL MARCO DE LOS PLANTEAMIENTOS DEL -PIGCC- CESAR, PRIORIZANDO LAS ACCIONES REALIZADAS CON EL PROYECTO 1.2 Y EL PROGRAMA 3202. | B18: =DW17 -> 9.7798009e+09 | C18: =300000000/4 -> 75000000 | D18: =194753940.87/4 -> 48688485 | E18: =173062239.97/4 -> 43265560 | F18: =164652489.1/4 -> 41163122 | G18: 0 | H18: 0 | I18: 0 | J18: 0 | K18: 0 | L18: 0 | M18: 0 | N18: 0 | O18: 0 | P18: 0 | Q18: 0 | R18: 0 | S18: 0 | T18: 0 | U18: 0 | V18: 0 | W18: 0 | X18: 0 | Y18: 0 | Z18: 0 | AA18: 0 | AB18: 0 | AC18: 0 | AD18: 0 | AE18: 0 | AF18: 0 | AG18: 0 | AH18: 0 | AI18: 0 | AJ18: 0 | AK18: 0 | AL18: 0 | AM18: 0 | AN18: 0 | AO18: 0 | AP18: 0 | AQ18: 0 | AR18: 0 | AS18: 0 | AT18: 0 | AU18: 0 | AV18: 0 | AW18: 0 | AX18: 0 | AY18: 0 | AZ18: 0 | BA18: 0 | BB18: 0 | BC18: 7.4468054e+09 | BD18: 7.4468054e+09 | BE18: 3.1696749e+08 | BF18: 3.1696745e+08 | BG18: 0 | BH18: 0 | BI18: 0 | BJ18: 0 | BK18: 0 | BL18: 0 | BM18: 0 | BN18: 0 | BO18: 0 | BP18: 0 | BQ18: 0 | BR18: 0 | BS18: 0 | BT18: 0 | BU18: 0 | BV18: 0 | BW18: 0 | BX18: 0 | BY18: 0 | BZ18: 0 | CA18: 0 | CB18: 0 | CC18: 0 | CD18: 0 | CE18: 0 | CF18: 0 | CG18: 0 | CH18: 0 | CI18: 0 | CJ18: 0 | CK18: 0 | CL18: 0 | CM18: 0 | CN18: 0 | CO18: 0 | CP18: 0 | CQ18: 0 | CR18: 0 | CS18: 0 | CT18: 0 | CU18: 0 | CV18: 0 | CW18: 0 | CX18: 0 | CY18: 0 | CZ18: 0 | DA18: 0 | DB18: 0 | DC18: 0 | DD18: 0 | DE18: 0 | DF18: 0 | DG18: 0 | DH18: 0 | DI18: 0 | DJ18: 0 | DK18: 0 | DL18: 0 | DM18: 0 | DN18: 0 | DO18: 0 | DP18: 0 | DQ18: 0 | DR18: 0 | DS18: 0 | DT18: 0 | DU18: 0 | DV18: 0 | DW18: =+C18+G18+K18+O18+S18+W18+AA18+AE18+AI18+AM18+AQ18+AU18+AY18+BC18+BG18+BK18+BO18+BS18+BW18+CA18+CE18+CI18+CM18+CQ18+CU18+CY18+DC18+DG18+DK18+DO18+DS18 -> 7.5218054e+09 | DX18: =+D18+H18+L18+P18+T18+X18+AB18+AF18+AJ18+AN18+AR18+AV18+AZ18+BD18+BH18+BL18+BP18+BT18+BX18+CB18+CF18+CJ18+CN18+CR18+CV18+CZ18+DD18+DH18+DL18+DP18+DT18 -> 7.4954939e+09 | DY18: =+E18+I18+M18+Q18+U18+Y18+AC18+AG18+AK18+AO18+AS18+AW18+BA18+BE18+BI18+BM18+BQ18+BU18+BY18+CC18+CG18+CK18+CO18+CS18+CW18+DA18+DE18+DI18+DM18+DQ18+DU18 -> 3.6023305e+08 | DZ18: =+F18+J18+N18+R18+V18+Z18+AD18+AH18+AL18+AP18+AT18+AX18+BB18+BF18+BJ18+BN18+BR18+BV18+BZ18+CD18+CH18+CL18+CP18+CT18+CX18+DB18+DF18+DJ18+DN18+DR18+DV18 -> 3.5813057e+08
A19: ACT. 2.2.2 (3206016). ESTUFA ECOEFICIENTE FIJA (INCLUYE LA CONSTRUCCIÓN E INSTALACIÓN DE ESTUFAS ARTESANALES FIJAS, QUE DISMINUYE EL CONSUMO DE LEÑA Y LA EMISIÓN DE GASES DE EFECTO INVERNADERO – GEI) | C19: =300000000/4 -> 75000000 | D19: =194753940.87/4 -> 48688485 | E19: =173062239.97/4 -> 43265560 | F19: =164652489.1/4 -> 41163122 | G19: 0 | H19: 0 | I19: 0 | J19: 0 | K19: 0 | L19: 0 | M19: 0 | N19: 0 | O19: 0 | P19: 0 | Q19: 0 | R19: 0 | S19: 0 | T19: 0 | U19: 0 | V19: 0 | W19: 0 | X19: 0 | Y19: 0 | Z19: 0 | AA19: 0 | AB19: 0 | AC19: 0 | AD19: 0 | AE19: 0 | AF19: 0 | AG19: 0 | AH19: 0 | AI19: 0 | AJ19: 0 | AK19: 0 | AL19: 0 | AM19: 0 | AN19: 0 | AO19: 0 | AP19: 0 | AQ19: 0 | AR19: 0 | AS19: 0 | AT19: 0 | AU19: 0 | AV19: 0 | AW19: 0 | AX19: 0 | AY19: 0 | AZ19: 0 | BA19: 0 | BB19: 0 | BC19: 2032995444 | BD19: 1790168238 | BG19: 0 | BH19: 0 | BI19: 0 | BJ19: 0 | BK19: 0 | BL19: 0 | BM19: 0 | BN19: 0 | BO19: 0 | BP19: 0 | BQ19: 0 | BR19: 0 | BS19: 0 | BT19: 0 | BU19: 0 | BV19: 0 | BW19: 0 | BX19: 0 | BY19: 0 | BZ19: 0 | CA19: 0 | CB19: 0 | CC19: 0 | CD19: 0 | CE19: 0 | CF19: 0 | CG19: 0 | CH19: 0 | CI19: 0 | CJ19: 0 | CK19: 0 | CL19: 0 | CM19: 0 | CN19: 0 | CO19: 0 | CP19: 0 | CQ19: 0 | CR19: 0 | CS19: 0 | CT19: 0 | CU19: 0 | CV19: 0 | CW19: 0 | CX19: 0 | CY19: 0 | CZ19: 0 | DA19: 0 | DB19: 0 | DC19: 0 | DD19: 0 | DE19: 0 | DF19: 0 | DG19: 0 | DH19: 0 | DI19: 0 | DJ19: 0 | DK19: 0 | DL19: 0 | DM19: 0 | DN19: 0 | DO19: 0 | DP19: 0 | DQ19: 0 | DR19: 0 | DS19: 0 | DT19: 0 | DU19: 0 | DV19: 0 | DW19: =+C19+G19+K19+O19+S19+W19+AA19+AE19+AI19+AM19+AQ19+AU19+AY19+BC19+BG19+BK19+BO19+BS19+BW19+CA19+CE19+CI19+CM19+CQ19+CU19+CY19+DC19+DG19+DK19+DO19+DS19 -> 2107995444 | DX19: =+D19+H19+L19+P19+T19+X19+AB19+AF19+AJ19+AN19+AR19+AV19+AZ19+BD19+BH19+BL19+BP19+BT19+BX19+CB19+CF19+CJ19+CN19+CR19+CV19+CZ19+DD19+DH19+DL19+DP19+DT19 -> 1.8388567e+09 | DY19: =+E19+I19+M19+Q19+U19+Y19+AC19+AG19+AK19+AO19+AS19+AW19+BA19+BE19+BI19+BM19+BQ19+BU19+BY19+CC19+CG19+CK19+CO19+CS19+CW19+DA19+DE19+DI19+DM19+DQ19+DU19 -> 43265560 | DZ19: =+F19+J19+N19+R19+V19+Z19+AD19+AH19+AL19+AP19+AT19+AX19+BB19+BF19+BJ19+BN19+BR19+BV19+BZ19+CD19+CH19+CL19+CP19+CT19+CX19+DB19+DF19+DJ19+DN19+DR19+DV19 -> 41163122
A20: ACT. 2.2.3. SERVICIOS DE INFORMACIÓN PARA EL SEGUIMIENTO A LOS COMPROMISOS EN CAMBIO CLIMÁTICO DE COLOMBIA. - INCLUYE TODAS LAS ACCIONES PROMOVIDAS POR EL GOBIERNO NACIONAL INTRA E INTERINSTITUCIONAL PARA INCIDIR CON CONSIDERACIONES DE CAMBIO CLIMÁTICO EN LOS INSTRUMENTOS DE PLANEACIÓN DE LOS SECTORES Y TERRITORIOS (INCLUYE SISTEMA MRV, SISCLIMA, ENTRE OTROS). | C20: =300000000/4 -> 75000000 | D20: =194753940.87/4 -> 48688485 | E20: =173062239.97/4 -> 43265560 | F20: =164652489.1/4 -> 41163122 | G20: 0 | H20: 0 | I20: 0 | J20: 0 | K20: 0 | L20: 0 | M20: 0 | N20: 0 | O20: 0 | P20: 0 | Q20: 0 | R20: 0 | S20: 0 | T20: 0 | U20: 0 | V20: 0 | W20: 0 | X20: 0 | Y20: 0 | Z20: 0 | AA20: 0 | AB20: 0 | AC20: 0 | AD20: 0 | AE20: 0 | AF20: 0 | AG20: 0 | AH20: 0 | AI20: 0 | AJ20: 0 | AK20: 0 | AL20: 0 | AM20: 0 | AN20: 0 | AO20: 0 | AP20: 0 | AQ20: 0 | AR20: 0 | AS20: 0 | AT20: 0 | AU20: 0 | AV20: 0 | AW20: 0 | AX20: 0 | AY20: 0 | AZ20: 0 | BA20: 0 | BB20: 0 | BG20: 0 | BH20: 0 | BI20: 0 | BJ20: 0 | BK20: 0 | BL20: 0 | BM20: 0 | BN20: 0 | BO20: 0 | BP20: 0 | BQ20: 0 | BR20: 0 | BS20: 0 | BT20: 0 | BU20: 0 | BV20: 0 | BW20: 0 | BX20: 0 | BY20: 0 | BZ20: 0 | CA20: 0 | CB20: 0 | CC20: 0 | CD20: 0 | CE20: 0 | CF20: 0 | CG20: 0 | CH20: 0 | CI20: 0 | CJ20: 0 | CK20: 0 | CL20: 0 | CM20: 0 | CN20: 0 | CO20: 0 | CP20: 0 | CQ20: 0 | CR20: 0 | CS20: 0 | CT20: 0 | CU20: 0 | CV20: 0 | CW20: 0 | CX20: 0 | CY20: 0 | CZ20: 0 | DA20: 0 | DB20: 0 | DC20: 0 | DD20: 0 | DE20: 0 | DF20: 0 | DG20: 0 | DH20: 0 | DI20: 0 | DJ20: 0 | DK20: 0 | DL20: 0 | DM20: 0 | DN20: 0 | DO20: 0 | DP20: 0 | DQ20: 0 | DR20: 0 | DS20: 0 | DT20: 0 | DU20: 0 | DV20: 0 | DW20: =+C20+G20+K20+O20+S20+W20+AA20+AE20+AI20+AM20+AQ20+AU20+AY20+BC20+BG20+BK20+BO20+BS20+BW20+CA20+CE20+CI20+CM20+CQ20+CU20+CY20+DC20+DG20+DK20+DO20+DS20 -> 75000000 | DX20: =+D20+H20+L20+P20+T20+X20+AB20+AF20+AJ20+AN20+AR20+AV20+AZ20+BD20+BH20+BL20+BP20+BT20+BX20+CB20+CF20+CJ20+CN20+CR20+CV20+CZ20+DD20+DH20+DL20+DP20+DT20 -> 48688485 | DY20: =+E20+I20+M20+Q20+U20+Y20+AC20+AG20+AK20+AO20+AS20+AW20+BA20+BE20+BI20+BM20+BQ20+BU20+BY20+CC20+CG20+CK20+CO20+CS20+CW20+DA20+DE20+DI20+DM20+DQ20+DU20 -> 43265560 | DZ20: =+F20+J20+N20+R20+V20+Z20+AD20+AH20+AL20+AP20+AT20+AX20+BB20+BF20+BJ20+BN20+BR20+BV20+BZ20+CD20+CH20+CL20+CP20+CT20+CX20+DB20+DF20+DJ20+DN20+DR20+DV20 -> 41163122
A21: ACT. 2.2.4. (3206.07). SERVICIO DE ARTICULACIÓN PARA LA GESTIÓN DEL CAMBIO CLIMÁTICO EN LA TOMA DE DECISIONES SECTORIALES Y TERRITORIALES. FORTALECIMIENTO DE LA PARTICIPACIÓN Y GESTIÓN DE CORPOCESAR, EN EL NODO REGIONAL DE CAMBIO CLIMÁTICO -NRCC- DEL CARIBE. INCLUYE TODAS LAS ACCIONES PROMOVIDAS POR EL GOBIERNO NACIONAL, INTRA, E INTERINSTITUCIONAL PARA INCIDIR CON CONSIDERACIONES DE CAMBIO CLIMÁTICO EN LOS INSTRUMENTOS DE PLANEACIÓN DE LOS SECTORES Y TERRITORIOS. | C21: =300000000/4 -> 75000000 | D21: =194753940.87/4 -> 48688485 | E21: =173062239.97/4 -> 43265560 | F21: =164652489.1/4 -> 41163122 | G21: 0 | H21: 0 | I21: 0 | J21: 0 | K21: 0 | L21: 0 | M21: 0 | N21: 0 | O21: 0 | P21: 0 | Q21: 0 | R21: 0 | S21: 0 | T21: 0 | U21: 0 | V21: 0 | W21: 0 | X21: 0 | Y21: 0 | Z21: 0 | AA21: 0 | AB21: 0 | AC21: 0 | AD21: 0 | AE21: 0 | AF21: 0 | AG21: 0 | AH21: 0 | AI21: 0 | AJ21: 0 | AK21: 0 | AL21: 0 | AM21: 0 | AN21: 0 | AO21: 0 | AP21: 0 | AQ21: 0 | AR21: 0 | AS21: 0 | AT21: 0 | AU21: 0 | AV21: 0 | AW21: 0 | AX21: 0 | AY21: 0 | AZ21: 0 | BA21: 0 | BB21: 0 | BC21: 0 | BD21: 0 | BE21: 0 | BF21: 0 | BG21: 0 | BH21: 0 | BI21: 0 | BJ21: 0 | BK21: 0 | BL21: 0 | BM21: 0 | BN21: 0 | BO21: 0 | BP21: 0 | BQ21: 0 | BR21: 0 | BS21: 0 | BT21: 0 | BU21: 0 | BV21: 0 | BW21: 0 | BX21: 0 | BY21: 0 | BZ21: 0 | CA21: 0 | CB21: 0 | CC21: 0 | CD21: 0 | CE21: 0 | CF21: 0 | CG21: 0 | CH21: 0 | CI21: 0 | CJ21: 0 | CK21: 0 | CL21: 0 | CM21: 0 | CN21: 0 | CO21: 0 | CP21: 0 | CQ21: 0 | CR21: 0 | CS21: 0 | CT21: 0 | CU21: 0 | CV21: 0 | CW21: 0 | CX21: 0 | CY21: 0 | CZ21: 0 | DA21: 0 | DB21: 0 | DC21: 0 | DD21: 0 | DE21: 0 | DF21: 0 | DG21: 0 | DH21: 0 | DI21: 0 | DJ21: 0 | DK21: 0 | DL21: 0 | DM21: 0 | DN21: 0 | DO21: 0 | DP21: 0 | DQ21: 0 | DR21: 0 | DS21: 0 | DT21: 0 | DU21: 0 | DV21: 0 | DW21: =+C21+G21+K21+O21+S21+W21+AA21+AE21+AI21+AM21+AQ21+AU21+AY21+BC21+BG21+BK21+BO21+BS21+BW21+CA21+CE21+CI21+CM21+CQ21+CU21+CY21+DC21+DG21+DK21+DO21+DS21 -> 75000000 | DX21: =+D21+H21+L21+P21+T21+X21+AB21+AF21+AJ21+AN21+AR21+AV21+AZ21+BD21+BH21+BL21+BP21+BT21+BX21+CB21+CF21+CJ21+CN21+CR21+CV21+CZ21+DD21+DH21+DL21+DP21+DT21 -> 48688485 | DY21: =+E21+I21+M21+Q21+U21+Y21+AC21+AG21+AK21+AO21+AS21+AW21+BA21+BE21+BI21+BM21+BQ21+BU21+BY21+CC21+CG21+CK21+CO21+CS21+CW21+DA21+DE21+DI21+DM21+DQ21+DU21 -> 43265560 | DZ21: =+F21+J21+N21+R21+V21+Z21+AD21+AH21+AL21+AP21+AT21+AX21+BB21+BF21+BJ21+BN21+BR21+BV21+BZ21+CD21+CH21+CL21+CP21+CT21+CX21+DB21+DF21+DJ21+DN21+DR21+DV21 -> 41163122 | EA21: =+SUM(DW18:DW21)-B18 -> 0
A22: LÍNEA ESTRATÉGICA TRANSVERSAL 3. GESTIÓN DEL ORDENAMIENTO AMBIENTAL TERRITORIAL Y GESTIÓN DEL RIESGO. | B22: =+B23+B41 -> 5.1226823e+10 | C22: =+C23+C41 -> 3750000000 | D22: =+D23+D41 -> 2.7710292e+09 | E22: =+E23+E41 -> 1.0365805e+09 | F22: =+F23+F41 -> 9.6373632e+08 | G22: =+G23+G41 -> 2603000000 | H22: =+H23+H41 -> 2378120954 | I22: =+I23+I41 -> 0 | ... DV22: =+DV23+DV41 -> 0 | DW22: =+C22+G22+K22+O22+S22+W22+AA22+AE22+AI22+AM22+AQ22+AU22+AY22+BC22+BG22+BK22+BO22+BS22+BW22+CA22+CE22+CI22+CM22+CQ22+CU22+CY22+DC22+DG22+DK22+DO22+DS22 -> 5.1226823e+10 | DX22: =+D22+H22+L22+P22+T22+X22+AB22+AF22+AJ22+AN22+AR22+AV22+AZ22+BD22+BH22+BL22+BP22+BT22+BX22+CB22+CF22+CJ22+CN22+CR22+CV22+CZ22+DD22+DH22+DL22+DP22+DT22 -> 3.9394097e+10 | DY22: =+E22+I22+M22+Q22+U22+Y22+AC22+AG22+AK22+AO22+AS22+AW22+BA22+BE22+BI22+BM22+BQ22+BU22+BY22+CC22+CG22+CK22+CO22+CS22+CW22+DA22+DE22+DI22+DM22+DQ22+DU22 -> 1.6986556e+10 | DZ22: =+F22+J22+N22+R22+V22+Z22+AD22+AH22+AL22+AP22+AT22+AX22+BB22+BF22+BJ22+BN22+BR22+BV22+BZ22+CD22+CH22+CL22+CP22+CT22+CX22+DB22+DF22+DJ22+DN22+DR22+DV22 -> 1.6913712e+10
A23: PROGRAMA 3 (3203). GESTIÓN INTEGRAL DEL RECURSO HÍDRICO. | B23: =+B24+B39 -> 8.3720325e+09 | C23: =+C24+C39 -> 1.43e+09 | D23: =+D24+D39 -> 8.299611e+08 | E23: =+E24+E39 -> 5.1516295e+08 | F23: =+F24+F39 -> 4.6419511e+08 | G23: =+G24+G39 -> 0 | H23: =+H24+H39 -> 0 | I23: =+I24+I39 -> 0 | ... DV23: =+DV24+DV39 -> 0 | DW23: =+C23+G23+K23+O23+S23+W23+AA23+AE23+AI23+AM23+AQ23+AU23+AY23+BC23+BG23+BK23+BO23+BS23+BW23+CA23+CE23+CI23+CM23+CQ23+CU23+CY23+DC23+DG23+DK23+DO23+DS23 -> 8.3720325e+09 | DX23: =+D23+H23+L23+P23+T23+X23+AB23+AF23+AJ23+AN23+AR23+AV23+AZ23+BD23+BH23+BL23+BP23+BT23+BX23+CB23+CF23+CJ23+CN23+CR23+CV23+CZ23+DD23+DH23+DL23+DP23+DT23 -> 3.6055926e+09 | DY23: =+E23+I23+M23+Q23+U23+Y23+AC23+AG23+AK23+AO23+AS23+AW23+BA23+BE23+BI23+BM23+BQ23+BU23+BY23+CC23+CG23+CK23+CO23+CS23+CW23+DA23+DE23+DI23+DM23+DQ23+DU23 -> 1.4427139e+09 | DZ23: =+F23+J23+N23+R23+V23+Z23+AD23+AH23+AL23+AP23+AT23+AX23+BB23+BF23+BJ23+BN23+BR23+BV23+BZ23+CD23+CH23+CL23+CP23+CT23+CX23+DB23+DF23+DJ23+DN23+DR23+DV23 -> 1.3917461e+09
A24: PROYECTO 3.1 (3203.01). DOCUMENTOS DE LINEAMIENTOS TÉCNICOS PARA LA GESTIÓN INTEGRAL DEL RECURSO HÍDRICO Y MATERIALIZACIÓN DE LA GOBERNANZA EN EL MARCO DE LA PNGIRH, EN EL DPTO. DEL CESAR. | B24: =SUM(B25:B38) -> 7.8920325e+09 | C24: =SUM(C25:C38) -> 1.13e+09 | D24: =SUM(D25:D38) -> 7.5712655e+08 | E24: =SUM(E25:E38) -> 4.4246696e+08 | F24: =SUM(F25:F38) -> 3.9149912e+08 | G24: =SUM(G25:G38) -> 0 | H24: =SUM(H25:H38) -> 0 | I24: =SUM(I25:I38) -> 0 | ... DV24: =SUM(DV25:DV38) -> 0 | DW24: =+C24+G24+K24+O24+S24+W24+AA24+AE24+AI24+AM24+AQ24+AU24+AY24+BC24+BG24+BK24+BO24+BS24+BW24+CA24+CE24+CI24+CM24+CQ24+CU24+CY24+DC24+DG24+DK24+DO24+DS24 -> 7.8920325e+09 | DX24: =+D24+H24+L24+P24+T24+X24+AB24+AF24+AJ24+AN24+AR24+AV24+AZ24+BD24+BH24+BL24+BP24+BT24+BX24+CB24+CF24+CJ24+CN24+CR24+CV24+CZ24+DD24+DH24+DL24+DP24+DT24 -> 3.532758e+09 | DY24: =+E24+I24+M24+Q24+U24+Y24+AC24+AG24+AK24+AO24+AS24+AW24+BA24+BE24+BI24+BM24+BQ24+BU24+BY24+CC24+CG24+CK24+CO24+CS24+CW24+DA24+DE24+DI24+DM24+DQ24+DU24 -> 1.3700179e+09 | DZ24: =+F24+J24+N24+R24+V24+Z24+AD24+AH24+AL24+AP24+AT24+AX24+BB24+BF24+BJ24+BN24+BR24+BV24+BZ24+CD24+CH24+CL24+CP24+CT24+CX24+DB24+DF24+DJ24+DN24+DR24+DV24 -> 1.3190501e+09 | EA24: =+SUM(DW25:DW38)-DW24 -> 0 | EB24: =+DW24-B24 -> 0
A25: ACT. 3.1.1. FORMULACION NUEVOS POMCAS (CUENCA LA FLORESTA - OTROS DIRECTOS AL MAGDALENA MEDIO, CUENCA RIO BADILLO Y OTROS DIRECTOS) | B25: =DW24 -> 7.8920325e+09 | C25: =1130000000/13 -> 86923077 | D25: =757126546.82/13 -> 58240504 | E25: =442466957.88/13 -> 34035920 | F25: =391499124/13 -> 30115317 | G25: 0 | H25: 0 | I25: 0 | J25: 0 | K25: 0 | L25: 0 | M25: 0 | N25: 0 | O25: 0 | P25: 0 | Q25: 0 | R25: 0 | S25: 0 | T25: 0 | U25: 0 | V25: 0 | W25: 0 | X25: 0 | Y25: 0 | Z25: 0 | AA25: 0 | AB25: 0 | AC25: 0 | AD25: 0 | AE25: =169878234.16/13 -> 13067556 | AF25: =11000000/13 -> 846153.85 | AG25: 0 | AH25: 0 | AI25: 0 | AJ25: 0 | AK25: 0 | AL25: 0 | AM25: 0 | AN25: 0 | AO25: 0 | AP25: 0 | AQ25: 0 | AR25: 0 | AS25: 0 | AT25: 0 | AU25: 0 | AV25: 0 | AW25: 0 | AX25: 0 | AY25: =170000000/13 -> 13076923 | AZ25: 0 | BA25: 0 | BB25: 0 | BC25: 2.1465997e+09 | BD25: 2.1465997e+09 | BE25: 8.4590921e+08 | BF25: 8.4590921e+08 | BG25: =660000000/13 -> 50769231 | BH25: =536390026.5/13 -> 41260771 | BI25: 0 | BJ25: 0 | BK25: 0 | BL25: 0 | BM25: 0 | BN25: 0 | BO25: 0 | BP25: 0 | BQ25: 0 | BR25: 0 | BS25: 0 | BT25: 0 | BU25: 0 | BV25: 0 | BW25: 0 | BX25: 0 | BY25: 0 | BZ25: 0 | CA25: 0 | CB25: 0 | CC25: 0 | CD25: 0 | CE25: 0 | CF25: 0 | CG25: 0 | CH25: 0 | CI25: 0 | CJ25: 0 | CK25: 0 | CL25: 0 | CM25: 0 | CN25: 0 | CO25: 0 | CP25: 0 | CQ25: 0 | CR25: 0 | CS25: 0 | CT25: 0 | CU25: 0 | CV25: 0 | CW25: 0 | CX25: 0 | CY25: 0 | CZ25: 0 | DA25: 0 | DB25: 0 | DC25: 0 | DD25: 0 | DE25: 0 | DF25: 0 | DG25: 0 | DH25: 0 | DI25: 0 | DJ25: 0 | DK25: 0 | DL25: 0 | DM25: 0 | DN25: 0 | DO25: 0 | DP25: 0 | DQ25: 0 | DR25: 0 | DS25: 0 | DT25: 0 | DU25: 0 | DV25: 0 | DW25: =+C25+G25+K25+O25+S25+W25+AA25+AE25+AI25+AM25+AQ25+AU25+AY25+BC25+BG25+BK25+BO25+BS25+BW25+CA25+CE25+CI25+CM25+CQ25+CU25+CY25+DC25+DG25+DK25+DO25+DS25 -> 2.3104365e+09 | DX25: =+D25+H25+L25+P25+T25+X25+AB25+AF25+AJ25+AN25+AR25+AV25+AZ25+BD25+BH25+BL25+BP25+BT25+BX25+CB25+CF25+CJ25+CN25+CR25+CV25+CZ25+DD25+DH25+DL25+DP25+DT25 -> 2.2469471e+09 | DY25: =+E25+I25+M25+Q25+U25+Y25+AC25+AG25+AK25+AO25+AS25+AW25+BA25+BE25+BI25+BM25+BQ25+BU25+BY25+CC25+CG25+CK25+CO25+CS25+CW25+DA25+DE25+DI25+DM25+DQ25+DU25 -> 8.7994513e+08 | DZ25: =+F25+J25+N25+R25+V25+Z25+AD25+AH25+AL25+AP25+AT25+AX25+BB25+BF25+BJ25+BN25+BR25+BV25+BZ25+CD25+CH25+CL25+CP25+CT25+CX25+DB25+DF25+DJ25+DN25+DR25+DV25 -> 8.7602453e+08
A26: ACT. 3.1.2. IMPLEMENTACION DE ACCIONES DE POMCA ADOPTADOS. | C26: =1130000000/13 -> 86923077 | D26: =757126546.82/13 -> 58240504 | E26: =442466957.88/13 -> 34035920 | F26: =391499124/13 -> 30115317 | G26: 0 | H26: 0 | I26: 0 | J26: 0 | K26: 0 | L26: 0 | M26: 0 | N26: 0 | O26: 0 | P26: 0 | Q26: 0 | R26: 0 | S26: 0 | T26: 0 | U26: 0 | V26: 0 | W26: 0 | X26: 0 | Y26: 0 | Z26: 0 | AA26: 0 | AB26: 0 | AC26: 0 | AD26: 0 | AE26: =169878234.16/13 -> 13067556 | AF26: =11000000/13 -> 846153.85 | AG26: 0 | AH26: 0 | AI26: 0 | AJ26: 0 | AK26: 0 | AL26: 0 | AM26: 0 | AN26: 0 | AO26: 0 | AP26: 0 | AQ26: 0 | AR26: 0 | AS26: 0 | AT26: 0 | AU26: 0 | AV26: 0 | AW26: 0 | AX26: 0 | AY26: =170000000/13 -> 13076923 | AZ26: 0 | BA26: 0 | BB26: 0 | BC26: 81641765 | BD26: 81641765 | BE26: 81641765 | BF26: 81641765 | BG26: =660000000/13 -> 50769231 | BH26: =536390026.5/13 -> 41260771 | BI26: 0 | BJ26: 0 | BK26: 0 | BL26: 0 | BM26: 0 | BN26: 0 | BO26: 0 | BP26: 0 | BQ26: 0 | BR26: 0 | BS26: 0 | BT26: 0 | BU26: 0 | BV26: 0 | BW26: 0 | BX26: 0 | BY26: 0 | BZ26: 0 | CA26: 0 | CB26: 0 | CC26: 0 | CD26: 0 | CE26: 0 | CF26: 0 | CG26: 0 | CH26: 0 | CI26: 0 | CJ26: 0 | CK26: 0 | CL26: 0 | CM26: 0 | CN26: 0 | CO26: 0 | CP26: 0 | CQ26: 0 | CR26: 0 | CS26: 0 | CT26: 0 | CU26: 0 | CV26: 0 | CW26: 0 | CX26: 0 | CY26: 0 | CZ26: 0 | DA26: 0 | DB26: 0 | DC26: 0 | DD26: 0 | DE26: 0 | DF26: 0 | DG26: 0 | DH26: 0 | DI26: 0 | DJ26: 0 | DK26: 0 | DL26: 0 | DM26: 0 | DN26: 0 | DO26: 0 | DP26: 0 | DQ26: 0 | DR26: 0 | DS26: 0 | DT26: 0 | DU26: 0 | DV26: 0 | DW26: =+C26+G26+K26+O26+S26+W26+AA26+AE26+AI26+AM26+AQ26+AU26+AY26+BC26+BG26+BK26+BO26+BS26+BW26+CA26+CE26+CI26+CM26+CQ26+CU26+CY26+DC26+DG26+DK26+DO26+DS26 -> 2.4547855e+08 | DX26: =+D26+H26+L26+P26+T26+X26+AB26+AF26+AJ26+AN26+AR26+AV26+AZ26+BD26+BH26+BL26+BP26+BT26+BX26+CB26+CF26+CJ26+CN26+CR26+CV26+CZ26+DD26+DH26+DL26+DP26+DT26 -> 1.8198919e+08 | DY26: =+E26+I26+M26+Q26+U26+Y26+AC26+AG26+AK26+AO26+AS26+AW26+BA26+BE26+BI26+BM26+BQ26+BU26+BY26+CC26+CG26+CK26+CO26+CS26+CW26+DA26+DE26+DI26+DM26+DQ26+DU26 -> 1.1567768e+08 | DZ26: =+F26+J26+N26+R26+V26+Z26+AD26+AH26+AL26+AP26+AT26+AX26+BB26+BF26+BJ26+BN26+BR26+BV26+BZ26+CD26+CH26+CL26+CP26+CT26+CX26+DB26+DF26+DJ26+DN26+DR26+DV26 -> 1.1175708e+08
A27: ACT. 3.1.3. GESTION, IMPLEMENTACION Y SEGUIMIENTO DE PMA ACUIFEROS. | C27: =1130000000/13 -> 86923077 | D27: =757126546.82/13 -> 58240504 | E27: =442466957.88/13 -> 34035920 | F27: =391499124/13 -> 30115317 | G27: 0 | H27: 0 | I27: 0 | J27: 0 | K27: 0 | L27: 0 | M27: 0 | N27: 0 | O27: 0 | P27: 0 | Q27: 0 | R27: 0 | S27: 0 | T27: 0 | U27: 0 | V27: 0 | W27: 0 | X27: 0 | Y27: 0 | Z27: 0 | AA27: 0 | AB27: 0 | AC27: 0 | AD27: 0 | AE27: =169878234.16/13 -> 13067556 | AF27: =11000000/13 -> 846153.85 | AG27: 0 | AH27: 0 | AI27: 0 | AJ27: 0 | AK27: 0 | AL27: 0 | AM27: 0 | AN27: 0 | AO27: 0 | AP27: 0 | AQ27: 0 | AR27: 0 | AS27: 0 | AT27: 0 | AU27: 0 | AV27: 0 | AW27: 0 | AX27: 0 | AY27: =170000000/13 -> 13076923 | AZ27: 0 | BA27: 0 | BB27: 0 | BC27: 3533912802 | BG27: =660000000/13 -> 50769231 | BH27: =536390026.5/13 -> 41260771 | BI27: 0 | BJ27: 0 | BK27: 0 | BL27: 0 | BM27: 0 | BN27: 0 | BO27: 0 | BP27: 0 | BQ27: 0 | BR27: 0 | BS27: 0 | BT27: 0 | BU27: 0 | BV27: 0 | BW27: 0 | BX27: 0 | BY27: 0 | BZ27: 0 | CA27: 0 | CB27: 0 | CC27: 0 | CD27: 0 | CE27: 0 | CF27: 0 | CG27: 0 | CH27: 0 | CI27: 0 | CJ27: 0 | CK27: 0 | CL27: 0 | CM27: 0 | CN27: 0 | CO27: 0 | CP27: 0 | CQ27: 0 | CR27: 0 | CS27: 0 | CT27: 0 | CU27: 0 | CV27: 0 | CW27: 0 | CX27: 0 | CY27: 0 | CZ27: 0 | DA27: 0 | DB27: 0 | DC27: 0 | DD27: 0 | DE27: 0 | DF27: 0 | DG27: 0 | DH27: 0 | DI27: 0 | DJ27: 0 | DK27: 0 | DL27: 0 | DM27: 0 | DN27: 0 | DO27: 0 | DP27: 0 | DQ27: 0 | DR27: 0 | DS27: 0 | DT27: 0 | DU27: 0 | DV27: 0 | DW27: =+C27+G27+K27+O27+S27+W27+AA27+AE27+AI27+AM27+AQ27+AU27+AY27+BC27+BG27+BK27+BO27+BS27+BW27+CA27+CE27+CI27+CM27+CQ27+CU27+CY27+DC27+DG27+DK27+DO27+DS27 -> 3.6977496e+09 | DX27: =+D27+H27+L27+P27+T27+X27+AB27+AF27+AJ27+AN27+AR27+AV27+AZ27+BD27+BH27+BL27+BP27+BT27+BX27+CB27+CF27+CJ27+CN27+CR27+CV27+CZ27+DD27+DH27+DL27+DP27+DT27 -> 1.0034743e+08 | DY27: =+E27+I27+M27+Q27+U27+Y27+AC27+AG27+AK27+AO27+AS27+AW27+BA27+BE27+BI27+BM27+BQ27+BU27+BY27+CC27+CG27+CK27+CO27+CS27+CW27+DA27+DE27+DI27+DM27+DQ27+DU27 -> 34035920 | DZ27: =+F27+J27+N27+R27+V27+Z27+AD27+AH27+AL27+AP27+AT27+AX27+BB27+BF27+BJ27+BN27+BR27+BV27+BZ27+CD27+CH27+CL27+CP27+CT27+CX27+DB27+DF27+DJ27+DN27+DR27+DV27 -> 30115317
A28: ACT. 3.1.4. FORMULACION DEL PLAN DE MANEJO DE MICROCUENCAS. | C28: =1130000000/13 -> 86923077 | D28: =757126546.82/13 -> 58240504 | E28: =442466957.88/13 -> 34035920 | F28: =391499124/13 -> 30115317 | G28: 0 | H28: 0 | I28: 0 | J28: 0 | K28: 0 | L28: 0 | M28: 0 | N28: 0 | O28: 0 | P28: 0 | Q28: 0 | R28: 0 | S28: 0 | T28: 0 | U28: 0 | V28: 0 | W28: 0 | X28: 0 | Y28: 0 | Z28: 0 | AA28: 0 | AB28: 0 | AC28: 0 | AD28: 0 | AE28: =169878234.16/13 -> 13067556 | AF28: =11000000/13 -> 846153.85 | AG28: 0 | AH28: 0 | AI28: 0 | AJ28: 0 | AK28: 0 | AL28: 0 | AM28: 0 | AN28: 0 | AO28: 0 | AP28: 0 | AQ28: 0 | AR28: 0 | AS28: 0 | AT28: 0 | AU28: 0 | AV28: 0 | AW28: 0 | AX28: 0 | AY28: =170000000/13 -> 13076923 | AZ28: 0 | BA28: 0 | BB28: 0 | BG28: =660000000/13 -> 50769231 | BH28: =536390026.5/13 -> 41260771 | BI28: 0 | BJ28: 0 | BK28: 0 | BL28: 0 | BM28: 0 | BN28: 0 | BO28: 0 | BP28: 0 | BQ28: 0 | BR28: 0 | BS28: 0 | BT28: 0 | BU28: 0 | BV28: 0 | BW28: 0 | BX28: 0 | BY28: 0 | BZ28: 0 | CA28: 0 | CB28: 0 | CC28: 0 | CD28: 0 | CE28: 0 | CF28: 0 | CG28: 0 | CH28: 0 | CI28: 0 | CJ28: 0 | CK28: 0 | CL28: 0 | CM28: 0 | CN28: 0 | CO28: 0 | CP28: 0 | CQ28: 0 | CR28: 0 | CS28: 0 | CT28: 0 | CU28: 0 | CV28: 0 | CW28: 0 | CX28: 0 | CY28: 0 | CZ28: 0 | DA28: 0 | DB28: 0 | DC28: 0 | DD28: 0 | DE28: 0 | DF28: 0 | DG28: 0 | DH28: 0 | DI28: 0 | DJ28: 0 | DK28: 0 | DL28: 0 | DM28: 0 | DN28: 0 | DO28: 0 | DP28: 0 | DQ28: 0 | DR28: 0 | DS28: 0 | DT28: 0 | DU28: 0 | DV28: 0 | DW28: =+C28+G28+K28+O28+S28+W28+AA28+AE28+AI28+AM28+AQ28+AU28+AY28+BC28+BG28+BK28+BO28+BS28+BW28+CA28+CE28+CI28+CM28+CQ28+CU28+CY28+DC28+DG28+DK28+DO28+DS28 -> 1.6383679e+08 | DX28: =+D28+H28+L28+P28+T28+X28+AB28+AF28+AJ28+AN28+AR28+AV28+AZ28+BD28+BH28+BL28+BP28+BT28+BX28+CB28+CF28+CJ28+CN28+CR28+CV28+CZ28+DD28+DH28+DL28+DP28+DT28 -> 1.0034743e+08 | DY28: =+E28+I28+M28+Q28+U28+Y28+AC28+AG28+AK28+AO28+AS28+AW28+BA28+BE28+BI28+BM28+BQ28+BU28+BY28+CC28+CG28+CK28+CO28+CS28+CW28+DA28+DE28+DI28+DM28+DQ28+DU28 -> 34035920 | DZ28: =+F28+J28+N28+R28+V28+Z28+AD28+AH28+AL28+AP28+AT28+AX28+BB28+BF28+BJ28+BN28+BR28+BV28+BZ28+CD28+CH28+CL28+CP28+CT28+CX28+DB28+DF28+DJ28+DN28+DR28+DV28 -> 30115317
A29: ACT 3.1.5. ACCIONES DE IMPLEMENTACION DEL PLAN DE MANEJO DE MICROCUENCAS | C29: =1130000000/13 -> 86923077 | D29: =757126546.82/13 -> 58240504 | E29: =442466957.88/13 -> 34035920 | F29: =391499124/13 -> 30115317 | G29: 0 | H29: 0 | I29: 0 | J29: 0 | K29: 0 | L29: 0 | M29: 0 | N29: 0 | O29: 0 | P29: 0 | Q29: 0 | R29: 0 | S29: 0 | T29: 0 | U29: 0 | V29: 0 | W29: 0 | X29: 0 | Y29: 0 | Z29: 0 | AA29: 0 | AB29: 0 | AC29: 0 | AD29: 0 | AE29: =169878234.16/13 -> 13067556 | AF29: =11000000/13 -> 846153.85 | AG29: 0 | AH29: 0 | AI29: 0 | AJ29: 0 | AK29: 0 | AL29: 0 | AM29: 0 | AN29: 0 | AO29: 0 | AP29: 0 | AQ29: 0 | AR29: 0 | AS29: 0 | AT29: 0 | AU29: 0 | AV29: 0 | AW29: 0 | AX29: 0 | AY29: =170000000/13 -> 13076923 | AZ29: 0 | BA29: 0 | BB29: 0 | BG29: =660000000/13 -> 50769231 | BH29: =536390026.5/13 -> 41260771 | BI29: 0 | BJ29: 0 | BK29: 0 | BL29: 0 | BM29: 0 | BN29: 0 | BO29: 0 | BP29: 0 | BQ29: 0 | BR29: 0 | BS29: 0 | BT29: 0 | BU29: 0 | BV29: 0 | BW29: 0 | BX29: 0 | BY29: 0 | BZ29: 0 | CA29: 0 | CB29: 0 | CC29: 0 | CD29: 0 | CE29: 0 | CF29: 0 | CG29: 0 | CH29: 0 | CI29: 0 | CJ29: 0 | CK29: 0 | CL29: 0 | CM29: 0 | CN29: 0 | CO29: 0 | CP29: 0 | CQ29: 0 | CR29: 0 | CS29: 0 | CT29: 0 | CU29: 0 | CV29: 0 | CW29: 0 | CX29: 0 | CY29: 0 | CZ29: 0 | DA29: 0 | DB29: 0 | DC29: 0 | DD29: 0 | DE29: 0 | DF29: 0 | DG29: 0 | DH29: 0 | DI29: 0 | DJ29: 0 | DK29: 0 | DL29: 0 | DM29: 0 | DN29: 0 | DO29: 0 | DP29: 0 | DQ29: 0 | DR29: 0 | DS29: 0 | DT29: 0 | DU29: 0 | DV29: 0 | DW29: =+C29+G29+K29+O29+S29+W29+AA29+AE29+AI29+AM29+AQ29+AU29+AY29+BC29+BG29+BK29+BO29+BS29+BW29+CA29+CE29+CI29+CM29+CQ29+CU29+CY29+DC29+DG29+DK29+DO29+DS29 -> 1.6383679e+08 | DX29: =+D29+H29+L29+P29+T29+X29+AB29+AF29+AJ29+AN29+AR29+AV29+AZ29+BD29+BH29+BL29+BP29+BT29+BX29+CB29+CF29+CJ29+CN29+CR29+CV29+CZ29+DD29+DH29+DL29+DP29+DT29 -> 1.0034743e+08 | DY29: =+E29+I29+M29+Q29+U29+Y29+AC29+AG29+AK29+AO29+AS29+AW29+BA29+BE29+BI29+BM29+BQ29+BU29+BY29+CC29+CG29+CK29+CO29+CS29+CW29+DA29+DE29+DI29+DM29+DQ29+DU29 -> 34035920 | DZ29: =+F29+J29+N29+R29+V29+Z29+AD29+AH29+AL29+AP29+AT29+AX29+BB29+BF29+BJ29+BN29+BR29+BV29+BZ29+CD29+CH29+CL29+CP29+CT29+CX29+DB29+DF29+DJ29+DN29+DR29+DV29 -> 30115317
A30: ACT. 3.1.6. FORMULACION DEL PROGRAMA INSTITUCIONAL REGIONAL DE MONITOREO DEL AGUA - PIRMA | C30: =1130000000/13 -> 86923077 | D30: =757126546.82/13 -> 58240504 | E30: =442466957.88/13 -> 34035920 | F30: =391499124/13 -> 30115317 | G30: 0 | H30: 0 | I30: 0 | J30: 0 | K30: 0 | L30: 0 | M30: 0 | N30: 0 | O30: 0 | P30: 0 | Q30: 0 | R30: 0 | S30: 0 | T30: 0 | U30: 0 | V30: 0 | W30: 0 | X30: 0 | Y30: 0 | Z30: 0 | AA30: 0 | AB30: 0 | AC30: 0 | AD30: 0 | AE30: =169878234.16/13 -> 13067556 | AF30: =11000000/13 -> 846153.85 | AG30: 0 | AH30: 0 | AI30: 0 | AJ30: 0 | AK30: 0 | AL30: 0 | AM30: 0 | AN30: 0 | AO30: 0 | AP30: 0 | AQ30: 0 | AR30: 0 | AS30: 0 | AT30: 0 | AU30: 0 | AV30: 0 | AW30: 0 | AX30: 0 | AY30: =170000000/13 -> 13076923 | AZ30: 0 | BA30: 0 | BB30: 0 | BG30: =660000000/13 -> 50769231 | BH30: =536390026.5/13 -> 41260771 | BI30: 0 | BJ30: 0 | BK30: 0 | BL30: 0 | BM30: 0 | BN30: 0 | BO30: 0 | BP30: 0 | BQ30: 0 | BR30: 0 | BS30: 0 | BT30: 0 | BU30: 0 | BV30: 0 | BW30: 0 | BX30: 0 | BY30: 0 | BZ30: 0 | CA30: 0 | CB30: 0 | CC30: 0 | CD30: 0 | CE30: 0 | CF30: 0 | CG30: 0 | CH30: 0 | CI30: 0 | CJ30: 0 | CK30: 0 | CL30: 0 | CM30: 0 | CN30: 0 | CO30: 0 | CP30: 0 | CQ30: 0 | CR30: 0 | CS30: 0 | CT30: 0 | CU30: 0 | CV30: 0 | CW30: 0 | CX30: 0 | CY30: 0 | CZ30: 0 | DA30: 0 | DB30: 0 | DC30: 0 | DD30: 0 | DE30: 0 | DF30: 0 | DG30: 0 | DH30: 0 | DI30: 0 | DJ30: 0 | DK30: 0 | DL30: 0 | DM30: 0 | DN30: 0 | DO30: 0 | DP30: 0 | DQ30: 0 | DR30: 0 | DS30: 0 | DT30: 0 | DU30: 0 | DV30: 0 | DW30: =+C30+G30+K30+O30+S30+W30+AA30+AE30+AI30+AM30+AQ30+AU30+AY30+BC30+BG30+BK30+BO30+BS30+BW30+CA30+CE30+CI30+CM30+CQ30+CU30+CY30+DC30+DG30+DK30+DO30+DS30 -> 1.6383679e+08 | DX30: =+D30+H30+L30+P30+T30+X30+AB30+AF30+AJ30+AN30+AR30+AV30+AZ30+BD30+BH30+BL30+BP30+BT30+BX30+CB30+CF30+CJ30+CN30+CR30+CV30+CZ30+DD30+DH30+DL30+DP30+DT30 -> 1.0034743e+08 | DY30: =+E30+I30+M30+Q30+U30+Y30+AC30+AG30+AK30+AO30+AS30+AW30+BA30+BE30+BI30+BM30+BQ30+BU30+BY30+CC30+CG30+CK30+CO30+CS30+CW30+DA30+DE30+DI30+DM30+DQ30+DU30 -> 34035920 | DZ30: =+F30+J30+N30+R30+V30+Z30+AD30+AH30+AL30+AP30+AT30+AX30+BB30+BF30+BJ30+BN30+BR30+BV30+BZ30+CD30+CH30+CL30+CP30+CT30+CX30+DB30+DF30+DJ30+DN30+DR30+DV30 -> 30115317
A31: ACT. 3.1.7. SERVICIO DE MONITOREO DE LA OFERTA EN CANTIDAD DE RECURSO HIDRICO. | C31: =1130000000/13 -> 86923077 | D31: =757126546.82/13 -> 58240504 | E31: =442466957.88/13 -> 34035920 | F31: =391499124/13 -> 30115317 | G31: 0 | H31: 0 | I31: 0 | J31: 0 | K31: 0 | L31: 0 | M31: 0 | N31: 0 | O31: 0 | P31: 0 | Q31: 0 | R31: 0 | S31: 0 | T31: 0 | U31: 0 | V31: 0 | W31: 0 | X31: 0 | Y31: 0 | Z31: 0 | AA31: 0 | AB31: 0 | AC31: 0 | AD31: 0 | AE31: =169878234.16/13 -> 13067556 | AF31: =11000000/13 -> 846153.85 | AG31: 0 | AH31: 0 | AI31: 0 | AJ31: 0 | AK31: 0 | AL31: 0 | AM31: 0 | AN31: 0 | AO31: 0 | AP31: 0 | AQ31: 0 | AR31: 0 | AS31: 0 | AT31: 0 | AU31: 0 | AV31: 0 | AW31: 0 | AX31: 0 | AY31: =170000000/13 -> 13076923 | AZ31: 0 | BA31: 0 | BB31: 0 | BG31: =660000000/13 -> 50769231 | BH31: =536390026.5/13 -> 41260771 | BI31: 0 | BJ31: 0 | BK31: 0 | BL31: 0 | BM31: 0 | BN31: 0 | BO31: 0 | BP31: 0 | BQ31: 0 | BR31: 0 | BS31: 0 | BT31: 0 | BU31: 0 | BV31: 0 | BW31: 0 | BX31: 0 | BY31: 0 | BZ31: 0 | CA31: 0 | CB31: 0 | CC31: 0 | CD31: 0 | CE31: 0 | CF31: 0 | CG31: 0 | CH31: 0 | CI31: 0 | CJ31: 0 | CK31: 0 | CL31: 0 | CM31: 0 | CN31: 0 | CO31: 0 | CP31: 0 | CQ31: 0 | CR31: 0 | CS31: 0 | CT31: 0 | CU31: 0 | CV31: 0 | CW31: 0 | CX31: 0 | CY31: 0 | CZ31: 0 | DA31: 0 | DB31: 0 | DC31: 0 | DD31: 0 | DE31: 0 | DF31: 0 | DG31: 0 | DH31: 0 | DI31: 0 | DJ31: 0 | DK31: 0 | DL31: 0 | DM31: 0 | DN31: 0 | DO31: 0 | DP31: 0 | DQ31: 0 | DR31: 0 | DS31: 0 | DT31: 0 | DU31: 0 | DV31: 0 | DW31: =+C31+G31+K31+O31+S31+W31+AA31+AE31+AI31+AM31+AQ31+AU31+AY31+BC31+BG31+BK31+BO31+BS31+BW31+CA31+CE31+CI31+CM31+CQ31+CU31+CY31+DC31+DG31+DK31+DO31+DS31 -> 1.6383679e+08 | DX31: =+D31+H31+L31+P31+T31+X31+AB31+AF31+AJ31+AN31+AR31+AV31+AZ31+BD31+BH31+BL31+BP31+BT31+BX31+CB31+CF31+CJ31+CN31+CR31+CV31+CZ31+DD31+DH31+DL31+DP31+DT31 -> 1.0034743e+08 | DY31: =+E31+I31+M31+Q31+U31+Y31+AC31+AG31+AK31+AO31+AS31+AW31+BA31+BE31+BI31+BM31+BQ31+BU31+BY31+CC31+CG31+CK31+CO31+CS31+CW31+DA31+DE31+DI31+DM31+DQ31+DU31 -> 34035920 | DZ31: =+F31+J31+N31+R31+V31+Z31+AD31+AH31+AL31+AP31+AT31+AX31+BB31+BF31+BJ31+BN31+BR31+BV31+BZ31+CD31+CH31+CL31+CP31+CT31+CX31+DB31+DF31+DJ31+DN31+DR31+DV31 -> 30115317
A32: ACT. 3.1.8. EJECUCIÓN DE LOS PORH ADOPTADOS. | C32: =1130000000/13 -> 86923077 | D32: =757126546.82/13 -> 58240504 | E32: =442466957.88/13 -> 34035920 | F32: =391499124/13 -> 30115317 | G32: 0 | H32: 0 | I32: 0 | J32: 0 | K32: 0 | L32: 0 | M32: 0 | N32: 0 | O32: 0 | P32: 0 | Q32: 0 | R32: 0 | S32: 0 | T32: 0 | U32: 0 | V32: 0 | W32: 0 | X32: 0 | Y32: 0 | Z32: 0 | AA32: 0 | AB32: 0 | AC32: 0 | AD32: 0 | AE32: =169878234.16/13 -> 13067556 | AF32: =11000000/13 -> 846153.85 | AG32: 0 | AH32: 0 | AI32: 0 | AJ32: 0 | AK32: 0 | AL32: 0 | AM32: 0 | AN32: 0 | AO32: 0 | AP32: 0 | AQ32: 0 | AR32: 0 | AS32: 0 | AT32: 0 | AU32: 0 | AV32: 0 | AW32: 0 | AX32: 0 | AY32: =170000000/13 -> 13076923 | AZ32: 0 | BA32: 0 | BB32: 0 | BG32: =660000000/13 -> 50769231 | BH32: =536390026.5/13 -> 41260771 | BI32: 0 | BJ32: 0 | BK32: 0 | BL32: 0 | BM32: 0 | BN32: 0 | BO32: 0 | BP32: 0 | BQ32: 0 | BR32: 0 | BS32: 0 | BT32: 0 | BU32: 0 | BV32: 0 | BW32: 0 | BX32: 0 | BY32: 0 | BZ32: 0 | CA32: 0 | CB32: 0 | CC32: 0 | CD32: 0 | CE32: 0 | CF32: 0 | CG32: 0 | CH32: 0 | CI32: 0 | CJ32: 0 | CK32: 0 | CL32: 0 | CM32: 0 | CN32: 0 | CO32: 0 | CP32: 0 | CQ32: 0 | CR32: 0 | CS32: 0 | CT32: 0 | CU32: 0 | CV32: 0 | CW32: 0 | CX32: 0 | CY32: 0 | CZ32: 0 | DA32: 0 | DB32: 0 | DC32: 0 | DD32: 0 | DE32: 0 | DF32: 0 | DG32: 0 | DH32: 0 | DI32: 0 | DJ32: 0 | DK32: 0 | DL32: 0 | DM32: 0 | DN32: 0 | DO32: 0 | DP32: 0 | DQ32: 0 | DR32: 0 | DS32: 0 | DT32: 0 | DU32: 0 | DV32: 0 | DW32: =+C32+G32+K32+O32+S32+W32+AA32+AE32+AI32+AM32+AQ32+AU32+AY32+BC32+BG32+BK32+BO32+BS32+BW32+CA32+CE32+CI32+CM32+CQ32+CU32+CY32+DC32+DG32+DK32+DO32+DS32 -> 1.6383679e+08 | DX32: =+D32+H32+L32+P32+T32+X32+AB32+AF32+AJ32+AN32+AR32+AV32+AZ32+BD32+BH32+BL32+BP32+BT32+BX32+CB32+CF32+CJ32+CN32+CR32+CV32+CZ32+DD32+DH32+DL32+DP32+DT32 -> 1.0034743e+08 | DY32: =+E32+I32+M32+Q32+U32+Y32+AC32+AG32+AK32+AO32+AS32+AW32+BA32+BE32+BI32+BM32+BQ32+BU32+BY32+CC32+CG32+CK32+CO32+CS32+CW32+DA32+DE32+DI32+DM32+DQ32+DU32 -> 34035920 | DZ32: =+F32+J32+N32+R32+V32+Z32+AD32+AH32+AL32+AP32+AT32+AX32+BB32+BF32+BJ32+BN32+BR32+BV32+BZ32+CD32+CH32+CL32+CP32+CT32+CX32+DB32+DF32+DJ32+DN32+DR32+DV32 -> 30115317
A33: ACT 3.1.9. FORMULACIÓN DE UN NUEVO PORH. | C33: 0 | D33: 0 | F33: 0 | G33: 0 | H33: 0 | I33: 0 | J33: 0 | K33: 0 | L33: 0 | M33: 0 | N33: 0 | O33: 0 | P33: 0 | Q33: 0 | R33: 0 | S33: 0 | T33: 0 | U33: 0 | V33: 0 | W33: 0 | X33: 0 | Y33: 0 | Z33: 0 | AA33: 0 | AB33: 0 | AC33: 0 | AD33: 0 | AG33: 0 | AH33: 0 | AI33: 0 | AJ33: 0 | AK33: 0 | AL33: 0 | AM33: 0 | AN33: 0 | AO33: 0 | AP33: 0 | AQ33: 0 | AR33: 0 | AS33: 0 | AT33: 0 | AU33: 0 | AV33: 0 | AW33: 0 | AX33: 0 | AZ33: 0 | BA33: 0 | BB33: 0 | BG33: 0 | BI33: 0 | BJ33: 0 | BK33: 0 | BL33: 0 | BM33: 0 | BN33: 0 | BO33: 0 | BP33: 0 | BQ33: 0 | BR33: 0 | BS33: 0 | BT33: 0 | BU33: 0 | BV33: 0 | BW33: 0 | BX33: 0 | BY33: 0 | BZ33: 0 | CA33: 0 | CB33: 0 | CC33: 0 | CD33: 0 | CE33: 0 | CF33: 0 | CG33: 0 | CH33: 0 | CI33: 0 | CJ33: 0 | CK33: 0 | CL33: 0 | CM33: 0 | CN33: 0 | CO33: 0 | CP33: 0 | CQ33: 0 | CR33: 0 | CS33: 0 | CT33: 0 | CU33: 0 | CV33: 0 | CW33: 0 | CX33: 0 | CY33: 0 | CZ33: 0 | DA33: 0 | DB33: 0 | DC33: 0 | DD33: 0 | DE33: 0 | DF33: 0 | DG33: 0 | DH33: 0 | DI33: 0 | DJ33: 0 | DK33: 0 | DL33: 0 | DM33: 0 | DN33: 0 | DO33: 0 | DP33: 0 | DQ33: 0 | DR33: 0 | DS33: 0 | DT33: 0 | DU33: 0 | DV33: 0 | DW33: =+C33+G33+K33+O33+S33+W33+AA33+AE33+AI33+AM33+AQ33+AU33+AY33+BC33+BG33+BK33+BO33+BS33+BW33+CA33+CE33+CI33+CM33+CQ33+CU33+CY33+DC33+DG33+DK33+DO33+DS33 -> 0 | DX33: =+D33+H33+L33+P33+T33+X33+AF33+AN33+AR33+AV33+AZ33+BD33+BH33+BL33+BP33+BT33+BX33+CB33+CF33+CJ33+CN33+CR33+CV33+CZ33+DD33+DH33+DL33+DP33+DT33 -> 0 | DY33: =+E33+I33+M33+Q33+U33+Y33+AG33+AO33+AS33+AW33+BA33+BE33+BI33+BM33+BQ33+BU33+BY33+CC33+CG33+CK33+CO33+CS33+CW33+DA33+DE33+DI33+DM33+DQ33+DU33 -> 0 | DZ33: =+F33+J33+N33+R33+V33+Z33+AH33+AP33+AT33+AX33+BB33+BF33+BJ33+BN33+BR33+BV33+BZ33+CD33+CH33+CL33+CP33+CT33+CX33+DB33+DF33+DJ33+DN33+DR33+DV33 -> 0
A34: ACT. 3.1.10. FORMULACIÓN E IMPLEMENTACIÓN DE UNA ESTRATEGIA DE SEGUIMIENTO AL PROGRAMA DE USO EFICIENTE Y AHORRO DEL AGUA (PUEAA). | C34: =1130000000/13 -> 86923077 | D34: =757126546.82/13 -> 58240504 | E34: =442466957.88/13 -> 34035920 | F34: =391499124/13 -> 30115317 | G34: 0 | H34: 0 | I34: 0 | J34: 0 | K34: 0 | L34: 0 | M34: 0 | N34: 0 | O34: 0 | P34: 0 | Q34: 0 | R34: 0 | S34: 0 | T34: 0 | U34: 0 | V34: 0 | W34: 0 | X34: 0 | Y34: 0 | Z34: 0 | AA34: 0 | AB34: 0 | AC34: 0 | AD34: 0 | AE34: =169878234.16/13 -> 13067556 | AF34: =11000000/13 -> 846153.85 | AG34: 0 | AH34: 0 | AI34: 0 | AJ34: 0 | AK34: 0 | AL34: 0 | AM34: 0 | AN34: 0 | AO34: 0 | AP34: 0 | AQ34: 0 | AR34: 0 | AS34: 0 | AT34: 0 | AU34: 0 | AV34: 0 | AW34: 0 | AX34: 0 | AY34: =170000000/13 -> 13076923 | AZ34: 0 | BA34: 0 | BB34: 0 | BG34: =660000000/13 -> 50769231 | BH34: =536390026.5/13 -> 41260771 | BI34: 0 | BJ34: 0 | BK34: 0 | BL34: 0 | BM34: 0 | BN34: 0 | BO34: 0 | BP34: 0 | BQ34: 0 | BR34: 0 | BS34: 0 | BT34: 0 | BU34: 0 | BV34: 0 | BW34: 0 | BX34: 0 | BY34: 0 | BZ34: 0 | CA34: 0 | CB34: 0 | CC34: 0 | CD34: 0 | CE34: 0 | CF34: 0 | CG34: 0 | CH34: 0 | CI34: 0 | CJ34: 0 | CK34: 0 | CL34: 0 | CM34: 0 | CN34: 0 | CO34: 0 | CP34: 0 | CQ34: 0 | CR34: 0 | CS34: 0 | CT34: 0 | CU34: 0 | CV34: 0 | CW34: 0 | CX34: 0 | CY34: 0 | CZ34: 0 | DA34: 0 | DB34: 0 | DC34: 0 | DD34: 0 | DE34: 0 | DF34: 0 | DG34: 0 | DH34: 0 | DI34: 0 | DJ34: 0 | DK34: 0 | DL34: 0 | DM34: 0 | DN34: 0 | DO34: 0 | DP34: 0 | DQ34: 0 | DR34: 0 | DS34: 0 | DT34: 0 | DU34: 0 | DV34: 0 | DW34: =+C34+G34+K34+O34+S34+W34+AA34+AE34+AI34+AM34+AQ34+AU34+AY34+BC34+BG34+BK34+BO34+BS34+BW34+CA34+CE34+CI34+CM34+CQ34+CU34+CY34+DC34+DG34+DK34+DO34+DS34 -> 1.6383679e+08 | DX34: =+D34+H34+L34+P34+T34+X34+AB34+AF34+AJ34+AN34+AR34+AV34+AZ34+BD34+BH34+BL34+BP34+BT34+BX34+CB34+CF34+CJ34+CN34+CR34+CV34+CZ34+DD34+DH34+DL34+DP34+DT34 -> 1.0034743e+08 | DY34: =+E34+I34+M34+Q34+U34+Y34+AC34+AG34+AK34+AO34+AS34+AW34+BA34+BE34+BI34+BM34+BQ34+BU34+BY34+CC34+CG34+CK34+CO34+CS34+CW34+DA34+DE34+DI34+DM34+DQ34+DU34 -> 34035920 | DZ34: =+F34+J34+N34+R34+V34+Z34+AD34+AH34+AL34+AP34+AT34+AX34+BB34+BF34+BJ34+BN34+BR34+BV34+BZ34+CD34+CH34+CL34+CP34+CT34+CX34+DB34+DF34+DJ34+DN34+DR34+DV34 -> 30115317
A35: ACT. 3.1.11. FORMULACIÓN E IMPLEMENTACIÓN DE UNA ESTRATEGIA DE SEGUIMIENTO A CONCESIONES HÍDRICAS. | C35: =1130000000/13 -> 86923077 | D35: =757126546.82/13 -> 58240504 | E35: =442466957.88/13 -> 34035920 | F35: =391499124/13 -> 30115317 | G35: 0 | H35: 0 | I35: 0 | J35: 0 | K35: 0 | L35: 0 | M35: 0 | N35: 0 | O35: 0 | P35: 0 | Q35: 0 | R35: 0 | S35: 0 | T35: 0 | U35: 0 | V35: 0 | W35: 0 | X35: 0 | Y35: 0 | Z35: 0 | AA35: 0 | AB35: 0 | AC35: 0 | AD35: 0 | AE35: =169878234.16/13 -> 13067556 | AF35: =11000000/13 -> 846153.85 | AG35: 0 | AH35: 0 | AI35: 0 | AJ35: 0 | AK35: 0 | AL35: 0 | AM35: 0 | AN35: 0 | AO35: 0 | AP35: 0 | AQ35: 0 | AR35: 0 | AS35: 0 | AT35: 0 | AU35: 0 | AV35: 0 | AW35: 0 | AX35: 0 | AY35: =170000000/13 -> 13076923 | AZ35: 0 | BA35: 0 | BB35: 0 | BG35: =660000000/13 -> 50769231 | BH35: =536390026.5/13 -> 41260771 | BI35: 0 | BJ35: 0 | BK35: 0 | BL35: 0 | BM35: 0 | BN35: 0 | BO35: 0 | BP35: 0 | BQ35: 0 | BR35: 0 | BS35: 0 | BT35: 0 | BU35: 0 | BV35: 0 | BW35: 0 | BX35: 0 | BY35: 0 | BZ35: 0 | CA35: 0 | CB35: 0 | CC35: 0 | CD35: 0 | CE35: 0 | CF35: 0 | CG35: 0 | CH35: 0 | CI35: 0 | CJ35: 0 | CK35: 0 | CL35: 0 | CM35: 0 | CN35: 0 | CO35: 0 | CP35: 0 | CQ35: 0 | CR35: 0 | CS35: 0 | CT35: 0 | CU35: 0 | CV35: 0 | CW35: 0 | CX35: 0 | CY35: 0 | CZ35: 0 | DA35: 0 | DB35: 0 | DC35: 0 | DD35: 0 | DE35: 0 | DF35: 0 | DG35: 0 | DH35: 0 | DI35: 0 | DJ35: 0 | DK35: 0 | DL35: 0 | DM35: 0 | DN35: 0 | DO35: 0 | DP35: 0 | DQ35: 0 | DR35: 0 | DS35: 0 | DT35: 0 | DU35: 0 | DV35: 0 | DW35: =+C35+G35+K35+O35+S35+W35+AA35+AE35+AI35+AM35+AQ35+AU35+AY35+BC35+BG35+BK35+BO35+BS35+BW35+CA35+CE35+CI35+CM35+CQ35+CU35+CY35+DC35+DG35+DK35+DO35+DS35 -> 1.6383679e+08 | DX35: =+D35+H35+L35+P35+T35+X35+AB35+AF35+AJ35+AN35+AR35+AV35+AZ35+BD35+BH35+BL35+BP35+BT35+BX35+CB35+CF35+CJ35+CN35+CR35+CV35+CZ35+DD35+DH35+DL35+DP35+DT35 -> 1.0034743e+08 | DY35: =+E35+I35+M35+Q35+U35+Y35+AC35+AG35+AK35+AO35+AS35+AW35+BA35+BE35+BI35+BM35+BQ35+BU35+BY35+CC35+CG35+CK35+CO35+CS35+CW35+DA35+DE35+DI35+DM35+DQ35+DU35 -> 34035920 | DZ35: =+F35+J35+N35+R35+V35+Z35+AD35+AH35+AL35+AP35+AT35+AX35+BB35+BF35+BJ35+BN35+BR35+BV35+BZ35+CD35+CH35+CL35+CP35+CT35+CX35+DB35+DF35+DJ35+DN35+DR35+DV35 -> 30115317
A36: ACT. 3.1.12. CONTROL Y SEGUIMIENTO A LOS PSMV APROBADOS POR LA CORPORACIÓN | C36: =1130000000/13 -> 86923077 | D36: =757126546.82/13 -> 58240504 | E36: =442466957.88/13 -> 34035920 | F36: =391499124/13 -> 30115317 | G36: 0 | H36: 0 | I36: 0 | J36: 0 | K36: 0 | L36: 0 | M36: 0 | N36: 0 | O36: 0 | P36: 0 | Q36: 0 | R36: 0 | S36: 0 | T36: 0 | U36: 0 | V36: 0 | W36: 0 | X36: 0 | Y36: 0 | Z36: 0 | AA36: 0 | AB36: 0 | AC36: 0 | AD36: 0 | AE36: =169878234.16/13 -> 13067556 | AF36: =11000000/13 -> 846153.85 | AG36: 0 | AH36: 0 | AI36: 0 | AJ36: 0 | AK36: 0 | AL36: 0 | AM36: 0 | AN36: 0 | AO36: 0 | AP36: 0 | AQ36: 0 | AR36: 0 | AS36: 0 | AT36: 0 | AU36: 0 | AV36: 0 | AW36: 0 | AX36: 0 | AY36: =170000000/13 -> 13076923 | AZ36: 0 | BA36: 0 | BB36: 0 | BG36: =660000000/13 -> 50769231 | BH36: =536390026.5/13 -> 41260771 | BI36: 0 | BJ36: 0 | BK36: 0 | BL36: 0 | BM36: 0 | BN36: 0 | BO36: 0 | BP36: 0 | BQ36: 0 | BR36: 0 | BS36: 0 | BT36: 0 | BU36: 0 | BV36: 0 | BW36: 0 | BX36: 0 | BY36: 0 | BZ36: 0 | CA36: 0 | CB36: 0 | CC36: 0 | CD36: 0 | CE36: 0 | CF36: 0 | CG36: 0 | CH36: 0 | CI36: 0 | CJ36: 0 | CK36: 0 | CL36: 0 | CM36: 0 | CN36: 0 | CO36: 0 | CP36: 0 | CQ36: 0 | CR36: 0 | CS36: 0 | CT36: 0 | CU36: 0 | CV36: 0 | CW36: 0 | CX36: 0 | CY36: 0 | CZ36: 0 | DA36: 0 | DB36: 0 | DC36: 0 | DD36: 0 | DE36: 0 | DF36: 0 | DG36: 0 | DH36: 0 | DI36: 0 | DJ36: 0 | DK36: 0 | DL36: 0 | DM36: 0 | DN36: 0 | DO36: 0 | DP36: 0 | DQ36: 0 | DR36: 0 | DS36: 0 | DT36: 0 | DU36: 0 | DV36: 0 | DW36: =+C36+G36+K36+O36+S36+W36+AA36+AE36+AI36+AM36+AQ36+AU36+AY36+BC36+BG36+BK36+BO36+BS36+BW36+CA36+CE36+CI36+CM36+CQ36+CU36+CY36+DC36+DG36+DK36+DO36+DS36 -> 1.6383679e+08 | DX36: =+D36+H36+L36+P36+T36+X36+AB36+AF36+AJ36+AN36+AR36+AV36+AZ36+BD36+BH36+BL36+BP36+BT36+BX36+CB36+CF36+CJ36+CN36+CR36+CV36+CZ36+DD36+DH36+DL36+DP36+DT36 -> 1.0034743e+08 | DY36: =+E36+I36+M36+Q36+U36+Y36+AC36+AG36+AK36+AO36+AS36+AW36+BA36+BE36+BI36+BM36+BQ36+BU36+BY36+CC36+CG36+CK36+CO36+CS36+CW36+DA36+DE36+DI36+DM36+DQ36+DU36 -> 34035920 | DZ36: =+F36+J36+N36+R36+V36+Z36+AD36+AH36+AL36+AP36+AT36+AX36+BB36+BF36+BJ36+BN36+BR36+BV36+BZ36+CD36+CH36+CL36+CP36+CT36+CX36+DB36+DF36+DJ36+DN36+DR36+DV36 -> 30115317
A37: ACT. 3.1.13. APOYO A IMPLEMENTACIÓN DE LOS PSMV E IMPLEMENTACIÓN DE ACCIONES PARA EL USO EFICIENTE Y DESCONTAMINACIÓN DEL RECURSO HÍDRICO EN EL DPTO. DEL CESAR. | C37: =1130000000/13 -> 86923077 | D37: =757126546.82/13 -> 58240504 | E37: =442466957.88/13 -> 34035920 | F37: =391499124/13 -> 30115317 | G37: 0 | H37: 0 | I37: 0 | J37: 0 | K37: 0 | L37: 0 | M37: 0 | N37: 0 | O37: 0 | P37: 0 | Q37: 0 | R37: 0 | S37: 0 | T37: 0 | U37: 0 | V37: 0 | W37: 0 | X37: 0 | Y37: 0 | Z37: 0 | AA37: 0 | AB37: 0 | AC37: 0 | AD37: 0 | AE37: =169878234.16/13 -> 13067556 | AF37: =11000000/13 -> 846153.85 | AG37: 0 | AH37: 0 | AI37: 0 | AJ37: 0 | AK37: 0 | AL37: 0 | AM37: 0 | AN37: 0 | AO37: 0 | AP37: 0 | AQ37: 0 | AR37: 0 | AS37: 0 | AT37: 0 | AU37: 0 | AV37: 0 | AW37: 0 | AX37: 0 | AY37: =170000000/13 -> 13076923 | AZ37: 0 | BA37: 0 | BB37: 0 | BG37: =660000000/13 -> 50769231 | BH37: =536390026.5/13 -> 41260771 | BI37: 0 | BJ37: 0 | BK37: 0 | BL37: 0 | BM37: 0 | BN37: 0 | BO37: 0 | BP37: 0 | BQ37: 0 | BR37: 0 | BS37: 0 | BT37: 0 | BU37: 0 | BV37: 0 | BW37: 0 | BX37: 0 | BY37: 0 | BZ37: 0 | CA37: 0 | CB37: 0 | CC37: 0 | CD37: 0 | CE37: 0 | CF37: 0 | CG37: 0 | CH37: 0 | CI37: 0 | CJ37: 0 | CK37: 0 | CL37: 0 | CM37: 0 | CN37: 0 | CO37: 0 | CP37: 0 | CQ37: 0 | CR37: 0 | CS37: 0 | CT37: 0 | CU37: 0 | CV37: 0 | CW37: 0 | CX37: 0 | CY37: 0 | CZ37: 0 | DA37: 0 | DB37: 0 | DC37: 0 | DD37: 0 | DE37: 0 | DF37: 0 | DG37: 0 | DH37: 0 | DI37: 0 | DJ37: 0 | DK37: 0 | DL37: 0 | DM37: 0 | DN37: 0 | DO37: 0 | DP37: 0 | DQ37: 0 | DR37: 0 | DS37: 0 | DT37: 0 | DU37: 0 | DV37: 0 | DW37: =+C37+G37+K37+O37+S37+W37+AA37+AE37+AI37+AM37+AQ37+AU37+AY37+BC37+BG37+BK37+BO37+BS37+BW37+CA37+CE37+CI37+CM37+CQ37+CU37+CY37+DC37+DG37+DK37+DO37+DS37 -> 1.6383679e+08 | DX37: =+D37+H37+L37+P37+T37+X37+AB37+AF37+AJ37+AN37+AR37+AV37+AZ37+BD37+BH37+BL37+BP37+BT37+BX37+CB37+CF37+CJ37+CN37+CR37+CV37+CZ37+DD37+DH37+DL37+DP37+DT37 -> 1.0034743e+08 | DY37: =+E37+I37+M37+Q37+U37+Y37+AC37+AG37+AK37+AO37+AS37+AW37+BA37+BE37+BI37+BM37+BQ37+BU37+BY37+CC37+CG37+CK37+CO37+CS37+CW37+DA37+DE37+DI37+DM37+DQ37+DU37 -> 34035920 | DZ37: =+F37+J37+N37+R37+V37+Z37+AD37+AH37+AL37+AP37+AT37+AX37+BB37+BF37+BJ37+BN37+BR37+BV37+BZ37+CD37+CH37+CL37+CP37+CT37+CX37+DB37+DF37+DJ37+DN37+DR37+DV37 -> 30115317
A38: ACT. 3.1.14. CONTROL Y SEGUIMIENTO A LOS PGIRS APROBADOS POR LA CORPORACIÓN. | C38: =1130000000/13 -> 86923077 | D38: =757126546.82/13 -> 58240504 | E38: =442466957.88/13 -> 34035920 | F38: =391499124/13 -> 30115317 | G38: 0 | H38: 0 | I38: 0 | J38: 0 | K38: 0 | L38: 0 | M38: 0 | N38: 0 | O38: 0 | P38: 0 | Q38: 0 | R38: 0 | S38: 0 | T38: 0 | U38: 0 | V38: 0 | W38: 0 | X38: 0 | Y38: 0 | Z38: 0 | AA38: 0 | AB38: 0 | AC38: 0 | AD38: 0 | AE38: =169878234.16/13 -> 13067556 | AF38: =11000000/13 -> 846153.85 | AG38: 0 | AH38: 0 | AI38: 0 | AJ38: 0 | AK38: 0 | AL38: 0 | AM38: 0 | AN38: 0 | AO38: 0 | AP38: 0 | AQ38: 0 | AR38: 0 | AS38: 0 | AT38: 0 | AU38: 0 | AV38: 0 | AW38: 0 | AX38: 0 | AY38: =170000000/13 -> 13076923 | AZ38: 0 | BA38: 0 | BB38: 0 | BG38: =660000000/13 -> 50769231 | BH38: =536390026.5/13 -> 41260771 | BI38: 0 | BJ38: 0 | BK38: 0 | BL38: 0 | BM38: 0 | BN38: 0 | BO38: 0 | BP38: 0 | BQ38: 0 | BR38: 0 | BS38: 0 | BT38: 0 | BU38: 0 | BV38: 0 | BW38: 0 | BX38: 0 | BY38: 0 | BZ38: 0 | CA38: 0 | CB38: 0 | CC38: 0 | CD38: 0 | CE38: 0 | CF38: 0 | CG38: 0 | CH38: 0 | CI38: 0 | CJ38: 0 | CK38: 0 | CL38: 0 | CM38: 0 | CN38: 0 | CO38: 0 | CP38: 0 | CQ38: 0 | CR38: 0 | CS38: 0 | CT38: 0 | CU38: 0 | CV38: 0 | CW38: 0 | CX38: 0 | CY38: 0 | CZ38: 0 | DA38: 0 | DB38: 0 | DC38: 0 | DD38: 0 | DE38: 0 | DF38: 0 | DG38: 0 | DH38: 0 | DI38: 0 | DJ38: 0 | DK38: 0 | DL38: 0 | DM38: 0 | DN38: 0 | DO38: 0 | DP38: 0 | DQ38: 0 | DR38: 0 | DS38: 0 | DT38: 0 | DU38: 0 | DV38: 0 | DW38: =+C38+G38+K38+O38+S38+W38+AA38+AE38+AI38+AM38+AQ38+AU38+AY38+BC38+BG38+BK38+BO38+BS38+BW38+CA38+CE38+CI38+CM38+CQ38+CU38+CY38+DC38+DG38+DK38+DO38+DS38 -> 1.6383679e+08 | DX38: =+D38+H38+L38+P38+T38+X38+AB38+AF38+AJ38+AN38+AR38+AV38+AZ38+BD38+BH38+BL38+BP38+BT38+BX38+CB38+CF38+CJ38+CN38+CR38+CV38+CZ38+DD38+DH38+DL38+DP38+DT38 -> 1.0034743e+08 | DY38: =+E38+I38+M38+Q38+U38+Y38+AC38+AG38+AK38+AO38+AS38+AW38+BA38+BE38+BI38+BM38+BQ38+BU38+BY38+CC38+CG38+CK38+CO38+CS38+CW38+DA38+DE38+DI38+DM38+DQ38+DU38 -> 34035920 | DZ38: =+F38+J38+N38+R38+V38+Z38+AD38+AH38+AL38+AP38+AT38+AX38+BB38+BF38+BJ38+BN38+BR38+BV38+BZ38+CD38+CH38+CL38+CP38+CT38+CX38+DB38+DF38+DJ38+DN38+DR38+DV38 -> 30115317 | EA38: =+SUM(DW25:DW38)-B25 -> 0
A39: PROYECTO 3.2 (3701). FORTALECIMIENTO INSTITUCIONAL A LOS PROCESOS ORGANIZATIVOS DE CONCERTACIÓN; GARANTÍA, PREVENCIÓN Y RESPETO DE LOS DERECHOS HUMANOS COMO FUNDAMENTOS PARA LA PAZ Y LA GOBERNANZA AMBIENTAL. | B39: =SUM(B40:B40) -> 480000000 | C39: =SUM(C40:C40) -> 300000000 | D39: =SUM(D40:D40) -> 72834550 | E39: =SUM(E40:E40) -> 72695990 | F39: =SUM(F40:F40) -> 72695990 | G39: =SUM(G40:G40) -> 0 | H39: =SUM(H40:H40) -> 0 | I39: =SUM(I40:I40) -> 0 | ... DV39: =SUM(DV40:DV40) -> 0 | DW39: =+C39+G39+K39+O39+S39+W39+AA39+AE39+AI39+AM39+AQ39+AU39+AY39+BC39+BG39+BK39+BO39+BS39+BW39+CA39+CE39+CI39+CM39+CQ39+CU39+CY39+DC39+DG39+DK39+DO39+DS39 -> 480000000 | DX39: =+D39+H39+L39+P39+T39+X39+AB39+AF39+AJ39+AN39+AR39+AV39+AZ39+BD39+BH39+BL39+BP39+BT39+BX39+CB39+CF39+CJ39+CN39+CR39+CV39+CZ39+DD39+DH39+DL39+DP39+DT39 -> 72834550 | DY39: =+E39+I39+M39+Q39+U39+Y39+AC39+AG39+AK39+AO39+AS39+AW39+BA39+BE39+BI39+BM39+BQ39+BU39+BY39+CC39+CG39+CK39+CO39+CS39+CW39+DA39+DE39+DI39+DM39+DQ39+DU39 -> 72695990 | DZ39: =+F39+J39+N39+R39+V39+Z39+AD39+AH39+AL39+AP39+AT39+AX39+BB39+BF39+BJ39+BN39+BR39+BV39+BZ39+CD39+CH39+CL39+CP39+CT39+CX39+DB39+DF39+DJ39+DN39+DR39+DV39 -> 72695990 | EA39: =+SUM(DW40)-DW39 -> 0 | EB39: =+DW39-B39 -> 0
A40: ACT. 3.2.1 (3701028). SERVICIO DE PROMOCIÓN DE DERECHOS DE LAS COMUNIDADES ÉTNICAS EN EL DPTO. (INCLUYE LA COORDINACIÓN INTERINSTITUCIONAL PARA EL APOYO A LA GESTIÓN E IMPLEMENTACIÓN DE LOS ACUERDOS DERIVADOS DE LA PROTOCOLIZACIÓN DE CONSULTAS PREVIAS). | B40: =DW39 -> 480000000 | C40: 300000000 | D40: 72834550 | E40: 72695990 | F40: 72695990 | G40: 0 | H40: 0 | I40: 0 | J40: 0 | K40: 0 | L40: 0 | M40: 0 | N40: 0 | O40: 0 | P40: 0 | Q40: 0 | R40: 0 | S40: 0 | T40: 0 | U40: 0 | V40: 0 | W40: 0 | X40: 0 | Y40: 0 | Z40: 0 | AA40: 0 | AB40: 0 | AC40: 0 | AD40: 0 | AE40: 10000000 | AF40: 0 | AG40: 0 | AH40: 0 | AI40: 0 | AJ40: 0 | AK40: 0 | AL40: 0 | AQ40: 0 | AR40: 0 | AS40: 0 | AT40: 0 | AU40: 0 | AV40: 0 | AW40: 0 | AX40: 0 | AY40: 170000000 | AZ40: 0 | BA40: 0 | BB40: 0 | BC40: 0 | BD40: 0 | BE40: 0 | BF40: 0 | BG40: 0 | BH40: 0 | BI40: 0 | BJ40: 0 | BK40: 0 | BL40: 0 | BM40: 0 | BN40: 0 | BO40: 0 | BP40: 0 | BQ40: 0 | BR40: 0 | BS40: 0 | BT40: 0 | BU40: 0 | BV40: 0 | BW40: 0 | BX40: 0 | BY40: 0 | BZ40: 0 | CA40: 0 | CB40: 0 | CC40: 0 | CD40: 0 | CE40: 0 | CF40: 0 | CG40: 0 | CH40: 0 | CI40: 0 | CJ40: 0 | CK40: 0 | CL40: 0 | CM40: 0 | CN40: 0 | CO40: 0 | CP40: 0 | CQ40: 0 | CR40: 0 | CS40: 0 | CT40: 0 | CU40: 0 | CV40: 0 | CW40: 0 | CX40: 0 | CY40: 0 | CZ40: 0 | DA40: 0 | DB40: 0 | DC40: 0 | DD40: 0 | DE40: 0 | DF40: 0 | DG40: 0 | DH40: 0 | DI40: 0 | DJ40: 0 | DK40: 0 | DL40: 0 | DM40: 0 | DN40: 0 | DO40: 0 | DP40: 0 | DQ40: 0 | DR40: 0 | DS40: 0 | DT40: 0 | DU40: 0 | DV40: 0 | DW40: =+C40+G40+K40+O40+S40+W40+AA40+AE40+AI40+AM40+AQ40+AU40+AY40+BC40+BG40+BK40+BO40+BS40+BW40+CA40+CE40+CI40+CM40+CQ40+CU40+CY40+DC40+DG40+DK40+DO40+DS40 -> 480000000 | DX40: =+D40+H40+L40+P40+T40+X40+AB40+AF40+AJ40+AN40+AR40+AV40+AZ40+BD40+BH40+BL40+BP40+BT40+BX40+CB40+CF40+CJ40+CN40+CR40+CV40+CZ40+DD40+DH40+DL40+DP40+DT40 -> 72834550 | DY40: =+E40+I40+M40+Q40+U40+Y40+AC40+AG40+AK40+AO40+AS40+AW40+BA40+BE40+BI40+BM40+BQ40+BU40+BY40+CC40+CG40+CK40+CO40+CS40+CW40+DA40+DE40+DI40+DM40+DQ40+DU40 -> 72695990 | DZ40: =+F40+J40+N40+R40+V40+Z40+AD40+AH40+AL40+AP40+AT40+AX40+BB40+BF40+BJ40+BN40+BR40+BV40+BZ40+CD40+CH40+CL40+CP40+CT40+CX40+DB40+DF40+DJ40+DN40+DR40+DV40 -> 72695990 | EA40: =+DW40-B40 -> 0
A41: PROGRAMA 4. (3205). ORDENAMIENTO AMBIENTAL TERRITORIAL. | B41: =+B42+B47 -> 4.285479e+10 | C41: =+C42+C47 -> 2320000000 | D41: =+D42+D47 -> 1.9410681e+09 | E41: =+E42+E47 -> 5.2141757e+08 | F41: =+F42+F47 -> 4.9954121e+08 | G41: =+G42+G47 -> 2603000000 | H41: =+H42+H47 -> 2378120954 | I41: =+I42+I47 -> 0 | ... DV41: =+DV42+DV47 -> 0 | DW41: =+C41+G41+K41+O41+S41+W41+AA41+AE41+AI41+AM41+AQ41+AU41+AY41+BC41+BG41+BK41+BO41+BS41+BW41+CA41+CE41+CI41+CM41+CQ41+CU41+CY41+DC41+DG41+DK41+DO41+DS41 -> 4.285479e+10 | DX41: =+D41+H41+L41+P41+T41+X41+AB41+AF41+AJ41+AN41+AR41+AV41+AZ41+BD41+BH41+BL41+BP41+BT41+BX41+CB41+CF41+CJ41+CN41+CR41+CV41+CZ41+DD41+DH41+DL41+DP41+DT41 -> 3.5788504e+10 | DY41: =+E41+I41+M41+Q41+U41+Y41+AC41+AG41+AK41+AO41+AS41+AW41+BA41+BE41+BI41+BM41+BQ41+BU41+BY41+CC41+CG41+CK41+CO41+CS41+CW41+DA41+DE41+DI41+DM41+DQ41+DU41 -> 1.5543842e+10 | DZ41: =+F41+J41+N41+R41+V41+Z41+AD41+AH41+AL41+AP41+AT41+AX41+BB41+BF41+BJ41+BN41+BR41+BV41+BZ41+CD41+CH41+CL41+CP41+CT41+CX41+DB41+DF41+DJ41+DN41+DR41+DV41 -> 1.5521966e+10
A42: PROYECTO 4.1 (3205.01). FORTALECIMIENTO DEL PROCESO DE ORDENAMIENTO TERRITORIAL COMO ESTRATEGIA PARA PROMOVER EL DESARROLLO TERRITORIAL SOSTENIBLE, EN EL DPTO. DEL CESAR, ENFOCADA A LA ATENCIÓN INTERINSTITUCIONAL DE TRES CRISIS AMBIENTALES GLOBALES. | B42: =SUM(B43) -> 503000000 | C42: =SUM(C43:C46) -> 400000000 | D42: =SUM(D43:D46) -> 233530797 | E42: =SUM(E43:E46) -> 1.5780691e+08 | F42: =SUM(F43:F46) -> 1.4639426e+08 | G42: =SUM(G43:G46) -> 103000000 | H42: =SUM(H43:H46) -> 79321501 | I42: =SUM(I43:I46) -> 0 | J42: =SUM(J43:J46) -> 0 | ... DV42: =SUM(DV43:DV46) -> 0 | DW42: =+C42+G42+K42+O42+S42+W42+AA42+AE42+AI42+AM42+AQ42+AU42+AY42+BC42+BG42+BK42+BO42+BS42+BW42+CA42+CE42+CI42+CM42+CQ42+CU42+CY42+DC42+DG42+DK42+DO42+DS42 -> 503000000 | DX42: =+D42+H42+L42+P42+T42+X42+AB42+AF42+AJ42+AN42+AR42+AV42+AZ42+BD42+BH42+BL42+BP42+BT42+BX42+CB42+CF42+CJ42+CN42+CR42+CV42+CZ42+DD42+DH42+DL42+DP42+DT42 -> 312852298 | DY42: =+E42+I42+M42+Q42+U42+Y42+AC42+AG42+AK42+AO42+AS42+AW42+BA42+BE42+BI42+BM42+BQ42+BU42+BY42+CC42+CG42+CK42+CO42+CS42+CW42+DA42+DE42+DI42+DM42+DQ42+DU42 -> 1.5780691e+08 | DZ42: =+F42+J42+N42+R42+V42+Z42+AD42+AH42+AL42+AP42+AT42+AX42+BB42+BF42+BJ42+BN42+BR42+BV42+BZ42+CD42+CH42+CL42+CP42+CT42+CX42+DB42+DF42+DJ42+DN42+DR42+DV42 -> 1.4639426e+08 | EA42: =+SUM(DW43:DW46)-DW42 -> 0 | EB42: =+DW42-B42 -> 0
A43: ACT. 4.1.1. ASISTENCIA TÉCNICA A TODOS LOS MUNICIPIOS DE LA JURISDICCIÓN EN LOS PROCESOS DE REVISIÓN Y AJUSTE DE LOS POT. | B43: =DW42 -> 503000000 | C43: =400000000/4 -> 100000000 | D43: =233530797/4 -> 58382699 | E43: =157806911.88/4 -> 39451728 | F43: =146394259.88/4 -> 36598565 | G43: =103000000/4 -> 25750000 | H43: =79321501/4 -> 19830375 | I43: 0 | J43: 0 | K43: 0 | L43: 0 | M43: 0 | N43: 0 | O43: 0 | P43: 0 | Q43: 0 | R43: 0 | S43: 0 | T43: 0 | U43: 0 | V43: 0 | W43: 0 | X43: 0 | Y43: 0 | Z43: 0 | AA43: 0 | AB43: 0 | AC43: 0 | AD43: 0 | AE43: 0 | AF43: 0 | AG43: 0 | AH43: 0 | AI43: 0 | AJ43: 0 | AK43: 0 | AL43: 0 | AM43: 0 | AN43: 0 | AO43: 0 | AP43: 0 | AQ43: 0 | AR43: 0 | AS43: 0 | AT43: 0 | AU43: 0 | AV43: 0 | AW43: 0 | AX43: 0 | AY43: 0 | AZ43: 0 | BA43: 0 | BB43: 0 | BC43: 0 | BD43: 0 | BE43: 0 | BF43: 0 | BG43: 0 | BH43: 0 | BI43: 0 | BJ43: 0 | BO43: 0 | BP43: 0 | BQ43: 0 | BR43: 0 | BS43: 0 | BT43: 0 | BU43: 0 | BV43: 0 | BW43: 0 | BX43: 0 | BY43: 0 | BZ43: 0 | CA43: 0 | CB43: 0 | CC43: 0 | CD43: 0 | CE43: 0 | CF43: 0 | CG43: 0 | CH43: 0 | CI43: 0 | CJ43: 0 | CK43: 0 | CL43: 0 | CM43: 0 | CN43: 0 | CO43: 0 | CP43: 0 | CQ43: 0 | CR43: 0 | CS43: 0 | CT43: 0 | CU43: 0 | CV43: 0 | CW43: 0 | CX43: 0 | CY43: 0 | CZ43: 0 | DA43: 0 | DB43: 0 | DC43: 0 | DD43: 0 | DE43: 0 | DF43: 0 | DG43: 0 | DH43: 0 | DI43: 0 | DJ43: 0 | DK43: 0 | DL43: 0 | DM43: 0 | DN43: 0 | DO43: 0 | DP43: 0 | DQ43: 0 | DR43: 0 | DS43: 0 | DT43: 0 | DU43: 0 | DV43: 0 | DW43: =+C43+G43+K43+O43+S43+W43+AA43+AE43+AI43+AM43+AQ43+AU43+AY43+BC43+BG43+BK43+BO43+BS43+BW43+CA43+CE43+CI43+CM43+CQ43+CU43+CY43+DC43+DG43+DK43+DO43+DS43 -> 125750000 | DX43: =+D43+H43+L43+P43+T43+X43+AB43+AF43+AJ43+AN43+AR43+AV43+AZ43+BD43+BH43+BL43+BP43+BT43+BX43+CB43+CF43+CJ43+CN43+CR43+CV43+CZ43+DD43+DH43+DL43+DP43+DT43 -> 78213074 | DY43: =+E43+I43+M43+Q43+U43+Y43+AC43+AG43+AK43+AO43+AS43+AW43+BA43+BE43+BI43+BM43+BQ43+BU43+BY43+CC43+CG43+CK43+CO43+CS43+CW43+DA43+DE43+DI43+DM43+DQ43+DU43 -> 39451728 | DZ43: =+F43+J43+N43+R43+V43+Z43+AD43+AH43+AL43+AP43+AT43+AX43+BB43+BF43+BJ43+BN43+BR43+BV43+BZ43+CD43+CH43+CL43+CP43+CT43+CX43+DB43+DF43+DJ43+DN43+DR43+DV43 -> 36598565
A44: ACT. 4.1.2. REVISIÓN Y AJUSTE DE LAS DETERMINANTES AMBIENTALES. | C44: =400000000/4 -> 100000000 | D44: =233530797/4 -> 58382699 | E44: =157806911.88/4 -> 39451728 | F44: =146394259.88/4 -> 36598565 | G44: =103000000/4 -> 25750000 | H44: =79321501/4 -> 19830375 | I44: 0 | J44: 0 | K44: 0 | L44: 0 | M44: 0 | N44: 0 | O44: 0 | P44: 0 | Q44: 0 | R44: 0 | S44: 0 | T44: 0 | U44: 0 | V44: 0 | W44: 0 | X44: 0 | Y44: 0 | Z44: 0 | AA44: 0 | AB44: 0 | AC44: 0 | AD44: 0 | AE44: 0 | AF44: 0 | AG44: 0 | AH44: 0 | AI44: 0 | AJ44: 0 | AK44: 0 | AL44: 0 | AM44: 0 | AN44: 0 | AO44: 0 | AP44: 0 | AQ44: 0 | AR44: 0 | AS44: 0 | AT44: 0 | AU44: 0 | AV44: 0 | AW44: 0 | AX44: 0 | AY44: 0 | AZ44: 0 | BA44: 0 | BB44: 0 | BC44: 0 | BD44: 0 | BE44: 0 | BF44: 0 | BG44: 0 | BH44: 0 | BI44: 0 | BJ44: 0 | BO44: 0 | BP44: 0 | BQ44: 0 | BR44: 0 | BS44: 0 | BT44: 0 | BU44: 0 | BV44: 0 | BW44: 0 | BX44: 0 | BY44: 0 | BZ44: 0 | CA44: 0 | CB44: 0 | CC44: 0 | CD44: 0 | CE44: 0 | CF44: 0 | CG44: 0 | CH44: 0 | CI44: 0 | CJ44: 0 | CK44: 0 | CL44: 0 | CM44: 0 | CN44: 0 | CO44: 0 | CP44: 0 | CQ44: 0 | CR44: 0 | CS44: 0 | CT44: 0 | CU44: 0 | CV44: 0 | CW44: 0 | CX44: 0 | CY44: 0 | CZ44: 0 | DA44: 0 | DB44: 0 | DC44: 0 | DD44: 0 | DE44: 0 | DF44: 0 | DG44: 0 | DH44: 0 | DI44: 0 | DJ44: 0 | DK44: 0 | DL44: 0 | DM44: 0 | DN44: 0 | DO44: 0 | DP44: 0 | DQ44: 0 | DR44: 0 | DS44: 0 | DT44: 0 | DU44: 0 | DV44: 0 | DW44: =+C44+G44+K44+O44+S44+W44+AA44+AE44+AI44+AM44+AQ44+AU44+AY44+BC44+BG44+BK44+BO44+BS44+BW44+CA44+CE44+CI44+CM44+CQ44+CU44+CY44+DC44+DG44+DK44+DO44+DS44 -> 125750000 | DX44: =+D44+H44+L44+P44+T44+X44+AB44+AF44+AJ44+AN44+AR44+AV44+AZ44+BD44+BH44+BL44+BP44+BT44+BX44+CB44+CF44+CJ44+CN44+CR44+CV44+CZ44+DD44+DH44+DL44+DP44+DT44 -> 78213074 | DY44: =+E44+I44+M44+Q44+U44+Y44+AC44+AG44+AK44+AO44+AS44+AW44+BA44+BE44+BI44+BM44+BQ44+BU44+BY44+CC44+CG44+CK44+CO44+CS44+CW44+DA44+DE44+DI44+DM44+DQ44+DU44 -> 39451728 | DZ44: =+F44+J44+N44+R44+V44+Z44+AD44+AH44+AL44+AP44+AT44+AX44+BB44+BF44+BJ44+BN44+BR44+BV44+BZ44+CD44+CH44+CL44+CP44+CT44+CX44+DB44+DF44+DJ44+DN44+DR44+DV44 -> 36598565
A45: ACT. 4.1.3. EVALUACIÓN, CONTROL Y/O SEGUIMIENTO DE LOS ASUNTOS AMBIENTALES CONCERTADOS EN EL PROCESO DE REVISIÓN Y/O AJUSTES DE LOS POT, PBOT Y EOT DEL CESAR. | C45: =400000000/4 -> 100000000 | D45: =233530797/4 -> 58382699 | E45: =157806911.88/4 -> 39451728 | F45: =146394259.88/4 -> 36598565 | G45: =103000000/4 -> 25750000 | H45: =79321501/4 -> 19830375 | I45: 0 | J45: 0 | K45: 0 | L45: 0 | M45: 0 | N45: 0 | O45: 0 | P45: 0 | Q45: 0 | R45: 0 | S45: 0 | T45: 0 | U45: 0 | V45: 0 | W45: 0 | X45: 0 | Y45: 0 | Z45: 0 | AA45: 0 | AB45: 0 | AC45: 0 | AD45: 0 | AE45: 0 | AF45: 0 | AG45: 0 | AH45: 0 | AI45: 0 | AJ45: 0 | AK45: 0 | AL45: 0 | AM45: 0 | AN45: 0 | AO45: 0 | AP45: 0 | AQ45: 0 | AR45: 0 | AS45: 0 | AT45: 0 | AU45: 0 | AV45: 0 | AW45: 0 | AX45: 0 | AY45: 0 | AZ45: 0 | BA45: 0 | BB45: 0 | BC45: 0 | BD45: 0 | BE45: 0 | BF45: 0 | BG45: 0 | BH45: 0 | BI45: 0 | BJ45: 0 | BO45: 0 | BP45: 0 | BQ45: 0 | BR45: 0 | BS45: 0 | BT45: 0 | BU45: 0 | BV45: 0 | BW45: 0 | BX45: 0 | BY45: 0 | BZ45: 0 | CA45: 0 | CB45: 0 | CC45: 0 | CD45: 0 | CE45: 0 | CF45: 0 | CG45: 0 | CH45: 0 | CI45: 0 | CJ45: 0 | CK45: 0 | CL45: 0 | CM45: 0 | CN45: 0 | CO45: 0 | CP45: 0 | CQ45: 0 | CR45: 0 | CS45: 0 | CT45: 0 | CU45: 0 | CV45: 0 | CW45: 0 | CX45: 0 | CY45: 0 | CZ45: 0 | DA45: 0 | DB45: 0 | DC45: 0 | DD45: 0 | DE45: 0 | DF45: 0 | DG45: 0 | DH45: 0 | DI45: 0 | DJ45: 0 | DK45: 0 | DL45: 0 | DM45: 0 | DN45: 0 | DO45: 0 | DP45: 0 | DQ45: 0 | DR45: 0 | DS45: 0 | DT45: 0 | DU45: 0 | DV45: 0 | DW45: =+C45+G45+K45+O45+S45+W45+AA45+AE45+AI45+AM45+AQ45+AU45+AY45+BC45+BG45+BK45+BO45+BS45+BW45+CA45+CE45+CI45+CM45+CQ45+CU45+CY45+DC45+DG45+DK45+DO45+DS45 -> 125750000 | DX45: =+D45+H45+L45+P45+T45+X45+AB45+AF45+AJ45+AN45+AR45+AV45+AZ45+BD45+BH45+BL45+BP45+BT45+BX45+CB45+CF45+CJ45+CN45+CR45+CV45+CZ45+DD45+DH45+DL45+DP45+DT45 -> 78213074 | DY45: =+E45+I45+M45+Q45+U45+Y45+AC45+AG45+AK45+AO45+AS45+AW45+BA45+BE45+BI45+BM45+BQ45+BU45+BY45+CC45+CG45+CK45+CO45+CS45+CW45+DA45+DE45+DI45+DM45+DQ45+DU45 -> 39451728 | DZ45: =+F45+J45+N45+R45+V45+Z45+AD45+AH45+AL45+AP45+AT45+AX45+BB45+BF45+BJ45+BN45+BR45+BV45+BZ45+CD45+CH45+CL45+CP45+CT45+CX45+DB45+DF45+DJ45+DN45+DR45+DV45 -> 36598565
A46: ACT. 4.1.4. GESTIÓN, CONTROL, SEGUIMIENTO Y REPORTE DE INDICADORES DE CALIDAD AMBIENTAL URBANA – ICAU, EN LOS MUNICIPIOS DE VALLEDUPAR, AGUACHICA, BOSCONIA Y AGUSTÍN CODAZZI EN EL MARCO DE LA POLÍTICA NACIONAL PGAU. | C46: =400000000/4 -> 100000000 | D46: =233530797/4 -> 58382699 | E46: =157806911.88/4 -> 39451728 | F46: =146394259.88/4 -> 36598565 | G46: =103000000/4 -> 25750000 | H46: =79321501/4 -> 19830375 | I46: 0 | J46: 0 | K46: 0 | L46: 0 | M46: 0 | N46: 0 | O46: 0 | P46: 0 | Q46: 0 | R46: 0 | S46: 0 | T46: 0 | U46: 0 | V46: 0 | W46: 0 | X46: 0 | Y46: 0 | Z46: 0 | AA46: 0 | AB46: 0 | AC46: 0 | AD46: 0 | AE46: 0 | AF46: 0 | AG46: 0 | AH46: 0 | AI46: 0 | AJ46: 0 | AK46: 0 | AL46: 0 | AM46: 0 | AN46: 0 | AO46: 0 | AP46: 0 | AQ46: 0 | AR46: 0 | AS46: 0 | AT46: 0 | AU46: 0 | AV46: 0 | AW46: 0 | AX46: 0 | AY46: 0 | AZ46: 0 | BA46: 0 | BB46: 0 | BC46: 0 | BD46: 0 | BE46: 0 | BF46: 0 | BG46: 0 | BH46: 0 | BI46: 0 | BJ46: 0 | BK46: 0 | BL46: 0 | BM46: 0 | BN46: 0 | BO46: 0 | BP46: 0 | BQ46: 0 | BR46: 0 | BS46: 0 | BT46: 0 | BU46: 0 | BV46: 0 | BW46: 0 | BX46: 0 | BY46: 0 | BZ46: 0 | CA46: 0 | CB46: 0 | CC46: 0 | CD46: 0 | CE46: 0 | CF46: 0 | CG46: 0 | CH46: 0 | CI46: 0 | CJ46: 0 | CK46: 0 | CL46: 0 | CM46: 0 | CN46: 0 | CO46: 0 | CP46: 0 | CQ46: 0 | CR46: 0 | CS46: 0 | CT46: 0 | CU46: 0 | CV46: 0 | CW46: 0 | CX46: 0 | CY46: 0 | CZ46: 0 | DA46: 0 | DB46: 0 | DC46: 0 | DD46: 0 | DE46: 0 | DF46: 0 | DG46: 0 | DH46: 0 | DI46: 0 | DJ46: 0 | DK46: 0 | DL46: 0 | DM46: 0 | DN46: 0 | DO46: 0 | DP46: 0 | DQ46: 0 | DR46: 0 | DS46: 0 | DT46: 0 | DU46: 0 | DV46: 0 | DW46: =+C46+G46+K46+O46+S46+W46+AA46+AE46+AI46+AM46+AQ46+AU46+AY46+BC46+BG46+BK46+BO46+BS46+BW46+CA46+CE46+CI46+CM46+CQ46+CU46+CY46+DC46+DG46+DK46+DO46+DS46 -> 125750000 | DX46: =+D46+H46+L46+P46+T46+X46+AB46+AF46+AJ46+AN46+AR46+AV46+AZ46+BD46+BH46+BL46+BP46+BT46+BX46+CB46+CF46+CJ46+CN46+CR46+CV46+CZ46+DD46+DH46+DL46+DP46+DT46 -> 78213074 | DY46: =+E46+I46+M46+Q46+U46+Y46+AC46+AG46+AK46+AO46+AS46+AW46+BA46+BE46+BI46+BM46+BQ46+BU46+BY46+CC46+CG46+CK46+CO46+CS46+CW46+DA46+DE46+DI46+DM46+DQ46+DU46 -> 39451728 | DZ46: =+F46+J46+N46+R46+V46+Z46+AD46+AH46+AL46+AP46+AT46+AX46+BB46+BF46+BJ46+BN46+BR46+BV46+BZ46+CD46+CH46+CL46+CP46+CT46+CX46+DB46+DF46+DJ46+DN46+DR46+DV46 -> 36598565 | EA46: =+SUM(DW43:DW45)-B43 -> -125750000
A47: PROYECTO 4.2 (3205.002). ESTUDIOS TÉCNICOS PARA EL ORDENAMIENTO AMBIENTAL TERRITORIAL, EN ARMONÍA CON LA APUESTA DEL PROGRAMA 2.. | B47: =SUM(B48:B50) -> 4.235179e+10 | C47: =SUM(C48:C50) -> 1920000000 | D47: =SUM(D48:D50) -> 1.7075374e+09 | E47: =SUM(E48:E50) -> 3.6361066e+08 | F47: =SUM(F48:F50) -> 3.5314695e+08 | G47: =SUM(G48:G50) -> 2500000000 | H47: =SUM(H48:H50) -> 2298799453 | I47: =SUM(I48:I50) -> 0 | ... DV47: =SUM(DV48:DV50) -> 0 | DW47: =+C47+G47+K47+O47+S47+W47+AA47+AE47+AI47+AM47+AQ47+AU47+AY47+BC47+BG47+BK47+BO47+BS47+BW47+CA47+CE47+CI47+CM47+CQ47+CU47+CY47+DC47+DG47+DK47+DO47+DS47 -> 4.235179e+10 | DX47: =+D47+H47+L47+P47+T47+X47+AB47+AF47+AJ47+AN47+AR47+AV47+AZ47+BD47+BH47+BL47+BP47+BT47+BX47+CB47+CF47+CJ47+CN47+CR47+CV47+CZ47+DD47+DH47+DL47+DP47+DT47 -> 3.5475652e+10 | DY47: =+E47+I47+M47+Q47+U47+Y47+AC47+AG47+AK47+AO47+AS47+AW47+BA47+BE47+BI47+BM47+BQ47+BU47+BY47+CC47+CG47+CK47+CO47+CS47+CW47+DA47+DE47+DI47+DM47+DQ47+DU47 -> 1.5386035e+10 | DZ47: =+F47+J47+N47+R47+V47+Z47+AD47+AH47+AL47+AP47+AT47+AX47+BB47+BF47+BJ47+BN47+BR47+BV47+BZ47+CD47+CH47+CL47+CP47+CT47+CX47+DB47+DF47+DJ47+DN47+DR47+DV47 -> 15375571522 | EA47: =+SUM(DW48:DW50)-DW47 -> 0 | EB47: =+DW47-B47 -> 0
A48: ACT 4.2.1. ELABORACIÓN DE ESTUDIOS TÉCNICOS PARA LA GESTIÓN DEL RIESGO. | B48: =DW47 -> 4.235179e+10 | C48: =1920000000/3 -> 640000000 | D48: =1707537352.94/3 -> 5.6917912e+08 | E48: =363610659.34/3 -> 1.2120355e+08 | F48: =353146946.4/3 -> 1.1771565e+08 | G48: =2500000000/3 -> 8.3333333e+08 | H48: =2298799453/3 -> 7.6626648e+08 | I48: 0 | J48: 0 | K48: 0 | L48: 0 | M48: 0 | N48: 0 | O48: 0 | P48: 0 | Q48: 0 | R48: 0 | S48: 0 | T48: 0 | U48: 0 | V48: 0 | W48: 0 | X48: 0 | Y48: 0 | Z48: 0 | AA48: 0 | AB48: 0 | AC48: 0 | AD48: 0 | AE48: 0 | AF48: 0 | AG48: 0 | AH48: 0 | AI48: 0 | AJ48: 0 | AK48: 0 | AL48: 0 | AM48: 0 | AN48: 0 | AO48: 0 | AP48: 0 | AQ48: 0 | AR48: 0 | AS48: 0 | AT48: 0 | AU48: 0 | AV48: 0 | AW48: 0 | AX48: 0 | AY48: 0 | AZ48: 0 | BA48: 0 | BB48: 0 | BC48: 3.785179e+10 | BD48: 3.1389315e+10 | BE48: 1.5022425e+10 | BF48: 1.5022425e+10 | BG48: =80000000/3 -> 26666667 | BH48: =80000000/3 -> 26666667 | BI48: 0 | BJ48: 0 | BK48: 0 | BL48: 0 | BM48: 0 | BN48: 0 | BO48: 0 | BP48: 0 | BQ48: 0 | BR48: 0 | BS48: 0 | BT48: 0 | BU48: 0 | BV48: 0 | BW48: 0 | BX48: 0 | BY48: 0 | BZ48: 0 | CA48: 0 | CB48: 0 | CC48: 0 | CD48: 0 | CE48: 0 | CF48: 0 | CG48: 0 | CH48: 0 | CI48: 0 | CJ48: 0 | CK48: 0 | CL48: 0 | CM48: 0 | CN48: 0 | CO48: 0 | CP48: 0 | CQ48: 0 | CR48: 0 | CS48: 0 | CT48: 0 | CU48: 0 | CV48: 0 | CW48: 0 | CX48: 0 | CY48: 0 | CZ48: 0 | DA48: 0 | DB48: 0 | DC48: 0 | DD48: 0 | DE48: 0 | DF48: 0 | DG48: 0 | DH48: 0 | DI48: 0 | DJ48: 0 | DK48: 0 | DL48: 0 | DM48: 0 | DN48: 0 | DO48: 0 | DP48: 0 | DQ48: 0 | DR48: 0 | DS48: 0 | DT48: 0 | DU48: 0 | DV48: 0 | DW48: =+C48+G48+K48+O48+S48+W48+AA48+AE48+AI48+AM48+AQ48+AU48+AY48+BC48+BG48+BK48+BO48+BS48+BW48+CA48+CE48+CI48+CM48+CQ48+CU48+CY48+DC48+DG48+DK48+DO48+DS48 -> 3.935179e+10 | DX48: =+D48+H48+L48+P48+T48+X48+AB48+AF48+AJ48+AN48+AR48+AV48+AZ48+BD48+BH48+BL48+BP48+BT48+BX48+CB48+CF48+CJ48+CN48+CR48+CV48+CZ48+DD48+DH48+DL48+DP48+DT48 -> 3.2751428e+10 | DY48: =+E48+I48+M48+Q48+U48+Y48+AC48+AG48+AK48+AO48+AS48+AW48+BA48+BE48+BI48+BM48+BQ48+BU48+BY48+CC48+CG48+CK48+CO48+CS48+CW48+DA48+DE48+DI48+DM48+DQ48+DU48 -> 1.5143628e+10 | DZ48: =+F48+J48+N48+R48+V48+Z48+AD48+AH48+AL48+AP48+AT48+AX48+BB48+BF48+BJ48+BN48+BR48+BV48+BZ48+CD48+CH48+CL48+CP48+CT48+CX48+DB48+DF48+DJ48+DN48+DR48+DV48 -> 1.514014e+10
A49: ACT. 4.2.2. PRIORIZACIÓN, GESTIÓN Y EJECUCIÓN DE ACCIONES DE CONOCIMIENTO DEL RIESGO EN ÁREAS ESPECÍFICAS DE ECOSISTEMAS SUCEPTIBLES DE AFECTACIÓN. | C49: =1920000000/3 -> 640000000 | D49: =1707537352.94/3 -> 5.6917912e+08 | E49: =363610659.34/3 -> 1.2120355e+08 | F49: =353146946.4/3 -> 1.1771565e+08 | G49: =2500000000/3 -> 8.3333333e+08 | H49: =2298799453/3 -> 7.6626648e+08 | I49: 0 | J49: 0 | K49: 0 | L49: 0 | M49: 0 | N49: 0 | O49: 0 | P49: 0 | Q49: 0 | R49: 0 | S49: 0 | T49: 0 | U49: 0 | V49: 0 | W49: 0 | X49: 0 | Y49: 0 | Z49: 0 | AA49: 0 | AB49: 0 | AC49: 0 | AD49: 0 | AE49: 0 | AF49: 0 | AG49: 0 | AH49: 0 | AI49: 0 | AJ49: 0 | AK49: 0 | AL49: 0 | AM49: 0 | AN49: 0 | AO49: 0 | AP49: 0 | AQ49: 0 | AR49: 0 | AS49: 0 | AT49: 0 | AU49: 0 | AV49: 0 | AW49: 0 | AX49: 0 | AY49: 0 | AZ49: 0 | BA49: 0 | BB49: 0 | BG49: =80000000/3 -> 26666667 | BH49: =80000000/3 -> 26666667 | BI49: 0 | BJ49: 0 | BK49: 0 | BL49: 0 | BM49: 0 | BN49: 0 | BO49: 0 | BP49: 0 | BQ49: 0 | BR49: 0 | BS49: 0 | BT49: 0 | BU49: 0 | BV49: 0 | BW49: 0 | BX49: 0 | BY49: 0 | BZ49: 0 | CA49: 0 | CB49: 0 | CC49: 0 | CD49: 0 | CE49: 0 | CF49: 0 | CG49: 0 | CH49: 0 | CI49: 0 | CJ49: 0 | CK49: 0 | CL49: 0 | CM49: 0 | CN49: 0 | CO49: 0 | CP49: 0 | CQ49: 0 | CR49: 0 | CS49: 0 | CT49: 0 | CU49: 0 | CV49: 0 | CW49: 0 | CX49: 0 | CY49: 0 | CZ49: 0 | DA49: 0 | DB49: 0 | DC49: 0 | DD49: 0 | DE49: 0 | DF49: 0 | DG49: 0 | DH49: 0 | DI49: 0 | DJ49: 0 | DK49: 0 | DL49: 0 | DM49: 0 | DN49: 0 | DO49: 0 | DP49: 0 | DQ49: 0 | DR49: 0 | DS49: 0 | DT49: 0 | DU49: 0 | DV49: 0 | DW49: =+C49+G49+K49+O49+S49+W49+AA49+AE49+AI49+AM49+AQ49+AU49+AY49+BC49+BG49+BK49+BO49+BS49+BW49+CA49+CE49+CI49+CM49+CQ49+CU49+CY49+DC49+DG49+DK49+DO49+DS49 -> 1.5e+09 | DX49: =+D49+H49+L49+P49+T49+X49+AB49+AF49+AJ49+AN49+AR49+AV49+AZ49+BD49+BH49+BL49+BP49+BT49+BX49+CB49+CF49+CJ49+CN49+CR49+CV49+CZ49+DD49+DH49+DL49+DP49+DT49 -> 1.3621123e+09 | DY49: =+E49+I49+M49+Q49+U49+Y49+AC49+AG49+AK49+AO49+AS49+AW49+BA49+BE49+BI49+BM49+BQ49+BU49+BY49+CC49+CG49+CK49+CO49+CS49+CW49+DA49+DE49+DI49+DM49+DQ49+DU49 -> 1.2120355e+08 | DZ49: =+F49+J49+N49+R49+V49+Z49+AD49+AH49+AL49+AP49+AT49+AX49+BB49+BF49+BJ49+BN49+BR49+BV49+BZ49+CD49+CH49+CL49+CP49+CT49+CX49+DB49+DF49+DJ49+DN49+DR49+DV49 -> 1.1771565e+08
A50: ACT 4.2.3. EJECUCIÓN DE ACCIONES ESTRUCTURALES Y NO ESTRUCTURALES PARA LA REDUCCION DEL RIESGO EN LA JURISDICCIÓN DE LA CORPORACIÓN. | C50: =1920000000/3 -> 640000000 | D50: =1707537352.94/3 -> 5.6917912e+08 | E50: =363610659.34/3 -> 1.2120355e+08 | F50: =353146946.4/3 -> 1.1771565e+08 | G50: =2500000000/3 -> 8.3333333e+08 | H50: =2298799453/3 -> 7.6626648e+08 | I50: 0 | J50: 0 | K50: 0 | L50: 0 | M50: 0 | N50: 0 | O50: 0 | P50: 0 | Q50: 0 | R50: 0 | S50: 0 | T50: 0 | U50: 0 | V50: 0 | W50: 0 | X50: 0 | Y50: 0 | Z50: 0 | AA50: 0 | AB50: 0 | AC50: 0 | AD50: 0 | AE50: 0 | AF50: 0 | AG50: 0 | AH50: 0 | AI50: 0 | AJ50: 0 | AK50: 0 | AL50: 0 | AM50: 0 | AN50: 0 | AO50: 0 | AP50: 0 | AQ50: 0 | AR50: 0 | AS50: 0 | AT50: 0 | AU50: 0 | AV50: 0 | AW50: 0 | AX50: 0 | AY50: 0 | AZ50: 0 | BA50: 0 | BB50: 0 | BG50: =80000000/3 -> 26666667 | BH50: =80000000/3 -> 26666667 | BI50: 0 | BJ50: 0 | BK50: 0 | BL50: 0 | BM50: 0 | BN50: 0 | BO50: 0 | BP50: 0 | BQ50: 0 | BR50: 0 | BS50: 0 | BT50: 0 | BU50: 0 | BV50: 0 | BW50: 0 | BX50: 0 | BY50: 0 | BZ50: 0 | CA50: 0 | CB50: 0 | CC50: 0 | CD50: 0 | CE50: 0 | CF50: 0 | CG50: 0 | CH50: 0 | CI50: 0 | CJ50: 0 | CK50: 0 | CL50: 0 | CM50: 0 | CN50: 0 | CO50: 0 | CP50: 0 | CQ50: 0 | CR50: 0 | CS50: 0 | CT50: 0 | CU50: 0 | CV50: 0 | CW50: 0 | CX50: 0 | CY50: 0 | CZ50: 0 | DA50: 0 | DB50: 0 | DC50: 0 | DD50: 0 | DE50: 0 | DF50: 0 | DG50: 0 | DH50: 0 | DI50: 0 | DJ50: 0 | DK50: 0 | DL50: 0 | DM50: 0 | DN50: 0 | DO50: 0 | DP50: 0 | DQ50: 0 | DR50: 0 | DS50: 0 | DT50: 0 | DU50: 0 | DV50: 0 | DW50: =+C50+G50+K50+O50+S50+W50+AA50+AE50+AI50+AM50+AQ50+AU50+AY50+BC50+BG50+BK50+BO50+BS50+BW50+CA50+CE50+CI50+CM50+CQ50+CU50+CY50+DC50+DG50+DK50+DO50+DS50 -> 1.5e+09 | DX50: =+D50+H50+L50+P50+T50+X50+AB50+AF50+AJ50+AN50+AR50+AV50+AZ50+BD50+BH50+BL50+BP50+BT50+BX50+CB50+CF50+CJ50+CN50+CR50+CV50+CZ50+DD50+DH50+DL50+DP50+DT50 -> 1.3621123e+09 | DY50: =+E50+I50+M50+Q50+U50+Y50+AC50+AG50+AK50+AO50+AS50+AW50+BA50+BE50+BI50+BM50+BQ50+BU50+BY50+CC50+CG50+CK50+CO50+CS50+CW50+DA50+DE50+DI50+DM50+DQ50+DU50 -> 1.2120355e+08 | DZ50: =+F50+J50+N50+R50+V50+Z50+AD50+AH50+AL50+AP50+AT50+AX50+BB50+BF50+BJ50+BN50+BR50+BV50+BZ50+CD50+CH50+CL50+CP50+CT50+CX50+DB50+DF50+DJ50+DN50+DR50+DV50 -> 1.1771565e+08 | EA50: =+SUM(DW48:DW50)-B48 -> 0
A51: LÍNEA ESTRATÉGICA TRANSVERSAL 5. GESTIÓN DE ASUNTOS AMBIENTALES SECTORIALES. | B51: =+B52 -> 2.7179933e+10 | C51: =+C52 -> 2542000000 | D51: =+D52 -> 2.180011e+09 | E51: =+E52 -> 1.1580381e+09 | F51: =+F52 -> 1.1434748e+09 | G51: =+G52 -> 2.5331695e+09 | H51: =+H52 -> 300000000 | I51: =+I52 -> 0 | ... DV51: =+DV52 -> 0 | DW51: =+C51+G51+K51+O51+S51+W51+AA51+AE51+AI51+AM51+AQ51+AU51+AY51+BC51+BG51+BK51+BO51+BS51+BW51+CA51+CE51+CI51+CM51+CQ51+CU51+CY51+DC51+DG51+DK51+DO51+DS51 -> 2.7179933e+10 | DX51: =+D51+H51+L51+P51+T51+X51+AB51+AF51+AJ51+AN51+AR51+AV51+AZ51+BD51+BH51+BL51+BP51+BT51+BX51+CB51+CF51+CJ51+CN51+CR51+CV51+CZ51+DD51+DH51+DL51+DP51+DT51 -> 2.254685e+10 | DY51: =+E51+I51+M51+Q51+U51+Y51+AC51+AG51+AK51+AO51+AS51+AW51+BA51+BE51+BI51+BM51+BQ51+BU51+BY51+CC51+CG51+CK51+CO51+CS51+CW51+DA51+DE51+DI51+DM51+DQ51+DU51 -> 5.7216843e+09 | DZ51: =+F51+J51+N51+R51+V51+Z51+AD51+AH51+AL51+AP51+AT51+AX51+BB51+BF51+BJ51+BN51+BR51+BV51+BZ51+CD51+CH51+CL51+CP51+CT51+CX51+DB51+DF51+DJ51+DN51+DR51+DV51 -> 5.3275502e+09
A52: PROGRAMA 5. 3202. CONSERVACIÓN DE LA BIODIVERSIDAD Y SUS SERVICIOS ECOSISTÉMICOS. | B52: =+B53+B57+B63 -> 2.7179933e+10 | C52: =+C53+C57+C63 -> 2542000000 | D52: =+D53+D57+D63 -> 2.180011e+09 | E52: =+E53+E57+E63 -> 1.1580381e+09 | F52: =+F53+F57+F63 -> 1.1434748e+09 | G52: =+G53+G57+G63 -> 2.5331695e+09 | H52: =+H53+H57+H63 -> 300000000 | I52: =+I53+I57+I63 -> 0 | ... DV52: =+DV53+DV57+DV63 -> 0 | DW52: =+C52+G52+K52+O52+S52+W52+AA52+AE52+AI52+AM52+AQ52+AU52+AY52+BC52+BG52+BK52+BO52+BS52+BW52+CA52+CE52+CI52+CM52+CQ52+CU52+CY52+DC52+DG52+DK52+DO52+DS52 -> 2.7179933e+10 | DX52: =+D52+H52+L52+P52+T52+X52+AB52+AF52+AJ52+AN52+AR52+AV52+AZ52+BD52+BH52+BL52+BP52+BT52+BX52+CB52+CF52+CJ52+CN52+CR52+CV52+CZ52+DD52+DH52+DL52+DP52+DT52 -> 2.254685e+10 | DY52: =+E52+I52+M52+Q52+U52+Y52+AC52+AG52+AK52+AO52+AS52+AW52+BA52+BE52+BI52+BM52+BQ52+BU52+BY52+CC52+CG52+CK52+CO52+CS52+CW52+DA52+DE52+DI52+DM52+DQ52+DU52 -> 5.7216843e+09 | DZ52: =+F52+J52+N52+R52+V52+Z52+AD52+AH52+AL52+AP52+AT52+AX52+BB52+BF52+BJ52+BN52+BR52+BV52+BZ52+CD52+CH52+CL52+CP52+CT52+CX52+DB52+DF52+DJ52+DN52+DR52+DV52 -> 5.3275502e+09
A53: PROYECTO 5.1. (3202.001). COORDINACIÓN Y DESARROLLO DE PORTAFOLIOS DE SISTEMAS SOSTENIBLES DE CONSERVACIÓN - SSC- (CONSERVACIÓN, RESTAURACIÓN, MANEJO SOSTENIBLE, AGROFORESTALES, RECONVERSIÓN PRODUCTIVA) EN EL DEPARTAMENTO DEL CESAR | B53: =SUM(B54:B56) -> 1.4090866e+10 | C53: =SUM(C54:C56) -> 400000000 | D53: =SUM(D54:D56) -> 2.5086982e+08 | E53: =SUM(E54:E56) -> 1.3583774e+08 | F53: =SUM(F54:F56) -> 124992786 | G53: =SUM(G54:G56) -> 2.3831695e+09 | H53: =SUM(H54:H56) -> 300000000 | I53: =SUM(I54:I56) -> 0 | ... DV53: =SUM(DV54:DV56) -> 0 | DW53: =+C53+G53+K53+O53+S53+W53+AA53+AE53+AI53+AM53+AQ53+AU53+AY53+BC53+BG53+BK53+BO53+BS53+BW53+CA53+CE53+CI53+CM53+CQ53+CU53+CY53+DC53+DG53+DK53+DO53+DS53 -> 1.4090866e+10 | DX53: =+D53+H53+L53+P53+T53+X53+AB53+AF53+AJ53+AN53+AR53+AV53+AZ53+BD53+BH53+BL53+BP53+BT53+BX53+CB53+CF53+CJ53+CN53+CR53+CV53+CZ53+DD53+DH53+DL53+DP53+DT53 -> 1.0165804e+10 | DY53: =+E53+I53+M53+Q53+U53+Y53+AC53+AG53+AK53+AO53+AS53+AW53+BA53+BE53+BI53+BM53+BQ53+BU53+BY53+CC53+CG53+CK53+CO53+CS53+CW53+DA53+DE53+DI53+DM53+DQ53+DU53 -> 1.9724246e+09 | DZ53: =+F53+J53+N53+R53+V53+Z53+AD53+AH53+AL53+AP53+AT53+AX53+BB53+BF53+BJ53+BN53+BR53+BV53+BZ53+CD53+CH53+CL53+CP53+CT53+CX53+DB53+DF53+DJ53+DN53+DR53+DV53 -> 1.9615797e+09 | EA53: =+SUM(DW54:DW56)-DW53 -> 0 | EB53: =+DW53-B53 -> 0
A54: ACT. 5.1.1. COORDINACIÓN, CONCIENCIACIÓN DE ACTORES ENTORNO AL PROCESO DE VISIÓN DE SISTEMAS SOSTENIBLES DE CONSERVACIÓN -SSC. (INCLUYE LA CREACIÓN DE ALIANZAS Y EL ACOMPAÑAMIENTO RESPECTIVO EN LA EJECUCIÓN DE ACCIONES ESTRATÉGICAS). | B54: =DW53 -> 1.4090866e+10 | C54: =400000000/3 -> 1.3333333e+08 | D54: =250869818.94/3 -> 83623273 | E54: =135837738.94/3 -> 45279246 | F54: =124992786/3 -> 41664262 | G54: =2383169452.6/3 -> 7.9438982e+08 | H54: =300000000/3 -> 100000000 | I54: 0 | J54: 0 | K54: 0 | L54: 0 | M54: 0 | N54: 0 | O54: 0 | P54: 0 | Q54: 0 | R54: 0 | S54: 0 | T54: 0 | U54: 0 | V54: 0 | W54: 0 | X54: 0 | Y54: 0 | Z54: 0 | AA54: 0 | AB54: 0 | AC54: 0 | AD54: 0 | AE54: 0 | AF54: 0 | AG54: 0 | AH54: 0 | AI54: 0 | AJ54: 0 | AK54: 0 | AL54: 0 | AM54: =200000000/3 -> 66666667 | AN54: =38919320/3 -> 12973107 | AO54: =8000000/3 -> 2666666.7 | AP54: =8000000/3 -> 2666666.7 | AQ54: 0 | AR54: 0 | AS54: 0 | AT54: 0 | AU54: 0 | AV54: 0 | AW54: 0 | AX54: 0 | AY54: 0 | AZ54: 0 | BA54: 0 | BB54: 0 | BC54: 1.1107696e+10 | BD54: 9576014757 | BE54: 1.8285869e+09 | BF54: 1.8285869e+09 | BG54: 0 | BH54: 0 | BI54: 0 | BJ54: 0 | BO54: 0 | BP54: 0 | BQ54: 0 | BR54: 0 | BS54: 0 | BT54: 0 | BU54: 0 | BV54: 0 | BW54: 0 | BX54: 0 | BY54: 0 | BZ54: 0 | CA54: 0 | CB54: 0 | CC54: 0 | CD54: 0 | CE54: 0 | CF54: 0 | CG54: 0 | CH54: 0 | CI54: 0 | CJ54: 0 | CK54: 0 | CL54: 0 | CM54: 0 | CN54: 0 | CO54: 0 | CP54: 0 | CQ54: 0 | CR54: 0 | CS54: 0 | CT54: 0 | CU54: 0 | CV54: 0 | CW54: 0 | CX54: 0 | CY54: 0 | CZ54: 0 | DA54: 0 | DB54: 0 | DC54: 0 | DD54: 0 | DE54: 0 | DF54: 0 | DG54: 0 | DH54: 0 | DI54: 0 | DJ54: 0 | DK54: 0 | DL54: 0 | DM54: 0 | DN54: 0 | DO54: 0 | DP54: 0 | DQ54: 0 | DS54: 0 | DT54: 0 | DU54: 0 | DV54: 0 | DW54: =+C54+G54+K54+O54+S54+W54+AA54+AE54+AI54+AM54+AQ54+AU54+AY54+BC54+BG54+BK54+BO54+BS54+BW54+CA54+CE54+CI54+CM54+CQ54+CU54+CY54+DC54+DG54+DK54+DO54+DS54 -> 1.2102086e+10 | DX54: =+D54+H54+L54+P54+T54+X54+AB54+AF54+AJ54+AN54+AR54+AV54+AZ54+BD54+BH54+BL54+BP54+BT54+BX54+CB54+CF54+CJ54+CN54+CR54+CV54+CZ54+DD54+DH54+DL54+DP54+DT54 -> 9.7726111e+09 | DY54: =+E54+I54+M54+Q54+U54+Y54+AC54+AG54+AK54+AO54+AS54+AW54+BA54+BE54+BI54+BM54+BQ54+BU54+BY54+CC54+CG54+CK54+CO54+CS54+CW54+DA54+DE54+DI54+DM54+DQ54+DU54 -> 1.8765328e+09 | DZ54: =+F54+J54+N54+R54+V54+Z54+AD54+AH54+AL54+AP54+AT54+AX54+BB54+BF54+BJ54+BN54+BR54+BV54+BZ54+CD54+CH54+CL54+CP54+CT54+CX54+DB54+DF54+DJ54+DN54+DR54+DV54 -> 1.8729178e+09
A55: ACT. 5.1.2. GESTIÓN SINÉRGICA PARA LA PROMOCIÓN Y CREACIÓN DE CAPACIDAD TÉCNICA PARA LA IMPLEMENTACIÓN DEL MANEJO SSC. (INCLUYE FORTALECIMIENTO Y ACOMPAÑAMIENTO A TRAVÉS DE CAPACITACIONES PARA EL MANEJO DEL SSC). | C55: =400000000/3 -> 1.3333333e+08 | D55: =250869818.94/3 -> 83623273 | E55: =135837738.94/3 -> 45279246 | F55: =124992786/3 -> 41664262 | G55: =2383169452.6/3 -> 7.9438982e+08 | H55: =300000000/3 -> 100000000 | I55: 0 | J55: 0 | K55: 0 | L55: 0 | M55: 0 | N55: 0 | O55: 0 | P55: 0 | Q55: 0 | R55: 0 | S55: 0 | T55: 0 | U55: 0 | V55: 0 | W55: 0 | X55: 0 | Y55: 0 | Z55: 0 | AA55: 0 | AB55: 0 | AC55: 0 | AD55: 0 | AE55: 0 | AF55: 0 | AG55: 0 | AH55: 0 | AI55: 0 | AJ55: 0 | AK55: 0 | AL55: 0 | AM55: =200000000/3 -> 66666667 | AN55: =38919320/3 -> 12973107 | AO55: =8000000/3 -> 2666666.7 | AP55: =8000000/3 -> 2666666.7 | AQ55: 0 | AR55: 0 | AS55: 0 | AT55: 0 | AU55: 0 | AV55: 0 | AW55: 0 | AX55: 0 | AY55: 0 | AZ55: 0 | BA55: 0 | BB55: 0 | BG55: 0 | BH55: 0 | BI55: 0 | BJ55: 0 | BO55: 0 | BP55: 0 | BQ55: 0 | BR55: 0 | BS55: 0 | BT55: 0 | BU55: 0 | BV55: 0 | BW55: 0 | BX55: 0 | BY55: 0 | BZ55: 0 | CA55: 0 | CB55: 0 | CC55: 0 | CD55: 0 | CE55: 0 | CF55: 0 | CG55: 0 | CH55: 0 | CI55: 0 | CJ55: 0 | CK55: 0 | CL55: 0 | CM55: 0 | CN55: 0 | CO55: 0 | CP55: 0 | CQ55: 0 | CR55: 0 | CS55: 0 | CT55: 0 | CU55: 0 | CV55: 0 | CW55: 0 | CX55: 0 | CY55: 0 | CZ55: 0 | DA55: 0 | DB55: 0 | DC55: 0 | DD55: 0 | DE55: 0 | DF55: 0 | DG55: 0 | DH55: 0 | DI55: 0 | DJ55: 0 | DK55: 0 | DL55: 0 | DM55: 0 | DN55: 0 | DO55: 0 | DP55: 0 | DQ55: 0 | DS55: 0 | DT55: 0 | DU55: 0 | DV55: 0 | DW55: =+C55+G55+K55+O55+S55+W55+AA55+AE55+AI55+AM55+AQ55+AU55+AY55+BC55+BG55+BK55+BO55+BS55+BW55+CA55+CE55+CI55+CM55+CQ55+CU55+CY55+DC55+DG55+DK55+DO55+DS55 -> 9.9438982e+08 | DX55: =+D55+H55+L55+P55+T55+X55+AB55+AF55+AJ55+AN55+AR55+AV55+AZ55+BD55+BH55+BL55+BP55+BT55+BX55+CB55+CF55+CJ55+CN55+CR55+CV55+CZ55+DD55+DH55+DL55+DP55+DT55 -> 1.9659638e+08 | DY55: =+E55+I55+M55+Q55+U55+Y55+AC55+AG55+AK55+AO55+AS55+AW55+BA55+BE55+BI55+BM55+BQ55+BU55+BY55+CC55+CG55+CK55+CO55+CS55+CW55+DA55+DE55+DI55+DM55+DQ55+DU55 -> 47945913 | DZ55: =+F55+J55+N55+R55+V55+Z55+AD55+AH55+AL55+AP55+AT55+AX55+BB55+BF55+BJ55+BN55+BR55+BV55+BZ55+CD55+CH55+CL55+CP55+CT55+CX55+DB55+DF55+DJ55+DN55+DR55+DV55 -> 44330929
A56: ACT. 5.1.3. APOYO PARA LA FORMULACIÓN, SEGUIMIENTO Y EVALUACIÓN DE PROYECTOS PILOTOS Y/O ESTRATÉGICOS DE SSC. | C56: =400000000/3 -> 1.3333333e+08 | D56: =250869818.94/3 -> 83623273 | E56: =135837738.94/3 -> 45279246 | F56: =124992786/3 -> 41664262 | G56: =2383169452.6/3 -> 7.9438982e+08 | H56: =300000000/3 -> 100000000 | I56: 0 | J56: 0 | K56: 0 | L56: 0 | M56: 0 | N56: 0 | O56: 0 | P56: 0 | Q56: 0 | R56: 0 | S56: 0 | T56: 0 | U56: 0 | V56: 0 | W56: 0 | X56: 0 | Y56: 0 | Z56: 0 | AA56: 0 | AB56: 0 | AC56: 0 | AD56: 0 | AE56: 0 | AF56: 0 | AG56: 0 | AH56: 0 | AI56: 0 | AJ56: 0 | AK56: 0 | AL56: 0 | AM56: =200000000/3 -> 66666667 | AN56: =38919320/3 -> 12973107 | AO56: =8000000/3 -> 2666666.7 | AP56: =8000000/3 -> 2666666.7 | AQ56: 0 | AR56: 0 | AS56: 0 | AT56: 0 | AU56: 0 | AV56: 0 | AW56: 0 | AX56: 0 | AY56: 0 | AZ56: 0 | BA56: 0 | BB56: 0 | BC56: 0 | BD56: 0 | BE56: 0 | BF56: 0 | BG56: 0 | BH56: 0 | BI56: 0 | BJ56: 0 | BO56: 0 | BP56: 0 | BQ56: 0 | BR56: 0 | BS56: 0 | BT56: 0 | BU56: 0 | BV56: 0 | BW56: 0 | BX56: 0 | BY56: 0 | BZ56: 0 | CA56: 0 | CB56: 0 | CC56: 0 | CD56: 0 | CE56: 0 | CF56: 0 | CG56: 0 | CH56: 0 | CI56: 0 | CJ56: 0 | CK56: 0 | CL56: 0 | CM56: 0 | CN56: 0 | CO56: 0 | CP56: 0 | CQ56: 0 | CR56: 0 | CS56: 0 | CT56: 0 | CU56: 0 | CV56: 0 | CW56: 0 | CX56: 0 | CY56: 0 | CZ56: 0 | DA56: 0 | DB56: 0 | DC56: 0 | DD56: 0 | DE56: 0 | DF56: 0 | DG56: 0 | DH56: 0 | DI56: 0 | DJ56: 0 | DK56: 0 | DL56: 0 | DM56: 0 | DN56: 0 | DO56: 0 | DP56: 0 | DQ56: 0 | DR56: 0 | DS56: 0 | DT56: 0 | DU56: 0 | DV56: 0 | DW56: =+C56+G56+K56+O56+S56+W56+AA56+AE56+AI56+AM56+AQ56+AU56+AY56+BC56+BG56+BK56+BO56+BS56+BW56+CA56+CE56+CI56+CM56+CQ56+CU56+CY56+DC56+DG56+DK56+DO56+DS56 -> 9.9438982e+08 | DX56: =+D56+H56+L56+P56+T56+X56+AB56+AF56+AJ56+AN56+AR56+AV56+AZ56+BD56+BH56+BL56+BP56+BT56+BX56+CB56+CF56+CJ56+CN56+CR56+CV56+CZ56+DD56+DH56+DL56+DP56+DT56 -> 1.9659638e+08 | DY56: =+E56+I56+M56+Q56+U56+Y56+AC56+AG56+AK56+AO56+AS56+AW56+BA56+BE56+BI56+BM56+BQ56+BU56+BY56+CC56+CG56+CK56+CO56+CS56+CW56+DA56+DE56+DI56+DM56+DQ56+DU56 -> 47945913 | DZ56: =+F56+J56+N56+R56+V56+Z56+AD56+AH56+AL56+AP56+AT56+AX56+BB56+BF56+BJ56+BN56+BR56+BV56+BZ56+CD56+CH56+CL56+CP56+CT56+CX56+DB56+DF56+DJ56+DN56+DR56+DV56 -> 44330929 | EA56: =+SUM(DW54:DW56)-B54 -> 0
A57: PROYECTO 5.2 (3202049). FORTALECIMIENTO, GESTIÓN E IMPLEMENTACIÓN DE MEDIDAS PARA EL MANEJO DE LA FAUNA Y FLORA, EN EL DEPARTAMENTO DEL CESAR. | B57: =SUM(B58:B62) -> 1.2333067e+10 | C57: =SUM(C58:C62) -> 1650000000 | D57: =SUM(D58:D62) -> 1.6219576e+09 | E57: =SUM(E58:E62) -> 9.6027506e+08 | F57: =SUM(F58:F62) -> 9.5655671e+08 | G57: =SUM(G58:G62) -> 150000000 | H57: =SUM(H58:H62) -> 0 | I57: =SUM(I58:I62) -> 0 | ... DV57: =SUM(DV58:DV62) -> 0 | DW57: =+C57+G57+K57+O57+S57+W57+AA57+AE57+AI57+AM57+AQ57+AU57+AY57+BC57+BG57+BK57+BO57+BS57+BW57+CA57+CE57+CI57+CM57+CQ57+CU57+CY57+DC57+DG57+DK57+DO57+DS57 -> 1.2333067e+10 | DX57: =+D57+H57+L57+P57+T57+X57+AB57+AF57+AJ57+AN57+AR57+AV57+AZ57+BD57+BH57+BL57+BP57+BT57+BX57+CB57+CF57+CJ57+CN57+CR57+CV57+CZ57+DD57+DH57+DL57+DP57+DT57 -> 1.2010652e+10 | DY57: =+E57+I57+M57+Q57+U57+Y57+AC57+AG57+AK57+AO57+AS57+AW57+BA57+BE57+BI57+BM57+BQ57+BU57+BY57+CC57+CG57+CK57+CO57+CS57+CW57+DA57+DE57+DI57+DM57+DQ57+DU57 -> 3.6639967e+09 | DZ57: =+F57+J57+N57+R57+V57+Z57+AD57+AH57+AL57+AP57+AT57+AX57+BB57+BF57+BJ57+BN57+BR57+BV57+BZ57+CD57+CH57+CL57+CP57+CT57+CX57+DB57+DF57+DJ57+DN57+DR57+DV57 -> 3.2807076e+09 | EA57: =+SUM(DW58:DW62)-DW57 -> 0 | EB57: =+DW57-B57 -> 0
A58: ACT. 5.2.1. FORTALECIMIENTO DE GOBERNANZA FORESTAL EN LA JURISDICCIÓN DE CORPOCESAR. | B58: =DW57 -> 1.2333067e+10 | C58: =1650000000/5 -> 330000000 | D58: =1621957608.38/5 -> 3.2439152e+08 | E58: =960275059.72/5 -> 1.9205501e+08 | F58: =956556709.72/5 -> 1.9131134e+08 | G58: =150000000/5 -> 30000000 | H58: 0 | I58: 0 | J58: 0 | K58: 0 | L58: 0 | M58: 0 | N58: 0 | O58: 0 | P58: 0 | Q58: 0 | R58: 0 | S58: 0 | T58: 0 | U58: 0 | V58: 0 | W58: 0 | X58: 0 | Y58: 0 | Z58: 0 | AA58: 0 | AB58: 0 | AC58: 0 | AD58: 0 | AE58: 0 | AF58: 0 | AG58: 0 | AH58: 0 | AI58: 0 | AJ58: 0 | AK58: 0 | AL58: 0 | AM58: =160000000/5 -> 32000000 | AN58: =65627488/5 -> 13125498 | AO58: =36822524/5 -> 7364504.8 | AP58: =26552666/5 -> 5310533.2 | AQ58: 0 | AR58: 0 | AS58: 0 | AT58: 0 | AU58: 0 | AV58: 0 | AW58: 0 | AX58: 0 | AY58: 0 | AZ58: 0 | BA58: 0 | BB58: 0 | BG58: 0 | BH58: 0 | BI58: 0 | BJ58: 0 | BK58: =350000000/3 -> 1.1666667e+08 | BL58: =300000000/3 -> 100000000 | BN58: 0 | BO58: 0 | BP58: 0 | BQ58: 0 | BR58: 0 | BS58: 0 | BT58: 0 | BU58: 0 | BV58: 0 | BW58: 0 | BX58: 0 | BY58: 0 | BZ58: 0 | CA58: 0 | CB58: 0 | CC58: 0 | CD58: 0 | CE58: 0 | CF58: 0 | CG58: 0 | CH58: 0 | CI58: 0 | CJ58: 0 | CK58: 0 | CL58: 0 | CM58: 0 | CN58: 0 | CO58: 0 | CP58: 0 | CQ58: 0 | CR58: 0 | CS58: 0 | CT58: 0 | CU58: 0 | CV58: 0 | CW58: 0 | CX58: 0 | CY58: 0 | CZ58: 0 | DA58: 0 | DB58: 0 | DC58: 0 | DD58: 0 | DE58: 0 | DF58: 0 | DG58: 0 | DH58: 0 | DI58: 0 | DJ58: 0 | DK58: 0 | DL58: 0 | DM58: 0 | DN58: 0 | DO58: 0 | DP58: 0 | DQ58: 0 | DR58: 0 | DS58: 0 | DT58: 0 | DU58: 0 | DV58: 0 | DW58: =+C58+G58+K58+O58+S58+W58+AA58+AE58+AI58+AM58+AQ58+AU58+AY58+BC58+BG58+BK58+BO58+BS58+BW58+CA58+CE58+CI58+CM58+CQ58+CU58+CY58+DC58+DG58+DK58+DO58+DS58 -> 5.0866667e+08 | DX58: =+D58+H58+L58+P58+T58+X58+AB58+AF58+AJ58+AN58+AR58+AV58+AZ58+BD58+BH58+BL58+BP58+BT58+BX58+CB58+CF58+CJ58+CN58+CR58+CV58+CZ58+DD58+DH58+DL58+DP58+DT58 -> 4.3751702e+08 | DY58: =+E58+I58+M58+Q58+U58+Y58+AC58+AG58+AK58+AO58+AS58+AW58+BA58+BE58+BI58+BM58+BQ58+BU58+BY58+CC58+CG58+CK58+CO58+CS58+CW58+DA58+DE58+DI58+DM58+DQ58+DU58 -> 1.9941952e+08 | DZ58: =+F58+J58+N58+R58+V58+Z58+AD58+AH58+AL58+AP58+AT58+AX58+BB58+BF58+BJ58+BN58+BR58+BV58+BZ58+CD58+CH58+CL58+CP58+CT58+CX58+DB58+DF58+DJ58+DN58+DR58+DV58 -> 1.9662188e+08
A59: ACT. 5.2.2. (3202019). OPTIMIZACIÓN DEL PROCESO OPERATIVO DEL CAVRFFS (INCLUYE LA EJECUCIÓN DE ACCIONES, SEGUIMIENTO Y CONTROL PARA LA PROTECCIÓN DE LA FLORA Y LA FAUNA, CONSERVACIÓN DE LA BIODIVERSIDAD, EDUCACIÓN Y SENSIBILIZACIÓN AMBIENTAL EN EL DEPARTAMENTO DEL CESAR). | C59: =1650000000/5 -> 330000000 | D59: =1621957608.38/5 -> 3.2439152e+08 | E59: =960275059.72/5 -> 1.9205501e+08 | F59: =956556709.72/5 -> 1.9131134e+08 | G59: =150000000/5 -> 30000000 | H59: 0 | I59: 0 | J59: 0 | K59: 0 | L59: 0 | M59: 0 | N59: 0 | O59: 0 | P59: 0 | Q59: 0 | R59: 0 | S59: 0 | T59: 0 | U59: 0 | V59: 0 | W59: 0 | X59: 0 | Y59: 0 | Z59: 0 | AA59: 0 | AB59: 0 | AC59: 0 | AD59: 0 | AE59: 0 | AF59: 0 | AG59: 0 | AH59: 0 | AI59: 0 | AJ59: 0 | AK59: 0 | AL59: 0 | AM59: =160000000/5 -> 32000000 | AN59: =65627488/5 -> 13125498 | AO59: =36822524/5 -> 7364504.8 | AP59: =26552666/5 -> 5310533.2 | AQ59: 0 | AR59: 0 | AS59: 0 | AT59: 0 | AU59: 0 | AV59: 0 | AW59: 0 | AX59: 0 | AY59: 0 | AZ59: 0 | BA59: 0 | BB59: 0 | BG59: 0 | BH59: 0 | BI59: 0 | BJ59: 0 | BK59: =350000000/3 -> 1.1666667e+08 | BL59: =300000000/3 -> 100000000 | BM59: 0 | BN59: 0 | BO59: 0 | BP59: 0 | BQ59: 0 | BR59: 0 | BS59: 0 | BT59: 0 | BU59: 0 | BV59: 0 | BW59: 0 | BX59: 0 | BY59: 0 | BZ59: 0 | CA59: 0 | CB59: 0 | CC59: 0 | CD59: 0 | CE59: 0 | CF59: 0 | CG59: 0 | CH59: 0 | CI59: 0 | CJ59: 0 | CK59: 0 | CL59: 0 | CM59: 0 | CN59: 0 | CO59: 0 | CP59: 0 | CQ59: 0 | CR59: 0 | CS59: 0 | CT59: 0 | CU59: 0 | CV59: 0 | CW59: 0 | CX59: 0 | CY59: 0 | CZ59: 0 | DA59: 0 | DB59: 0 | DC59: 0 | DD59: 0 | DE59: 0 | DF59: 0 | DG59: 0 | DH59: 0 | DI59: 0 | DJ59: 0 | DK59: 0 | DL59: 0 | DM59: 0 | DN59: 0 | DO59: 0 | DP59: 0 | DQ59: 0 | DR59: 0 | DS59: 0 | DT59: 0 | DU59: 0 | DV59: 0 | DW59: =+C59+G59+K59+O59+S59+W59+AA59+AE59+AI59+AM59+AQ59+AU59+AY59+BC59+BG59+BK59+BO59+BS59+BW59+CA59+CE59+CI59+CM59+CQ59+CU59+CY59+DC59+DG59+DK59+DO59+DS59 -> 5.0866667e+08 | DX59: =+D59+H59+L59+P59+T59+X59+AB59+AF59+AJ59+AN59+AR59+AV59+AZ59+BD59+BH59+BL59+BP59+BT59+BX59+CB59+CF59+CJ59+CN59+CR59+CV59+CZ59+DD59+DH59+DL59+DP59+DT59 -> 4.3751702e+08 | DY59: =+E59+I59+M59+Q59+U59+Y59+AC59+AG59+AK59+AO59+AS59+AW59+BA59+BE59+BI59+BM59+BQ59+BU59+BY59+CC59+CG59+CK59+CO59+CS59+CW59+DA59+DE59+DI59+DM59+DQ59+DU59 -> 1.9941952e+08 | DZ59: =+F59+J59+N59+R59+V59+Z59+AD59+AH59+AL59+AP59+AT59+AX59+BB59+BF59+BJ59+BN59+BR59+BV59+BZ59+CD59+CH59+CL59+CP59+CT59+CX59+DB59+DF59+DJ59+DN59+DR59+DV59 -> 1.9662188e+08
A60: ACT. 5.2.3. (3202060). SERVICIOS DE RESTAURACIÓN DE ECOSISTEMAS ESTRATÉGICOS (DESDE EL PUNTO DE VISTA DE LA ADOPCIÓN DE LA ESTRATEGIA DE SOLUCIONES BASADAS EN LA NATURALEZA (SBN)). | C60: =1650000000/5 -> 330000000 | D60: =1621957608.38/5 -> 3.2439152e+08 | E60: =960275059.72/5 -> 1.9205501e+08 | F60: =956556709.72/5 -> 1.9131134e+08 | G60: =150000000/5 -> 30000000 | H60: 0 | I60: 0 | J60: 0 | K60: 0 | L60: 0 | M60: 0 | N60: 0 | O60: 0 | P60: 0 | Q60: 0 | R60: 0 | S60: 0 | T60: 0 | U60: 0 | V60: 0 | W60: 0 | X60: 0 | Y60: 0 | Z60: 0 | AA60: 0 | AB60: 0 | AC60: 0 | AD60: 0 | AE60: 0 | AF60: 0 | AG60: 0 | AH60: 0 | AI60: 0 | AJ60: 0 | AK60: 0 | AL60: 0 | AM60: =160000000/5 -> 32000000 | AN60: =65627488/5 -> 13125498 | AO60: =36822524/5 -> 7364504.8 | AP60: =26552666/5 -> 5310533.2 | AQ60: 0 | AR60: 0 | AS60: 0 | AT60: 0 | AU60: 0 | AV60: 0 | AW60: 0 | AX60: 0 | AY60: 0 | AZ60: 0 | BA60: 0 | BB60: 0 | BC60: =982742562+930183376.29+256695131.88+7853445900 -> 1.0023067e+10 | BD60: =982742562+930183376.29+256695131.88+7853445900 -> 1.0023067e+10 | BE60: =902889776.3+256695131.88+1507314182.84 -> 2.6668991e+09 | BF60: =533588903.3+256695131.88+1507314182.84 -> 2.2975982e+09 | BG60: 0 | BH60: 0 | BI60: 0 | BJ60: 0 | BK60: =350000000/3 -> 1.1666667e+08 | BL60: =300000000/3 -> 100000000 | BN60: =+[4]INFORME_PCT!$J$302 -> 0 | BO60: 0 | BP60: 0 | BQ60: 0 | BR60: 0 | BS60: 0 | BT60: 0 | BU60: 0 | BV60: 0 | BY60: 0 | BZ60: 0 | CA60: 0 | CB60: 0 | CC60: 0 | CD60: 0 | CE60: 0 | CF60: 0 | CG60: 0 | CH60: 0 | CI60: 0 | CJ60: 0 | CK60: 0 | CL60: 0 | CM60: 0 | CN60: 0 | CO60: 0 | CP60: 0 | CQ60: 0 | CR60: 0 | CS60: 0 | CT60: 0 | CU60: 0 | CV60: 0 | CW60: 0 | CX60: 0 | CY60: 0 | CZ60: 0 | DA60: 0 | DB60: 0 | DC60: 0 | DD60: 0 | DE60: 0 | DF60: 0 | DG60: 0 | DH60: 0 | DI60: 0 | DJ60: 0 | DK60: 0 | DL60: 0 | DM60: 0 | DN60: 0 | DO60: 0 | DP60: 0 | DQ60: 0 | DR60: 0 | DS60: 0 | DT60: 0 | DU60: 0 | DV60: 0 | DW60: =+C60+G60+K60+O60+S60+W60+AA60+AE60+AI60+AM60+AQ60+AU60+AY60+BC60+BG60+BK60+BO60+BS60+BW60+CA60+CE60+CI60+CM60+CQ60+CU60+CY60+DC60+DG60+DK60+DO60+DS60 -> 1.0531734e+10 | DX60: =+D60+H60+L60+P60+T60+X60+AB60+AF60+AJ60+AN60+AR60+AV60+AZ60+BD60+BH60+BL60+BP60+BT60+BX60+CB60+CF60+CJ60+CN60+CR60+CV60+CZ60+DD60+DH60+DL60+DP60+DT60 -> 1.0460584e+10 | DY60: =+E60+I60+M60+Q60+U60+Y60+AC60+AG60+AK60+AO60+AS60+AW60+BA60+BE60+BI60+BM60+BQ60+BU60+BY60+CC60+CG60+CK60+CO60+CS60+CW60+DA60+DE60+DI60+DM60+DQ60+DU60 -> 2.8663186e+09 | DZ60: =+F60+J60+N60+R60+V60+Z60+AD60+AH60+AL60+AP60+AT60+AX60+BB60+BF60+BJ60+BN60+BR60+BV60+BZ60+CD60+CH60+CL60+CP60+CT60+CX60+DB60+DF60+DJ60+DN60+DR60+DV60 -> 2.4942201e+09
A61: ACT. 5.2.4. IMPLEMENTACIÓN DE ESTRATEGIAS PARA EL MANEJO AMBIENTAL EN TERRITORIOS INDÍGENAS DE LA SIERRA NEVADA DE SANTA MARTA Y SERRANÍA DEL PERIJÁ. | C61: =1650000000/5 -> 330000000 | D61: =1621957608.38/5 -> 3.2439152e+08 | E61: =960275059.72/5 -> 1.9205501e+08 | F61: =956556709.72/5 -> 1.9131134e+08 | G61: =150000000/5 -> 30000000 | H61: 0 | I61: 0 | J61: 0 | K61: 0 | L61: 0 | M61: 0 | N61: 0 | O61: 0 | P61: 0 | Q61: 0 | R61: 0 | S61: 0 | T61: 0 | U61: 0 | V61: 0 | W61: 0 | X61: 0 | Y61: 0 | Z61: 0 | AA61: 0 | AB61: 0 | AC61: 0 | AD61: 0 | AE61: 0 | AF61: 0 | AG61: 0 | AH61: 0 | AI61: 0 | AJ61: 0 | AK61: 0 | AL61: 0 | AM61: =160000000/5 -> 32000000 | AN61: =65627488/5 -> 13125498 | AO61: =36822524/5 -> 7364504.8 | AP61: =26552666/5 -> 5310533.2 | AQ61: 0 | AR61: 0 | AS61: 0 | AT61: 0 | AU61: 0 | AV61: 0 | AW61: 0 | AX61: 0 | AY61: 0 | AZ61: 0 | BA61: 0 | BB61: 0 | BG61: 0 | BH61: 0 | BI61: 0 | BJ61: 0 | BK61: 0 | BL61: 0 | BM61: 0 | BN61: 0 | BO61: 0 | BP61: 0 | BQ61: 0 | BR61: 0 | BS61: 0 | BT61: 0 | BU61: 0 | BV61: 0 | BW61: 0 | BX61: 0 | BY61: 0 | BZ61: 0 | CA61: 0 | CB61: 0 | CC61: 0 | CD61: 0 | CE61: 0 | CF61: 0 | CG61: 0 | CH61: 0 | CI61: 0 | CJ61: 0 | CK61: 0 | CL61: 0 | CM61: 0 | CN61: 0 | CO61: 0 | CP61: 0 | CQ61: 0 | CR61: 0 | CS61: 0 | CT61: 0 | CU61: 0 | CV61: 0 | CW61: 0 | CX61: 0 | CY61: 0 | CZ61: 0 | DA61: 0 | DB61: 0 | DC61: 0 | DD61: 0 | DE61: 0 | DF61: 0 | DG61: 0 | DH61: 0 | DI61: 0 | DJ61: 0 | DK61: 0 | DL61: 0 | DM61: 0 | DN61: 0 | DO61: 0 | DP61: 0 | DQ61: 0 | DR61: 0 | DS61: 0 | DT61: 0 | DU61: 0 | DV61: 0 | DW61: =+C61+G61+K61+O61+S61+W61+AA61+AE61+AI61+AM61+AQ61+AU61+AY61+BC61+BG61+BK61+BO61+BS61+BW61+CA61+CE61+CI61+CM61+CQ61+CU61+CY61+DC61+DG61+DK61+DO61+DS61 -> 392000000 | DX61: =+D61+H61+L61+P61+T61+X61+AB61+AF61+AJ61+AN61+AR61+AV61+AZ61+BD61+BH61+BL61+BP61+BT61+BX61+CB61+CF61+CJ61+CN61+CR61+CV61+CZ61+DD61+DH61+DL61+DP61+DT61 -> 3.3751702e+08 | DY61: =+E61+I61+M61+Q61+U61+Y61+AC61+AG61+AK61+AO61+AS61+AW61+BA61+BE61+BI61+BM61+BQ61+BU61+BY61+CC61+CG61+CK61+CO61+CS61+CW61+DA61+DE61+DI61+DM61+DQ61+DU61 -> 1.9941952e+08 | DZ61: =+F61+J61+N61+R61+V61+Z61+AD61+AH61+AL61+AP61+AT61+AX61+BB61+BF61+BJ61+BN61+BR61+BV61+BZ61+CD61+CH61+CL61+CP61+CT61+CX61+DB61+DF61+DJ61+DN61+DR61+DV61 -> 1.9662188e+08
A62: ACT. 5.2.5. IMPLEMENTACIÓN DE ESTRATEGIAS PARA EL MANEJO AMBIENTAL EN COMUNIDADES AFRODESCENDIENTES, OTRAS MINORÍAS ÉTNICAS, Y/O POBLACIONES VULNERABLES EN EL DPTO. DEL CESAR. | C62: =1650000000/5 -> 330000000 | D62: =1621957608.38/5 -> 3.2439152e+08 | E62: =960275059.72/5 -> 1.9205501e+08 | F62: =956556709.72/5 -> 1.9131134e+08 | G62: =150000000/5 -> 30000000 | H62: 0 | I62: 0 | J62: 0 | K62: 0 | L62: 0 | M62: 0 | N62: 0 | O62: 0 | P62: 0 | Q62: 0 | R62: 0 | S62: 0 | T62: 0 | U62: 0 | V62: 0 | W62: 0 | X62: 0 | Y62: 0 | Z62: 0 | AA62: 0 | AB62: 0 | AC62: 0 | AD62: 0 | AE62: 0 | AF62: 0 | AG62: 0 | AH62: 0 | AI62: 0 | AJ62: 0 | AK62: 0 | AL62: 0 | AM62: =160000000/5 -> 32000000 | AN62: =65627488/5 -> 13125498 | AO62: =36822524/5 -> 7364504.8 | AP62: =26552666/5 -> 5310533.2 | AQ62: 0 | AR62: 0 | AS62: 0 | AT62: 0 | AU62: 0 | AV62: 0 | AW62: 0 | AX62: 0 | AY62: 0 | AZ62: 0 | BA62: 0 | BB62: 0 | BD62: 0 | BE62: 0 | BF62: 0 | BG62: 0 | BH62: 0 | BI62: 0 | BJ62: 0 | BK62: 0 | BL62: 0 | BM62: 0 | BN62: 0 | BO62: 0 | BP62: 0 | BQ62: 0 | BR62: 0 | BS62: 0 | BT62: 0 | BU62: 0 | BV62: 0 | BW62: 0 | BX62: 0 | BY62: 0 | BZ62: 0 | CA62: 0 | CB62: 0 | CC62: 0 | CD62: 0 | CE62: 0 | CF62: 0 | CG62: 0 | CH62: 0 | CI62: 0 | CJ62: 0 | CK62: 0 | CL62: 0 | CM62: 0 | CN62: 0 | CO62: 0 | CP62: 0 | CQ62: 0 | CR62: 0 | CS62: 0 | CT62: 0 | CU62: 0 | CV62: 0 | CW62: 0 | CX62: 0 | CY62: 0 | CZ62: 0 | DA62: 0 | DB62: 0 | DC62: 0 | DD62: 0 | DE62: 0 | DF62: 0 | DG62: 0 | DH62: 0 | DI62: 0 | DJ62: 0 | DK62: 0 | DL62: 0 | DM62: 0 | DN62: 0 | DO62: 0 | DP62: 0 | DQ62: 0 | DR62: 0 | DS62: 0 | DT62: 0 | DU62: 0 | DV62: 0 | DW62: =+C62+G62+K62+O62+S62+W62+AA62+AE62+AI62+AM62+AQ62+AU62+AY62+BC62+BG62+BK62+BO62+BS62+BW62+CA62+CE62+CI62+CM62+CQ62+CU62+CY62+DC62+DG62+DK62+DO62+DS62 -> 392000000 | DX62: =+D62+H62+L62+P62+T62+X62+AB62+AF62+AJ62+AN62+AR62+AV62+AZ62+BD62+BH62+BL62+BP62+BT62+BX62+CB62+CF62+CJ62+CN62+CR62+CV62+CZ62+DD62+DH62+DL62+DP62+DT62 -> 3.3751702e+08 | DY62: =+E62+I62+M62+Q62+U62+Y62+AC62+AG62+AK62+AO62+AS62+AW62+BA62+BE62+BI62+BM62+BQ62+BU62+BY62+CC62+CG62+CK62+CO62+CS62+CW62+DA62+DE62+DI62+DM62+DQ62+DU62 -> 1.9941952e+08 | DZ62: =+F62+J62+N62+R62+V62+Z62+AD62+AH62+AL62+AP62+AT62+AX62+BB62+BF62+BJ62+BN62+BR62+BV62+BZ62+CD62+CH62+CL62+CP62+CT62+CX62+DB62+DF62+DJ62+DN62+DR62+DV62 -> 1.9662188e+08 | EA62: =+SUM(DW58:DW62)-B58 -> 0
A63: PROYECTO 5.3 (3202.008). GESTIÓN DEL SIRAP (INCLUYE GESTIÓN DE NUEVAS APR) Y/O CREACIÓN E IMPLEMENTACIÓN DE OTRAS ESTRATEGIAS DE CONSERVACIÓN DE LA BIODIVERSIDAD Y FORMULACIÓN E IMPLEMENTACIÓN Y APOYO DE PM DE AP EN EL DEPARTAMENTO DEL CESAR. | B63: =SUM(B64:B65) -> 756000000 | C63: =SUM(C64:C65) -> 492000000 | D63: =SUM(D64:D65) -> 3.0718359e+08 | E63: =SUM(E64:E65) -> 61925350 | F63: =SUM(F64:F65) -> 61925350 | G63: =SUM(G64:G65) -> 0 | H63: =SUM(H64:H65) -> 0 | I63: =SUM(I64:I65) -> 0 | ... DV63: =SUM(DV64:DV65) -> 0 | DW63: =+C63+G63+K63+O63+S63+W63+AA63+AE63+AI63+AM63+AQ63+AU63+AY63+BC63+BG63+BK63+BO63+BS63+BW63+CA63+CE63+CI63+CM63+CQ63+CU63+CY63+DC63+DG63+DK63+DO63+DS63 -> 756000000 | DX63: =+D63+H63+L63+P63+T63+X63+AB63+AF63+AJ63+AN63+AR63+AV63+AZ63+BD63+BH63+BL63+BP63+BT63+BX63+CB63+CF63+CJ63+CN63+CR63+CV63+CZ63+DD63+DH63+DL63+DP63+DT63 -> 3.7039406e+08 | DY63: =+E63+I63+M63+Q63+U63+Y63+AC63+AG63+AK63+AO63+AS63+AW63+BA63+BE63+BI63+BM63+BQ63+BU63+BY63+CC63+CG63+CK63+CO63+CS63+CW63+DA63+DE63+DI63+DM63+DQ63+DU63 -> 85262998 | DZ63: =+F63+J63+N63+R63+V63+Z63+AD63+AH63+AL63+AP63+AT63+AX63+BB63+BF63+BJ63+BN63+BR63+BV63+BZ63+CD63+CH63+CL63+CP63+CT63+CX63+DB63+DF63+DJ63+DN63+DR63+DV63 -> 85262998 | EA63: =+SUM(DW64:DW65)-DW63 -> 0 | EB63: =+DW63-B63 -> 0
A64: ACT. 5.3.1. GESTIÓN Y EJECUCIÓN DE ACCIONES ORIENTADAS A LA DECLARATORIA DE AREAS PROTEGIDAS Y/O CREACIÓN DE ESTRATEGIAS COMPLEMENTARIAS PARA LA CONSERVACIÓN. | B64: =DW63 -> 756000000 | C64: =492000000/2 -> 246000000 | D64: =307183593.5/2 -> 1.535918e+08 | E64: =61925350/2 -> 30962675 | F64: =61925350/2 -> 30962675 | G64: 0 | H64: 0 | I64: 0 | J64: 0 | K64: 0 | L64: 0 | M64: 0 | N64: 0 | O64: 0 | P64: 0 | Q64: 0 | R64: 0 | S64: 0 | T64: 0 | U64: 0 | V64: 0 | W64: 0 | X64: 0 | Y64: 0 | Z64: 0 | AA64: 0 | AB64: 0 | AC64: 0 | AD64: 0 | AE64: 0 | AF64: 0 | AG64: 0 | AH64: 0 | AI64: 0 | AJ64: 0 | AK64: 0 | AL64: 0 | AM64: =200000000/2 -> 100000000 | AN64: =63210463/2 -> 31605232 | AO64: =23337648/2 -> 11668824 | AP64: =23337648/2 -> 11668824 | AQ64: 0 | AR64: 0 | AS64: 0 | AT64: 0 | AU64: 0 | AV64: 0 | AW64: 0 | AX64: 0 | AY64: 0 | AZ64: 0 | BA64: 0 | BB64: 0 | BE64: 0 | BF64: 0 | BG64: 0 | BH64: 0 | BI64: 0 | BJ64: 0 | BK64: 0 | BL64: 0 | BM64: 0 | BN64: 0 | BO64: 0 | BP64: 0 | BQ64: 0 | BR64: 0 | BS64: 0 | BT64: 0 | BU64: 0 | BV64: 0 | BW64: 0 | BX64: 0 | BY64: 0 | BZ64: 0 | CA64: 0 | CB64: 0 | CC64: 0 | CD64: 0 | CE64: 0 | CF64: 0 | CG64: 0 | CH64: 0 | CI64: 0 | CJ64: 0 | CK64: 0 | CL64: 0 | CM64: =56000000/2 -> 28000000 | CN64: 0 | CO64: 0 | CP64: 0 | CQ64: 0 | CR64: 0 | CS64: 0 | CT64: 0 | CU64: 0 | CV64: 0 | CW64: 0 | CX64: 0 | CY64: 0 | CZ64: 0 | DA64: 0 | DB64: 0 | DC64: 0 | DD64: 0 | DE64: 0 | DF64: 0 | DG64: 0 | DH64: 0 | DI64: 0 | DJ64: 0 | DK64: 0 | DL64: 0 | DM64: 0 | DN64: 0 | DO64: =8000000/2 -> 4000000 | DP64: 0 | DQ64: 0 | DR64: 0 | DS64: 0 | DT64: 0 | DU64: 0 | DV64: 0 | DW64: =+C64+G64+K64+O64+S64+W64+AA64+AE64+AI64+AM64+AQ64+AU64+AY64+BC64+BG64+BK64+BO64+BS64+BW64+CA64+CE64+CI64+CM64+CQ64+CU64+CY64+DC64+DG64+DK64+DO64+DS64 -> 378000000 | DX64: =+D64+H64+L64+P64+T64+X64+AB64+AF64+AJ64+AN64+AR64+AV64+AZ64+BD64+BH64+BL64+BP64+BT64+BX64+CB64+CF64+CJ64+CN64+CR64+CV64+CZ64+DD64+DH64+DL64+DP64+DT64 -> 1.8519703e+08 | DY64: =+E64+I64+M64+Q64+U64+Y64+AC64+AG64+AK64+AO64+AS64+AW64+BA64+BE64+BI64+BM64+BQ64+BU64+BY64+CC64+CG64+CK64+CO64+CS64+CW64+DA64+DE64+DI64+DM64+DQ64+DU64 -> 42631499 | DZ64: =+F64+J64+N64+R64+V64+Z64+AD64+AH64+AL64+AP64+AT64+AX64+BB64+BF64+BJ64+BN64+BR64+BV64+BZ64+CD64+CH64+CL64+CP64+CT64+CX64+DB64+DF64+DJ64+DN64+DR64+DV64 -> 42631499
A65: ACT. 5.3.2. FORMULACIÓN E IMPLEMENTACION PLANES DE MANEJO PARA LAS APR Y/O PLANES DE ACCION DE OTRAS ESTRATEGIAS DE CONSERVACIÓN DE LA BIODIVERSIDAD. | C65: =492000000/2 -> 246000000 | D65: =307183593.5/2 -> 1.535918e+08 | E65: =61925350/2 -> 30962675 | F65: =61925350/2 -> 30962675 | G65: 0 | H65: 0 | I65: 0 | J65: 0 | K65: 0 | L65: 0 | M65: 0 | N65: 0 | O65: 0 | P65: 0 | Q65: 0 | R65: 0 | S65: 0 | T65: 0 | U65: 0 | V65: 0 | W65: 0 | X65: 0 | Y65: 0 | Z65: 0 | AA65: 0 | AB65: 0 | AC65: 0 | AD65: 0 | AE65: 0 | AF65: 0 | AG65: 0 | AH65: 0 | AI65: 0 | AJ65: 0 | AK65: 0 | AL65: 0 | AM65: =200000000/2 -> 100000000 | AN65: =63210463/2 -> 31605232 | AO65: =23337648/2 -> 11668824 | AP65: =23337648/2 -> 11668824 | AQ65: 0 | AR65: 0 | AS65: 0 | AT65: 0 | AU65: 0 | AV65: 0 | AW65: 0 | AX65: 0 | AY65: 0 | AZ65: 0 | BA65: 0 | BB65: 0 | BC65: 0 | BD65: 0 | BE65: 0 | BF65: 0 | BG65: 0 | BH65: 0 | BI65: 0 | BJ65: 0 | BK65: 0 | BL65: 0 | BM65: 0 | BN65: 0 | BO65: 0 | BP65: 0 | BQ65: 0 | BR65: 0 | BS65: 0 | BT65: 0 | BU65: 0 | BV65: 0 | BW65: 0 | BX65: 0 | BY65: 0 | BZ65: 0 | CA65: 0 | CB65: 0 | CC65: 0 | CD65: 0 | CE65: 0 | CF65: 0 | CG65: 0 | CH65: 0 | CI65: 0 | CJ65: 0 | CK65: 0 | CL65: 0 | CM65: =56000000/2 -> 28000000 | CN65: 0 | CO65: 0 | CP65: 0 | CQ65: 0 | CR65: 0 | CS65: 0 | CT65: 0 | CU65: 0 | CV65: 0 | CW65: 0 | CX65: 0 | CY65: 0 | CZ65: 0 | DA65: 0 | DB65: 0 | DC65: 0 | DD65: 0 | DE65: 0 | DF65: 0 | DG65: 0 | DH65: 0 | DI65: 0 | DJ65: 0 | DK65: 0 | DL65: 0 | DM65: 0 | DN65: 0 | DO65: =8000000/2 -> 4000000 | DP65: 0 | DQ65: 0 | DR65: 0 | DS65: 0 | DT65: 0 | DU65: 0 | DV65: 0 | DW65: =+C65+G65+K65+O65+S65+W65+AA65+AE65+AI65+AM65+AQ65+AU65+AY65+BC65+BG65+BK65+BO65+BS65+BW65+CA65+CE65+CI65+CM65+CQ65+CU65+CY65+DC65+DG65+DK65+DO65+DS65 -> 378000000 | DX65: =+D65+H65+L65+P65+T65+X65+AB65+AF65+AJ65+AN65+AR65+AV65+AZ65+BD65+BH65+BL65+BP65+BT65+BX65+CB65+CF65+CJ65+CN65+CR65+CV65+CZ65+DD65+DH65+DL65+DP65+DT65 -> 1.8519703e+08 | DY65: =+E65+I65+M65+Q65+U65+Y65+AC65+AG65+AK65+AO65+AS65+AW65+BA65+BE65+BI65+BM65+BQ65+BU65+BY65+CC65+CG65+CK65+CO65+CS65+CW65+DA65+DE65+DI65+DM65+DQ65+DU65 -> 42631499 | DZ65: =+F65+J65+N65+R65+V65+Z65+AD65+AH65+AL65+AP65+AT65+AX65+BB65+BF65+BJ65+BN65+BR65+BV65+BZ65+CD65+CH65+CL65+CP65+CT65+CX65+DB65+DF65+DJ65+DN65+DR65+DV65 -> 42631499 | EA65: =+SUM(DW64:DW65)-B64 -> 0
A66: LÍNEA ESTRATÉGICA TRANSVERSAL 2. GESTIÓN PARA LA CULTURA Y LA EDUCACIÓN AMBIENTAL y LÍNEA ESTRATÉGICA TRANSVERSAL 1 GESTIÓN PARA EL FORTALECIMIENTO INSTITUCIONAL INTEGRAL. | B66: =+B67 -> 1.2300815e+10 | C66: =+C67 -> 7508000000 | D66: =+D67 -> 6.58449e+09 | E66: =+E67 -> 1.3746561e+09 | F66: =+F67 -> 1.1762569e+09 | G66: =+G67 -> 8.4886055e+08 | H66: =+H67 -> 5.9111344e+08 | I66: =+I67 -> 2.2207328e+08 | ... DV66: =+DV67 -> 105419790 | DW66: =+C66+G66+K66+O66+S66+W66+AA66+AE66+AI66+AM66+AQ66+AU66+AY66+BC66+BG66+BK66+BO66+BS66+BW66+CA66+CE66+CI66+CM66+CQ66+CU66+CY66+DC66+DG66+DK66+DO66+DS66 -> 1.2300815e+10 | DX66: =+D66+H66+L66+P66+T66+X66+AB66+AF66+AJ66+AN66+AR66+AV66+AZ66+BD66+BH66+BL66+BP66+BT66+BX66+CB66+CF66+CJ66+CN66+CR66+CV66+CZ66+DD66+DH66+DL66+DP66+DT66 -> 8.8811542e+09 | DY66: =+E66+I66+M66+Q66+U66+Y66+AC66+AG66+AK66+AO66+AS66+AW66+BA66+BE66+BI66+BM66+BQ66+BU66+BY66+CC66+CG66+CK66+CO66+CS66+CW66+DA66+DE66+DI66+DM66+DQ66+DU66 -> 2.0219004e+09 | DZ66: =+F66+J66+N66+R66+V66+Z66+AD66+AH66+AL66+AP66+AT66+AX66+BB66+BF66+BJ66+BN66+BR66+BV66+BZ66+CD66+CH66+CL66+CP66+CT66+CX66+DB66+DF66+DJ66+DN66+DR66+DV66 -> 1.7204399e+09
A67: PROGRAMA 6. 3299. FORTALECIMIENTO DE LA GESTIÓN Y DIRECCIÓN DEL SECTOR AMBIENTE Y DESARROLLO SOSTENIBLE. | B67: =+B68+B71+B75+B83+B94+B99 -> 1.2300815e+10 | C67: =+C68+C71+C75+C83+C94+C99 -> 7508000000 | D67: =+D68+D71+D75+D83+D94+D99 -> 6.58449e+09 | E67: =+E68+E71+E75+E83+E94+E99 -> 1.3746561e+09 | F67: =+F68+F71+F75+F83+F94+F99 -> 1.1762569e+09 | G67: =+G68+G71+G75+G83+G94+G99 -> 8.4886055e+08 | H67: =+H68+H71+H75+H83+H94+H99 -> 5.9111344e+08 | I67: =+I68+I71+I75+I83+I94+I99 -> 2.2207328e+08 | ... DV67: =+DV68+DV71+DV75+DV83+DV94+DV99 -> 105419790 | DW67: =+C67+G67+K67+O67+S67+W67+AA67+AE67+AI67+AM67+AQ67+AU67+AY67+BC67+BG67+BK67+BO67+BS67+BW67+CA67+CE67+CI67+CM67+CQ67+CU67+CY67+DC67+DG67+DK67+DO67+DS67 -> 1.2300815e+10 | DX67: =+D67+H67+L67+P67+T67+X67+AB67+AF67+AJ67+AN67+AR67+AV67+AZ67+BD67+BH67+BL67+BP67+BT67+BX67+CB67+CF67+CJ67+CN67+CR67+CV67+CZ67+DD67+DH67+DL67+DP67+DT67 -> 8.8811542e+09 | DY67: =+E67+I67+M67+Q67+U67+Y67+AC67+AG67+AK67+AO67+AS67+AW67+BA67+BE67+BI67+BM67+BQ67+BU67+BY67+CC67+CG67+CK67+CO67+CS67+CW67+DA67+DE67+DI67+DM67+DQ67+DU67 -> 2.0219004e+09 | DZ67: =+F67+J67+N67+R67+V67+Z67+AD67+AH67+AL67+AP67+AT67+AX67+BB67+BF67+BJ67+BN67+BR67+BV67+BZ67+CD67+CH67+CL67+CP67+CT67+CX67+DB67+DF67+DJ67+DN67+DR67+DV67 -> 1.7204399e+09
A68: PROYECTO 6.1 (3208.01). FORTALECIMIENTO DE LA PARTICIPACIÓN CIUDADANA EN LA GESTIÓN AMBIENTAL, CON ENFOQUE DE ETNO-DESARROLLO Y ECOSOCIAL EN EL DPTO. DEL CESAR. | B68: =SUM(B69:B70) -> 585000000 | C68: =SUM(C69:C70) -> 350000000 | D68: =SUM(D69:D70) -> 212943298 | E68: =SUM(E69:E70) -> 159829725 | F68: =SUM(F69:F70) -> 159829725 | G68: =SUM(G69:G70) -> 175000000 | H68: =SUM(H69:H70) -> 0 | I68: =SUM(I69:I70) -> 0 | ... BS68: =SUM(BS69:BS70) -> 0 | BW68: =SUM(BW69:BW70) -> 0 | BX68: =SUM(BX69:BX70) -> 0 | BY68: =SUM(BY69:BY70) -> 0 | BZ68: =SUM(BZ69:BZ70) -> 0 | CA68: =SUM(CA69:CA70) -> 0 | CB68: =SUM(CB69:CB70) -> 0 | CC68: =SUM(CC69:CC70) -> 0 | CD68: =SUM(CD69:CD70) -> 0 | ... DV68: =SUM(DV69:DV70) -> 0 | DW68: =+C68+G68+K68+O68+S68+W68+AA68+AE68+AI68+AM68+AQ68+AU68+AY68+BC68+BG68+BK68+BO68+BS68+BW68+CA68+CE68+CI68+CM68+CQ68+CU68+CY68+DC68+DG68+DK68+DO68+DS68 -> 585000000 | DX68: =+D68+H68+L68+P68+T68+X68+AB68+AF68+AJ68+AN68+AR68+AV68+AZ68+BD68+BH68+BL68+BP68+BT68+BX68+CB68+CF68+CJ68+CN68+CR68+CV68+CZ68+DD68+DH68+DL68+DP68+DT68 -> 215043298 | DY68: =+E68+I68+M68+Q68+U68+Y68+AC68+AG68+AK68+AO68+AS68+AW68+BA68+BE68+BI68+BM68+BQ68+BU68+BY68+CC68+CG68+CK68+CO68+CS68+CW68+DA68+DE68+DI68+DM68+DQ68+DU68 -> 161929725 | DZ68: =+F68+J68+N68+R68+V68+Z68+AD68+AH68+AL68+AP68+AT68+AX68+BB68+BF68+BJ68+BN68+BR68+BV68+BZ68+CD68+CH68+CL68+CP68+CT68+CX68+DB68+DF68+DJ68+DN68+DR68+DV68 -> 161929725 | EA68: =+SUM(DW69:DW70)-DW68 -> 0 | EB68: =+DW68-B68 -> 0
A69: ACT. 6.1.1. APOYO A LOS GRUPOS MINORITARIOS EN LA FORMULACIÓN DE PLANES DE ETNO-DESARROLLO (COMUNIDADES AFRO) Y PLANES DE VIDA (COMUNIDADES INDÍGENAS). | B69: =DW68 -> 585000000 | C69: =350000000/2 -> 175000000 | D69: =212943298/2 -> 106471649 | E69: =159829725/2 -> 79914862 | F69: =159829725/2 -> 79914862 | G69: =175000000/2 -> 87500000 | H69: 0 | I69: 0 | J69: 0 | K69: 0 | L69: 0 | M69: 0 | N69: 0 | O69: 0 | P69: 0 | Q69: 0 | R69: 0 | S69: 0 | T69: 0 | U69: 0 | V69: 0 | W69: 0 | X69: 0 | Y69: 0 | Z69: 0 | AA69: 0 | AB69: 0 | AC69: 0 | AD69: 0 | AE69: 0 | AF69: 0 | AG69: 0 | AH69: 0 | AI69: 0 | AJ69: 0 | AK69: 0 | AL69: 0 | AM69: 0 | AN69: 0 | AO69: 0 | AP69: 0 | AQ69: 0 | AR69: 0 | AS69: 0 | AT69: 0 | AU69: 0 | AV69: 0 | AW69: 0 | AX69: 0 | AY69: 0 | AZ69: 0 | BA69: 0 | BB69: 0 | BC69: 0 | BD69: 0 | BE69: 0 | BF69: 0 | BG69: 0 | BH69: 0 | BI69: 0 | BJ69: 0 | BO69: 0 | BP69: 0 | BQ69: 0 | BR69: 0 | BS69: 0 | BT69: 0 | BU69: 0 | BV69: 0 | BW69: 0 | BX69: 0 | BY69: 0 | BZ69: 0 | CA69: 0 | CB69: 0 | CC69: 0 | CD69: 0 | CE69: 0 | CF69: 0 | CG69: 0 | CH69: 0 | CI69: 0 | CJ69: 0 | CK69: 0 | CL69: 0 | CQ69: 400000 | CU69: =800000/2 -> 400000 | CV69: 0 | CW69: 0 | CX69: 0 | CY69: =2500000/2 -> 1250000 | CZ69: 0 | DA69: 0 | DB69: 0 | DC69: =2500000/2 -> 1250000 | DD69: =2100000/2 -> 1050000 | DE69: =2100000/2 -> 1050000 | DF69: =2100000/2 -> 1050000 | DG69: =46400000/2 -> 23200000 | DH69: 0 | DI69: 0 | DJ69: 0 | DK69: =7000000/2 -> 3500000 | DL69: 0 | DM69: 0 | DN69: 0 | DO69: 0 | DP69: 0 | DQ69: 0 | DR69: 0 | DS69: 0 | DT69: 0 | DU69: 0 | DV69: 0 | DW69: =+C69+G69+K69+O69+S69+W69+AA69+AE69+AI69+AM69+AQ69+AU69+AY69+BC69+BG69+BK69+BO69+BS69+BW69+CA69+CE69+CI69+CM69+CQ69+CU69+CY69+DC69+DG69+DK69+DO69+DS69 -> 292500000 | DX69: =+D69+H69+L69+P69+T69+X69+AB69+AF69+AJ69+AN69+AR69+AV69+AZ69+BD69+BH69+BL69+BP69+BT69+BX69+CB69+CF69+CJ69+CN69+CR69+CV69+CZ69+DD69+DH69+DL69+DP69+DT69 -> 107521649 | DY69: =+E69+I69+M69+Q69+U69+Y69+AC69+AG69+AK69+AO69+AS69+AW69+BA69+BE69+BI69+BM69+BQ69+BU69+BY69+CC69+CG69+CK69+CO69+CS69+CW69+DA69+DE69+DI69+DM69+DQ69+DU69 -> 80964862 | DZ69: =+F69+J69+N69+R69+V69+Z69+AD69+AH69+AL69+AP69+AT69+AX69+BB69+BF69+BJ69+BN69+BR69+BV69+BZ69+CD69+CH69+CL69+CP69+CT69+CX69+DB69+DF69+DJ69+DN69+DR69+DV69 -> 80964862
A70: ACT. 6.1.2. CREACIÓN DE ESCENARIOS DE DIALOGO ENTRE LOS CIUDADANOS Y LAS ENTIDADES PARA EL MANEJO DE CONFLICTOS SOCIOAMBIENTALES EN LA JURISDICCIÓN. | C70: =350000000/2 -> 175000000 | D70: =212943298/2 -> 106471649 | E70: =159829725/2 -> 79914862 | F70: =159829725/2 -> 79914862 | G70: =175000000/2 -> 87500000 | H70: 0 | I70: 0 | J70: 0 | K70: 0 | L70: 0 | M70: 0 | N70: 0 | O70: 0 | P70: 0 | Q70: 0 | R70: 0 | S70: 0 | T70: 0 | U70: 0 | V70: 0 | W70: 0 | X70: 0 | Y70: 0 | Z70: 0 | AA70: 0 | AB70: 0 | AC70: 0 | AD70: 0 | AE70: 0 | AF70: 0 | AG70: 0 | AH70: 0 | AI70: 0 | AJ70: 0 | AK70: 0 | AL70: 0 | AM70: 0 | AN70: 0 | AO70: 0 | AP70: 0 | AU70: 0 | AV70: 0 | AW70: 0 | AX70: 0 | AY70: 0 | AZ70: 0 | BA70: 0 | BB70: 0 | BC70: 0 | BD70: 0 | BE70: 0 | BF70: 0 | BG70: 0 | BH70: 0 | BI70: 0 | BJ70: 0 | BO70: 0 | BP70: 0 | BQ70: 0 | BR70: 0 | BS70: 0 | BT70: 0 | BU70: 0 | BV70: 0 | BW70: 0 | BX70: 0 | BY70: 0 | BZ70: 0 | CA70: 0 | CB70: 0 | CC70: 0 | CD70: 0 | CE70: 0 | CF70: 0 | CG70: 0 | CH70: 0 | CI70: 0 | CJ70: 0 | CK70: 0 | CL70: 0 | CQ70: 400000 | CU70: =800000/2 -> 400000 | CV70: 0 | CW70: 0 | CX70: 0 | CY70: =2500000/2 -> 1250000 | CZ70: 0 | DA70: 0 | DB70: 0 | DC70: =2500000/2 -> 1250000 | DD70: =2100000/2 -> 1050000 | DE70: =2100000/2 -> 1050000 | DF70: =2100000/2 -> 1050000 | DG70: =46400000/2 -> 23200000 | DH70: 0 | DI70: 0 | DJ70: 0 | DK70: =7000000/2 -> 3500000 | DL70: 0 | DM70: 0 | DN70: 0 | DO70: 0 | DP70: 0 | DQ70: 0 | DR70: 0 | DS70: 0 | DT70: 0 | DU70: 0 | DV70: 0 | DW70: =+C70+G70+K70+O70+S70+W70+AA70+AE70+AI70+AM70+AQ70+AU70+AY70+BC70+BG70+BK70+BO70+BS70+BW70+CA70+CE70+CI70+CM70+CQ70+CU70+CY70+DC70+DG70+DK70+DO70+DS70 -> 292500000 | DX70: =+D70+H70+L70+P70+T70+X70+AB70+AF70+AJ70+AN70+AR70+AV70+AZ70+BD70+BH70+BL70+BP70+BT70+BX70+CB70+CF70+CJ70+CN70+CR70+CV70+CZ70+DD70+DH70+DL70+DP70+DT70 -> 107521649 | DY70: =+E70+I70+M70+Q70+U70+Y70+AC70+AG70+AK70+AO70+AS70+AW70+BA70+BE70+BI70+BM70+BQ70+BU70+BY70+CC70+CG70+CK70+CO70+CS70+CW70+DA70+DE70+DI70+DM70+DQ70+DU70 -> 80964862 | DZ70: =+F70+J70+N70+R70+V70+Z70+AD70+AH70+AL70+AP70+AT70+AX70+BB70+BF70+BJ70+BN70+BR70+BV70+BZ70+CD70+CH70+CL70+CP70+CT70+CX70+DB70+DF70+DJ70+DN70+DR70+DV70 -> 80964862 | EA70: =+SUM(DW69:DW70)-B69 -> 0
A71: PROYECTO 6.2 (3208.02). FORTALECIMIENTO Y OPTIMIZACIÓN DEL PROGRAMA TRANSVERSAL DE EDUCACIÓN AMBIENTAL DE LA CORPORACIÓN, ARMONIZADO A LA POLÍTICA NACIONAL DE EDUCACIÓN AMBIENTAL ASOCIADOS A TODOS LOS PROYECTOS DE INVERSIÓN DE LA CORPORACIÓN. | B71: =SUM(B72:B74) -> 1014000000 | C71: =SUM(C72:C74) -> 400000000 | D71: =SUM(D72:D74) -> 2.9209021e+08 | E71: =SUM(E72:E74) -> 56103456 | F71: =SUM(F72:F74) -> 47190672 | G71: =SUM(G72:G74) -> 4.5449941e+08 | H71: =SUM(H72:H74) -> 450000000 | I71: =SUM(I72:I74) -> 180000000 | ... DV71: =SUM(DV72:DV74) -> 0 | DW71: =+C71+G71+K71+O71+S71+W71+AA71+AE71+AI71+AM71+AQ71+AU71+AY71+BC71+BG71+BK71+BO71+BS71+BW71+CA71+CE71+CI71+CM71+CQ71+CU71+CY71+DC71+DG71+DK71+DO71+DS71 -> 1014000000 | DX71: =+D71+H71+L71+P71+T71+X71+AB71+AF71+AJ71+AN71+AR71+AV71+AZ71+BD71+BH71+BL71+BP71+BT71+BX71+CB71+CF71+CJ71+CN71+CR71+CV71+CZ71+DD71+DH71+DL71+DP71+DT71 -> 7.8904069e+08 | DY71: =+E71+I71+M71+Q71+U71+Y71+AC71+AG71+AK71+AO71+AS71+AW71+BA71+BE71+BI71+BM71+BQ71+BU71+BY71+CC71+CG71+CK71+CO71+CS71+CW71+DA71+DE71+DI71+DM71+DQ71+DU71 -> 2.4665128e+08 | DZ71: =+F71+J71+N71+R71+V71+Z71+AD71+AH71+AL71+AP71+AT71+AX71+BB71+BF71+BJ71+BN71+BR71+BV71+BZ71+CD71+CH71+CL71+CP71+CT71+CX71+DB71+DF71+DJ71+DN71+DR71+DV71 -> 2.3289077e+08 | EA71: =+SUM(DW72:DW74)-DW71 -> 0 | EB71: =+DW71-B71 -> 0
A72: ACT. 6.2.1. FORTALECIMIENTO DE LA EDUCACIÓN AMBIENTAL INCORPORANDO EL ENFOQUE DE LAS CÁTEDRAS DE GESTIÓN DEL RIESGO Y CAMBIO CLIMÁTICO, NODOS DE INNOVACIÓN PARA LA EDUCACIÓN AMBIENTAL. | B72: =DW71 -> 1014000000 | C72: =400000000/3 -> 1.3333333e+08 | D72: =292090209.09/3 -> 97363403 | E72: =56103456.12/3 -> 18701152 | F72: =47190672.12/3 -> 15730224 | G72: =454499409.46/3 -> 1.514998e+08 | H72: =450000000/3 -> 150000000 | I72: =180000000/3 -> 60000000 | J72: =180000000/3 -> 60000000 | K72: 0 | L72: 0 | M72: 0 | N72: 0 | O72: 0 | P72: 0 | Q72: 0 | R72: 0 | S72: 0 | T72: 0 | U72: 0 | V72: 0 | W72: 0 | X72: 0 | Y72: 0 | Z72: 0 | AA72: =112541076.49/3 -> 37513692 | AB72: =46950480/3 -> 15650160 | AC72: =10547820/3 -> 3515940 | AD72: =5700096/3 -> 1900032 | AE72: =46883673.56/3 -> 15627891 | AF72: 0 | AG72: 0 | AH72: 0 | AI72: =75840.49/3 -> 25280.163 | AJ72: 0 | AK72: 0 | AL72: 0 | AM72: 0 | AN72: 0 | AO72: 0 | AP72: 0 | AQ72: 0 | AR72: 0 | AS72: 0 | AT72: 0 | AU72: 0 | AV72: 0 | AW72: 0 | AX72: 0 | AY72: 0 | AZ72: 0 | BA72: 0 | BB72: 0 | BC72: 0 | BD72: 0 | BE72: 0 | BF72: 0 | BG72: 0 | BH72: 0 | BI72: 0 | BJ72: 0 | BK72: 0 | BL72: 0 | BM72: 0 | BN72: 0 | BO72: 0 | BP72: 0 | BQ72: 0 | BR72: 0 | BS72: 0 | BT72: 0 | BU72: 0 | BV72: 0 | BW72: 0 | BX72: 0 | BY72: 0 | BZ72: 0 | CA72: 0 | CB72: 0 | CC72: 0 | CD72: 0 | CE72: 0 | CF72: 0 | CG72: 0 | CH72: 0 | CI72: 0 | CJ72: 0 | CK72: 0 | CL72: 0 | CM72: 0 | CN72: 0 | CO72: 0 | CP72: 0 | CQ72: 0 | CR72: 0 | CS72: 0 | CT72: 0 | CU72: 0 | CV72: 0 | CW72: 0 | CX72: 0 | CY72: 0 | CZ72: 0 | DA72: 0 | DB72: 0 | DC72: 0 | DD72: 0 | DE72: 0 | DF72: 0 | DG72: 0 | DH72: 0 | DI72: 0 | DJ72: 0 | DK72: 0 | DL72: 0 | DM72: 0 | DN72: 0 | DO72: 0 | DP72: 0 | DQ72: 0 | DR72: 0 | DS72: 0 | DT72: 0 | DU72: 0 | DV72: 0 | DW72: =+C72+G72+K72+O72+S72+W72+AA72+AE72+AI72+AM72+AQ72+AU72+AY72+BC72+BG72+BK72+BO72+BS72+BW72+CA72+CE72+CI72+CM72+CQ72+CU72+CY72+DC72+DG72+DK72+DO72+DS72 -> 3.38e+08 | DX72: =+D72+H72+L72+P72+T72+X72+AB72+AF72+AJ72+AN72+AR72+AV72+AZ72+BD72+BH72+BL72+BP72+BT72+BX72+CB72+CF72+CJ72+CN72+CR72+CV72+CZ72+DD72+DH72+DL72+DP72+DT72 -> 2.6301356e+08 | DY72: =+E72+I72+M72+Q72+U72+Y72+AC72+AG72+AK72+AO72+AS72+AW72+BA72+BE72+BI72+BM72+BQ72+BU72+BY72+CC72+CG72+CK72+CO72+CS72+CW72+DA72+DE72+DI72+DM72+DQ72+DU72 -> 82217092 | DZ72: =+F72+J72+N72+R72+V72+Z72+AD72+AH72+AL72+AP72+AT72+AX72+BB72+BF72+BJ72+BN72+BR72+BV72+BZ72+CD72+CH72+CL72+CP72+CT72+CX72+DB72+DF72+DJ72+DN72+DR72+DV72 -> 77630256
A73: ACT. 6.2.2. FORTALECIMIENTO DE CAPACIDADES A INTEGRANTES DEL SINA, COMO APORTE A LA MODERNIZACIÓN INSTITUCIONAL EN MATERIA DE EDUCACIÓN AMBIENTAL. | C73: =400000000/3 -> 1.3333333e+08 | D73: =292090209.09/3 -> 97363403 | E73: =56103456.12/3 -> 18701152 | F73: =47190672.12/3 -> 15730224 | G73: =454499409.46/3 -> 1.514998e+08 | H73: =450000000/3 -> 150000000 | I73: =180000000/3 -> 60000000 | J73: =180000000/3 -> 60000000 | K73: 0 | L73: 0 | M73: 0 | N73: 0 | O73: 0 | P73: 0 | Q73: 0 | R73: 0 | S73: 0 | T73: 0 | U73: 0 | V73: 0 | W73: 0 | X73: 0 | Y73: 0 | Z73: 0 | AA73: =112541076.49/3 -> 37513692 | AB73: =46950480/3 -> 15650160 | AC73: =10547820/3 -> 3515940 | AD73: =5700096/3 -> 1900032 | AE73: =46883673.56/3 -> 15627891 | AF73: 0 | AG73: 0 | AH73: 0 | AI73: =75840.49/3 -> 25280.163 | AJ73: 0 | AK73: 0 | AL73: 0 | AM73: 0 | AN73: 0 | AO73: 0 | AP73: 0 | AQ73: 0 | AR73: 0 | AS73: 0 | AT73: 0 | AU73: 0 | AV73: 0 | AW73: 0 | AX73: 0 | AY73: 0 | AZ73: 0 | BA73: 0 | BB73: 0 | BC73: 0 | BD73: 0 | BE73: 0 | BF73: 0 | BG73: 0 | BH73: 0 | BI73: 0 | BJ73: 0 | BK73: 0 | BL73: 0 | BM73: 0 | BN73: 0 | BO73: 0 | BP73: 0 | BQ73: 0 | BR73: 0 | BS73: 0 | BT73: 0 | BU73: 0 | BV73: 0 | BW73: 0 | BX73: 0 | BY73: 0 | BZ73: 0 | CA73: 0 | CB73: 0 | CC73: 0 | CD73: 0 | CE73: 0 | CF73: 0 | CG73: 0 | CH73: 0 | CI73: 0 | CJ73: 0 | CK73: 0 | CL73: 0 | CM73: 0 | CN73: 0 | CO73: 0 | CP73: 0 | CQ73: 0 | CR73: 0 | CS73: 0 | CT73: 0 | CU73: 0 | CV73: 0 | CW73: 0 | CX73: 0 | CY73: 0 | CZ73: 0 | DA73: 0 | DB73: 0 | DC73: 0 | DD73: 0 | DE73: 0 | DF73: 0 | DG73: 0 | DH73: 0 | DI73: 0 | DJ73: 0 | DK73: 0 | DL73: 0 | DM73: 0 | DN73: 0 | DO73: 0 | DP73: 0 | DQ73: 0 | DR73: 0 | DS73: 0 | DT73: 0 | DU73: 0 | DV73: 0 | DW73: =+C73+G73+K73+O73+S73+W73+AA73+AE73+AI73+AM73+AQ73+AU73+AY73+BC73+BG73+BK73+BO73+BS73+BW73+CA73+CE73+CI73+CM73+CQ73+CU73+CY73+DC73+DG73+DK73+DO73+DS73 -> 3.38e+08 | DX73: =+D73+H73+L73+P73+T73+X73+AB73+AF73+AJ73+AN73+AR73+AV73+AZ73+BD73+BH73+BL73+BP73+BT73+BX73+CB73+CF73+CJ73+CN73+CR73+CV73+CZ73+DD73+DH73+DL73+DP73+DT73 -> 2.6301356e+08 | DY73: =+E73+I73+M73+Q73+U73+Y73+AC73+AG73+AK73+AO73+AS73+AW73+BA73+BE73+BI73+BM73+BQ73+BU73+BY73+CC73+CG73+CK73+CO73+CS73+CW73+DA73+DE73+DI73+DM73+DQ73+DU73 -> 82217092 | DZ73: =+F73+J73+N73+R73+V73+Z73+AD73+AH73+AL73+AP73+AT73+AX73+BB73+BF73+BJ73+BN73+BR73+BV73+BZ73+CD73+CH73+CL73+CP73+CT73+CX73+DB73+DF73+DJ73+DN73+DR73+DV73 -> 77630256
A74: ACT. 6.2.3. ACOMPAÑAMIENTO A LA PROMOCIÓN, ORGANIZACIÓN, IMPLEMENTACIÓN E INSTITUCIONALIZACIÓN DE VIGÍAS Y VEEDURÍAS AMBIENTALES. | C74: =400000000/3 -> 1.3333333e+08 | D74: =292090209.09/3 -> 97363403 | E74: =56103456.12/3 -> 18701152 | F74: =47190672.12/3 -> 15730224 | G74: =454499409.46/3 -> 1.514998e+08 | H74: =450000000/3 -> 150000000 | I74: =180000000/3 -> 60000000 | J74: =180000000/3 -> 60000000 | K74: 0 | L74: 0 | M74: 0 | N74: 0 | O74: 0 | P74: 0 | Q74: 0 | R74: 0 | S74: 0 | T74: 0 | U74: 0 | V74: 0 | W74: 0 | X74: 0 | Y74: 0 | Z74: 0 | AA74: =112541076.49/3 -> 37513692 | AB74: =46950480/3 -> 15650160 | AC74: =10547820/3 -> 3515940 | AD74: =5700096/3 -> 1900032 | AE74: =46883673.56/3 -> 15627891 | AF74: 0 | AG74: 0 | AH74: 0 | AI74: =75840.49/3 -> 25280.163 | AJ74: 0 | AK74: 0 | AL74: 0 | AM74: 0 | AN74: 0 | AO74: 0 | AP74: 0 | AQ74: 0 | AR74: 0 | AS74: 0 | AT74: 0 | AU74: 0 | AV74: 0 | AW74: 0 | AX74: 0 | AY74: 0 | AZ74: 0 | BA74: 0 | BB74: 0 | BC74: 0 | BD74: 0 | BE74: 0 | BF74: 0 | BG74: 0 | BH74: 0 | BI74: 0 | BJ74: 0 | BK74: 0 | BL74: 0 | BM74: 0 | BN74: 0 | BO74: 0 | BP74: 0 | BQ74: 0 | BR74: 0 | BS74: 0 | BT74: 0 | BU74: 0 | BV74: 0 | BW74: 0 | BX74: 0 | BY74: 0 | BZ74: 0 | CA74: 0 | CB74: 0 | CC74: 0 | CD74: 0 | CE74: 0 | CF74: 0 | CG74: 0 | CH74: 0 | CI74: 0 | CJ74: 0 | CK74: 0 | CL74: 0 | CM74: 0 | CN74: 0 | CO74: 0 | CP74: 0 | CQ74: 0 | CR74: 0 | CS74: 0 | CT74: 0 | CU74: 0 | CV74: 0 | CW74: 0 | CX74: 0 | CY74: 0 | CZ74: 0 | DA74: 0 | DB74: 0 | DC74: 0 | DD74: 0 | DE74: 0 | DF74: 0 | DG74: 0 | DH74: 0 | DI74: 0 | DJ74: 0 | DK74: 0 | DL74: 0 | DM74: 0 | DN74: 0 | DO74: 0 | DP74: 0 | DQ74: 0 | DR74: 0 | DS74: 0 | DT74: 0 | DU74: 0 | DV74: 0 | DW74: =+C74+G74+K74+O74+S74+W74+AA74+AE74+AI74+AM74+AQ74+AU74+AY74+BC74+BG74+BK74+BO74+BS74+BW74+CA74+CE74+CI74+CM74+CQ74+CU74+CY74+DC74+DG74+DK74+DO74+DS74 -> 3.38e+08 | DX74: =+D74+H74+L74+P74+T74+X74+AB74+AF74+AJ74+AN74+AR74+AV74+AZ74+BD74+BH74+BL74+BP74+BT74+BX74+CB74+CF74+CJ74+CN74+CR74+CV74+CZ74+DD74+DH74+DL74+DP74+DT74 -> 2.6301356e+08 | DY74: =+E74+I74+M74+Q74+U74+Y74+AC74+AG74+AK74+AO74+AS74+AW74+BA74+BE74+BI74+BM74+BQ74+BU74+BY74+CC74+CG74+CK74+CO74+CS74+CW74+DA74+DE74+DI74+DM74+DQ74+DU74 -> 82217092 | DZ74: =+F74+J74+N74+R74+V74+Z74+AD74+AH74+AL74+AP74+AT74+AX74+BB74+BF74+BJ74+BN74+BR74+BV74+BZ74+CD74+CH74+CL74+CP74+CT74+CX74+DB74+DF74+DJ74+DN74+DR74+DV74 -> 77630256 | EA74: =+SUM(DW72:DW74)-B72 -> 0
A75: PROYECTO 6.3. PLANEACIÓN, GESTIÓN E IMPLEMENTACIÓN DE RECURSOS PARA OPTIMIZAR LA CAPACIDAD DE DESEMPEÑO INSTITUCIONAL (INFRAESTRUCTURA FÍSICA Y LÓGICA, TECNOLOGÍAS EMERGENTES, RENOVACIÓN TECNOLÓGICA, SEGURIDAD DIGITAL, SOPORTE TÉCNICO OPERACIONAL Y TALENTO DIGITAL) DIRIGIDA AL CUMPLIMIENTO DE LOS OBJETIVOS ESTRATÉGICOS DE LA CORPORACIÓN EN EL MARCO DEL MIPG | B75: =SUM(B76:B82) -> 1.33e+09 | C75: =SUM(C76:C82) -> 6.5e+08 | D75: =SUM(D76:D82) -> 5.116537e+08 | E75: =SUM(E76:E82) -> 179798847 | F75: =SUM(F76:F82) -> 148777879 | G75: =SUM(G76:G82) -> 1.3736114e+08 | H75: =SUM(H76:H82) -> 88071440 | I75: =SUM(I76:I82) -> 21717396 | ... DV75: =SUM(DV76:DV82) -> 0 | DW75: =+C75+G75+K75+O75+S75+W75+AA75+AE75+AI75+AM75+AQ75+AU75+AY75+BC75+BG75+BK75+BO75+BS75+BW75+CA75+CE75+CI75+CM75+CQ75+CU75+CY75+DC75+DG75+DK75+DO75+DS75 -> 1.33e+09 | DX75: =+D75+H75+L75+P75+T75+X75+AB75+AF75+AJ75+AN75+AR75+AV75+AZ75+BD75+BH75+BL75+BP75+BT75+BX75+CB75+CF75+CJ75+CN75+CR75+CV75+CZ75+DD75+DH75+DL75+DP75+DT75 -> 7.5039123e+08 | DY75: =+E75+I75+M75+Q75+U75+Y75+AC75+AG75+AK75+AO75+AS75+AW75+BA75+BE75+BI75+BM75+BQ75+BU75+BY75+CC75+CG75+CK75+CO75+CS75+CW75+DA75+DE75+DI75+DM75+DQ75+DU75 -> 229268397 | DZ75: =+F75+J75+N75+R75+V75+Z75+AD75+AH75+AL75+AP75+AT75+AX75+BB75+BF75+BJ75+BN75+BR75+BV75+BZ75+CD75+CH75+CL75+CP75+CT75+CX75+DB75+DF75+DJ75+DN75+DR75+DV75 -> 182235349 | EA75: =+SUM(DW76:DW82)-B75 -> 0 | EB75: =+DW75-B75 -> 0
A76: ACT. 6.3.1. OPTIMIZACIÓN DE LA CAPACIDAD DE RECURSOS FÍSICOS (INFRAESTRUCTURA, HERRAMIENTAS TECNOLÓGICAS INNOVADORAS, TRANSPORTE, MANTENIMIENTO DE EQUIPOS) PARA TODAS LAS SECCIONALES. | B76: =DW75 -> 1.33e+09 | C76: =650000000/7 -> 92857143 | D76: =511653699/7 -> 73093386 | E76: =179798847/7 -> 25685550 | F76: =148777879/7 -> 21253983 | G76: =137361137.01/7 -> 19623020 | H76: =88071440/7 -> 12581634 | I76: =21717396/7 -> 3102485.1 | J76: =11049156/7 -> 1578450.9 | K76: =22126437.36/7 -> 3160919.6 | L76: =6507062.64/7 -> 929580.38 | M76: =2799720/7 -> 399960 | N76: =2799720/7 -> 399960 | O76: =22163015/7 -> 3166145 | P76: =22126437.36/7 -> 3160919.6 | Q76: 0 | R76: 0 | S76: =88787681.05/7 -> 12683954 | T76: =38482560/7 -> 5497508.6 | U76: =8498142/7 -> 1214020.3 | V76: =8498142/7 -> 1214020.3 | W76: =324561729.58/7 -> 46365961 | X76: =83550027.3/7 -> 11935718 | Y76: =16454292/7 -> 2350613.1 | Z76: =11110452/7 -> 1587207.4 | AA76: 0 | AB76: 0 | AC76: 0 | AD76: 0 | AE76: 0 | AF76: 0 | AG76: 0 | AH76: 0 | AI76: 0 | AJ76: 0 | AK76: 0 | AL76: 0 | AM76: 0 | AN76: 0 | AO76: 0 | AP76: 0 | AQ76: 0 | AR76: 0 | AS76: 0 | AT76: 0 | AU76: 0 | AV76: 0 | AW76: 0 | AX76: 0 | AY76: 0 | AZ76: 0 | BA76: 0 | BB76: 0 | BC76: 0 | BD76: 0 | BE76: 0 | BF76: 0 | BG76: 0 | BH76: 0 | BI76: 0 | BJ76: 0 | BK76: 0 | BL76: 0 | BM76: 0 | BN76: 0 | BO76: 0 | BP76: 0 | BQ76: 0 | BR76: 0 | BS76: 0 | BT76: 0 | BU76: 0 | BV76: 0 | BW76: 0 | BX76: 0 | BY76: 0 | BZ76: 0 | CA76: 0 | CB76: 0 | CC76: 0 | CD76: 0 | CE76: 0 | CF76: 0 | CG76: 0 | CH76: 0 | CI76: 0 | CJ76: 0 | CK76: 0 | CL76: 0 | CM76: 0 | CN76: 0 | CO76: 0 | CP76: 0 | CQ76: 0 | CR76: 0 | CS76: 0 | CT76: 0 | CU76: 0 | CV76: 0 | CW76: 0 | CX76: 0 | CY76: 0 | CZ76: 0 | DA76: 0 | DB76: 0 | DC76: 0 | DD76: 0 | DE76: 0 | DF76: 0 | DG76: 0 | DH76: 0 | DI76: 0 | DJ76: 0 | DK76: 0 | DL76: 0 | DM76: 0 | DN76: 0 | DO76: 0 | DP76: 0 | DQ76: 0 | DR76: 0 | DS76: =85000000/7 -> 12142857 | DT76: 0 | DU76: 0 | DV76: 0 | DW76: =+C76+G76+K76+O76+S76+W76+AA76+AE76+AI76+AM76+AQ76+AU76+AY76+BC76+BG76+BK76+BO76+BS76+BW76+CA76+CE76+CI76+CM76+CQ76+CU76+CY76+DC76+DG76+DK76+DO76+DS76 -> 1.9e+08 | DX76: =+D76+H76+L76+P76+T76+X76+AB76+AF76+AJ76+AN76+AR76+AV76+AZ76+BD76+BH76+BL76+BP76+BT76+BX76+CB76+CF76+CJ76+CN76+CR76+CV76+CZ76+DD76+DH76+DL76+DP76+DT76 -> 1.0719875e+08 | DY76: =+E76+I76+M76+Q76+U76+Y76+AC76+AG76+AK76+AO76+AS76+AW76+BA76+BE76+BI76+BM76+BQ76+BU76+BY76+CC76+CG76+CK76+CO76+CS76+CW76+DA76+DE76+DI76+DM76+DQ76+DU76 -> 32752628 | DZ76: =+F76+J76+N76+R76+V76+Z76+AD76+AH76+AL76+AP76+AT76+AX76+BB76+BF76+BJ76+BN76+BR76+BV76+BZ76+CD76+CH76+CL76+CP76+CT76+CX76+DB76+DF76+DJ76+DN76+DR76+DV76 -> 26033621
A77: ACT. 6.3.2. MEJORAMIENTO DE LOS SISTEMAS DE GESTIÓN ARCHIVÍSTICA (TRD, TVD, PINAR, SIC) Y GESTIÓN DOCUMENTAL (CONSULTA VIRTUAL Y FÍSICA CENTRO DE DOCUMENTACIÓN) SEGÚN PLAN ESPECÍFICO. | C77: =650000000/7 -> 92857143 | D77: =511653699/7 -> 73093386 | E77: =179798847/7 -> 25685550 | F77: =148777879/7 -> 21253983 | G77: =137361137.01/7 -> 19623020 | H77: =88071440/7 -> 12581634 | I77: =21717396/7 -> 3102485.1 | J77: =11049156/7 -> 1578450.9 | K77: =22126437.36/7 -> 3160919.6 | L77: =6507062.64/7 -> 929580.38 | M77: =2799720/7 -> 399960 | N77: =2799720/7 -> 399960 | O77: =22163015/7 -> 3166145 | P77: =22126437.36/7 -> 3160919.6 | Q77: 0 | R77: 0 | S77: =88787681.05/7 -> 12683954 | T77: =38482560/7 -> 5497508.6 | U77: =8498142/7 -> 1214020.3 | V77: =8498142/7 -> 1214020.3 | W77: =324561729.58/7 -> 46365961 | X77: =83550027.3/7 -> 11935718 | Y77: =16454292/7 -> 2350613.1 | Z77: =11110452/7 -> 1587207.4 | AA77: 0 | AB77: 0 | AC77: 0 | AD77: 0 | AE77: 0 | AF77: 0 | AG77: 0 | AH77: 0 | AI77: 0 | AJ77: 0 | AK77: 0 | AL77: 0 | AM77: 0 | AN77: 0 | AO77: 0 | AP77: 0 | AQ77: 0 | AR77: 0 | AS77: 0 | AT77: 0 | AU77: 0 | AV77: 0 | AW77: 0 | AX77: 0 | AY77: 0 | AZ77: 0 | BA77: 0 | BB77: 0 | BC77: 0 | BD77: 0 | BE77: 0 | BF77: 0 | BG77: 0 | BH77: 0 | BI77: 0 | BJ77: 0 | BK77: 0 | BL77: 0 | BM77: 0 | BN77: 0 | BO77: 0 | BP77: 0 | BQ77: 0 | BR77: 0 | BS77: 0 | BT77: 0 | BU77: 0 | BV77: 0 | BW77: 0 | BX77: 0 | BY77: 0 | BZ77: 0 | CA77: 0 | CB77: 0 | CC77: 0 | CD77: 0 | CE77: 0 | CF77: 0 | CG77: 0 | CH77: 0 | CI77: 0 | CJ77: 0 | CK77: 0 | CL77: 0 | CM77: 0 | CN77: 0 | CO77: 0 | CP77: 0 | CQ77: 0 | CR77: 0 | CS77: 0 | CT77: 0 | CU77: 0 | CV77: 0 | CW77: 0 | CX77: 0 | CY77: 0 | CZ77: 0 | DA77: 0 | DB77: 0 | DC77: 0 | DD77: 0 | DE77: 0 | DF77: 0 | DG77: 0 | DH77: 0 | DI77: 0 | DJ77: 0 | DK77: 0 | DL77: 0 | DM77: 0 | DN77: 0 | DO77: 0 | DP77: 0 | DQ77: 0 | DR77: 0 | DS77: =85000000/7 -> 12142857 | DT77: 0 | DU77: 0 | DV77: 0 | DW77: =+C77+G77+K77+O77+S77+W77+AA77+AE77+AI77+AM77+AQ77+AU77+AY77+BC77+BG77+BK77+BO77+BS77+BW77+CA77+CE77+CI77+CM77+CQ77+CU77+CY77+DC77+DG77+DK77+DO77+DS77 -> 1.9e+08 | DX77: =+D77+H77+L77+P77+T77+X77+AB77+AF77+AJ77+AN77+AR77+AV77+AZ77+BD77+BH77+BL77+BP77+BT77+BX77+CB77+CF77+CJ77+CN77+CR77+CV77+CZ77+DD77+DH77+DL77+DP77+DT77 -> 1.0719875e+08 | DY77: =+E77+I77+M77+Q77+U77+Y77+AC77+AG77+AK77+AO77+AS77+AW77+BA77+BE77+BI77+BM77+BQ77+BU77+BY77+CC77+CG77+CK77+CO77+CS77+CW77+DA77+DE77+DI77+DM77+DQ77+DU77 -> 32752628 | DZ77: =+F77+J77+N77+R77+V77+Z77+AD77+AH77+AL77+AP77+AT77+AX77+BB77+BF77+BJ77+BN77+BR77+BV77+BZ77+CD77+CH77+CL77+CP77+CT77+CX77+DB77+DF77+DJ77+DN77+DR77+DV77 -> 26033621
A78: ACT. 6.3.3. OPTIMIZACIÓN DEL SISTEMA INTEGRADO DE GESTIÓN DE CALIDAD – SIGC (CALIDAD, SEGURIDAD Y SALUD EN EL TRABAJO Y PIGA) DE LA CORPORACIÓN. | C78: =650000000/7 -> 92857143 | D78: =511653699/7 -> 73093386 | E78: =179798847/7 -> 25685550 | F78: =148777879/7 -> 21253983 | G78: =137361137.01/7 -> 19623020 | H78: =88071440/7 -> 12581634 | I78: =21717396/7 -> 3102485.1 | J78: =11049156/7 -> 1578450.9 | K78: =22126437.36/7 -> 3160919.6 | L78: =6507062.64/7 -> 929580.38 | M78: =2799720/7 -> 399960 | N78: =2799720/7 -> 399960 | O78: =22163015/7 -> 3166145 | P78: =22126437.36/7 -> 3160919.6 | Q78: 0 | R78: 0 | S78: =88787681.05/7 -> 12683954 | T78: =38482560/7 -> 5497508.6 | U78: =8498142/7 -> 1214020.3 | V78: =8498142/7 -> 1214020.3 | W78: =324561729.58/7 -> 46365961 | X78: =83550027.3/7 -> 11935718 | Y78: =16454292/7 -> 2350613.1 | Z78: =11110452/7 -> 1587207.4 | AA78: 0 | AB78: 0 | AC78: 0 | AD78: 0 | AE78: 0 | AF78: 0 | AG78: 0 | AH78: 0 | AI78: 0 | AJ78: 0 | AK78: 0 | AL78: 0 | AM78: 0 | AN78: 0 | AO78: 0 | AP78: 0 | AQ78: 0 | AR78: 0 | AS78: 0 | AT78: 0 | AU78: 0 | AV78: 0 | AW78: 0 | AX78: 0 | AY78: 0 | AZ78: 0 | BA78: 0 | BB78: 0 | BC78: 0 | BD78: 0 | BE78: 0 | BF78: 0 | BG78: 0 | BH78: 0 | BI78: 0 | BJ78: 0 | BK78: 0 | BL78: 0 | BM78: 0 | BN78: 0 | BO78: 0 | BP78: 0 | BQ78: 0 | BR78: 0 | BS78: 0 | BT78: 0 | BU78: 0 | BV78: 0 | BW78: 0 | BX78: 0 | BY78: 0 | BZ78: 0 | CA78: 0 | CB78: 0 | CC78: 0 | CD78: 0 | CE78: 0 | CF78: 0 | CG78: 0 | CH78: 0 | CI78: 0 | CJ78: 0 | CK78: 0 | CL78: 0 | CM78: 0 | CN78: 0 | CO78: 0 | CP78: 0 | CQ78: 0 | CR78: 0 | CS78: 0 | CT78: 0 | CU78: 0 | CV78: 0 | CW78: 0 | CX78: 0 | CY78: 0 | CZ78: 0 | DA78: 0 | DB78: 0 | DC78: 0 | DD78: 0 | DE78: 0 | DF78: 0 | DG78: 0 | DH78: 0 | DI78: 0 | DJ78: 0 | DK78: 0 | DL78: 0 | DM78: 0 | DN78: 0 | DO78: 0 | DP78: 0 | DQ78: 0 | DR78: 0 | DS78: =85000000/7 -> 12142857 | DT78: 0 | DU78: 0 | DV78: 0 | DW78: =+C78+G78+K78+O78+S78+W78+AA78+AE78+AI78+AM78+AQ78+AU78+AY78+BC78+BG78+BK78+BO78+BS78+BW78+CA78+CE78+CI78+CM78+CQ78+CU78+CY78+DC78+DG78+DK78+DO78+DS78 -> 1.9e+08 | DX78: =+D78+H78+L78+P78+T78+X78+AB78+AF78+AJ78+AN78+AR78+AV78+AZ78+BD78+BH78+BL78+BP78+BT78+BX78+CB78+CF78+CJ78+CN78+CR78+CV78+CZ78+DD78+DH78+DL78+DP78+DT78 -> 1.0719875e+08 | DY78: =+E78+I78+M78+Q78+U78+Y78+AC78+AG78+AK78+AO78+AS78+AW78+BA78+BE78+BI78+BM78+BQ78+BU78+BY78+CC78+CG78+CK78+CO78+CS78+CW78+DA78+DE78+DI78+DM78+DQ78+DU78 -> 32752628 | DZ78: =+F78+J78+N78+R78+V78+Z78+AD78+AH78+AL78+AP78+AT78+AX78+BB78+BF78+BJ78+BN78+BR78+BV78+BZ78+CD78+CH78+CL78+CP78+CT78+CX78+DB78+DF78+DJ78+DN78+DR78+DV78 -> 26033621
A79: ACT. 6.3.4. FORTALECIMIENTO DEL CONTROL INTERNO DE GESTIÓN EN ARMONÍA CON LA POLÍTICA Y RETOS DEL PGAR (AUDITORIAS). | C79: =650000000/7 -> 92857143 | D79: =511653699/7 -> 73093386 | E79: =179798847/7 -> 25685550 | F79: =148777879/7 -> 21253983 | G79: =137361137.01/7 -> 19623020 | H79: =88071440/7 -> 12581634 | I79: =21717396/7 -> 3102485.1 | J79: =11049156/7 -> 1578450.9 | K79: =22126437.36/7 -> 3160919.6 | L79: =6507062.64/7 -> 929580.38 | M79: =2799720/7 -> 399960 | N79: =2799720/7 -> 399960 | O79: =22163015/7 -> 3166145 | P79: =22126437.36/7 -> 3160919.6 | Q79: 0 | R79: 0 | S79: =88787681.05/7 -> 12683954 | T79: =38482560/7 -> 5497508.6 | U79: =8498142/7 -> 1214020.3 | V79: =8498142/7 -> 1214020.3 | W79: =324561729.58/7 -> 46365961 | X79: =83550027.3/7 -> 11935718 | Y79: =16454292/7 -> 2350613.1 | Z79: =11110452/7 -> 1587207.4 | AA79: 0 | AB79: 0 | AC79: 0 | AD79: 0 | AE79: 0 | AF79: 0 | AG79: 0 | AH79: 0 | AI79: 0 | AJ79: 0 | AK79: 0 | AL79: 0 | AM79: 0 | AN79: 0 | AO79: 0 | AP79: 0 | AQ79: 0 | AR79: 0 | AS79: 0 | AT79: 0 | AU79: 0 | AV79: 0 | AW79: 0 | AX79: 0 | AY79: 0 | AZ79: 0 | BA79: 0 | BB79: 0 | BC79: 0 | BD79: 0 | BE79: 0 | BF79: 0 | BG79: 0 | BH79: 0 | BI79: 0 | BJ79: 0 | BK79: 0 | BL79: 0 | BM79: 0 | BN79: 0 | BO79: 0 | BP79: 0 | BQ79: 0 | BR79: 0 | BS79: 0 | BT79: 0 | BU79: 0 | BV79: 0 | BW79: 0 | BX79: 0 | BY79: 0 | BZ79: 0 | CA79: 0 | CB79: 0 | CC79: 0 | CD79: 0 | CE79: 0 | CF79: 0 | CG79: 0 | CH79: 0 | CI79: 0 | CJ79: 0 | CK79: 0 | CL79: 0 | CM79: 0 | CN79: 0 | CO79: 0 | CP79: 0 | CQ79: 0 | CR79: 0 | CS79: 0 | CT79: 0 | CU79: 0 | CV79: 0 | CW79: 0 | CX79: 0 | CY79: 0 | CZ79: 0 | DA79: 0 | DB79: 0 | DC79: 0 | DD79: 0 | DE79: 0 | DF79: 0 | DG79: 0 | DH79: 0 | DI79: 0 | DJ79: 0 | DK79: 0 | DL79: 0 | DM79: 0 | DN79: 0 | DO79: 0 | DP79: 0 | DQ79: 0 | DR79: 0 | DS79: =85000000/7 -> 12142857 | DT79: 0 | DU79: 0 | DV79: 0 | DW79: =+C79+G79+K79+O79+S79+W79+AA79+AE79+AI79+AM79+AQ79+AU79+AY79+BC79+BG79+BK79+BO79+BS79+BW79+CA79+CE79+CI79+CM79+CQ79+CU79+CY79+DC79+DG79+DK79+DO79+DS79 -> 1.9e+08 | DX79: =+D79+H79+L79+P79+T79+X79+AB79+AF79+AJ79+AN79+AR79+AV79+AZ79+BD79+BH79+BL79+BP79+BT79+BX79+CB79+CF79+CJ79+CN79+CR79+CV79+CZ79+DD79+DH79+DL79+DP79+DT79 -> 1.0719875e+08 | DY79: =+E79+I79+M79+Q79+U79+Y79+AC79+AG79+AK79+AO79+AS79+AW79+BA79+BE79+BI79+BM79+BQ79+BU79+BY79+CC79+CG79+CK79+CO79+CS79+CW79+DA79+DE79+DI79+DM79+DQ79+DU79 -> 32752628 | DZ79: =+F79+J79+N79+R79+V79+Z79+AD79+AH79+AL79+AP79+AT79+AX79+BB79+BF79+BJ79+BN79+BR79+BV79+BZ79+CD79+CH79+CL79+CP79+CT79+CX79+DB79+DF79+DJ79+DN79+DR79+DV79 -> 26033621
A80: ACT. 6.3.5. FORTALECIMIENTO DEL BANCO DE PROGRAMAS Y PROYECTOS COMO SOPORTE A LA GESTIÓN DE INVERSIÓN AMBIENTAL DE LA ENTIDAD | C80: =650000000/7 -> 92857143 | D80: =511653699/7 -> 73093386 | E80: =179798847/7 -> 25685550 | F80: =148777879/7 -> 21253983 | G80: =137361137.01/7 -> 19623020 | H80: =88071440/7 -> 12581634 | I80: =21717396/7 -> 3102485.1 | J80: =11049156/7 -> 1578450.9 | K80: =22126437.36/7 -> 3160919.6 | L80: =6507062.64/7 -> 929580.38 | M80: =2799720/7 -> 399960 | N80: =2799720/7 -> 399960 | O80: =22163015/7 -> 3166145 | P80: =22126437.36/7 -> 3160919.6 | Q80: 0 | R80: 0 | S80: =88787681.05/7 -> 12683954 | T80: =38482560/7 -> 5497508.6 | U80: =8498142/7 -> 1214020.3 | V80: =8498142/7 -> 1214020.3 | W80: =324561729.58/7 -> 46365961 | X80: =83550027.3/7 -> 11935718 | Y80: =16454292/7 -> 2350613.1 | Z80: =11110452/7 -> 1587207.4 | AA80: 0 | AB80: 0 | AC80: 0 | AD80: 0 | AE80: 0 | AF80: 0 | AG80: 0 | AH80: 0 | AI80: 0 | AJ80: 0 | AK80: 0 | AL80: 0 | AM80: 0 | AN80: 0 | AO80: 0 | AP80: 0 | AQ80: 0 | AR80: 0 | AS80: 0 | AT80: 0 | AU80: 0 | AV80: 0 | AW80: 0 | AX80: 0 | AY80: 0 | AZ80: 0 | BA80: 0 | BB80: 0 | BC80: 0 | BD80: 0 | BE80: 0 | BF80: 0 | BG80: 0 | BH80: 0 | BI80: 0 | BJ80: 0 | BK80: 0 | BL80: 0 | BM80: 0 | BN80: 0 | BO80: 0 | BP80: 0 | BQ80: 0 | BR80: 0 | BS80: 0 | BT80: 0 | BU80: 0 | BV80: 0 | BW80: 0 | BX80: 0 | BY80: 0 | BZ80: 0 | CA80: 0 | CB80: 0 | CC80: 0 | CD80: 0 | CE80: 0 | CF80: 0 | CG80: 0 | CH80: 0 | CI80: 0 | CJ80: 0 | CK80: 0 | CL80: 0 | CM80: 0 | CN80: 0 | CO80: 0 | CP80: 0 | CQ80: 0 | CR80: 0 | CS80: 0 | CT80: 0 | CU80: 0 | CV80: 0 | CW80: 0 | CX80: 0 | CY80: 0 | CZ80: 0 | DA80: 0 | DB80: 0 | DC80: 0 | DD80: 0 | DE80: 0 | DF80: 0 | DG80: 0 | DH80: 0 | DI80: 0 | DJ80: 0 | DK80: 0 | DL80: 0 | DM80: 0 | DN80: 0 | DO80: 0 | DP80: 0 | DQ80: 0 | DR80: 0 | DS80: =85000000/7 -> 12142857 | DT80: 0 | DU80: 0 | DV80: 0 | DW80: =+C80+G80+K80+O80+S80+W80+AA80+AE80+AI80+AM80+AQ80+AU80+AY80+BC80+BG80+BK80+BO80+BS80+BW80+CA80+CE80+CI80+CM80+CQ80+CU80+CY80+DC80+DG80+DK80+DO80+DS80 -> 1.9e+08 | DX80: =+D80+H80+L80+P80+T80+X80+AB80+AF80+AJ80+AN80+AR80+AV80+AZ80+BD80+BH80+BL80+BP80+BT80+BX80+CB80+CF80+CJ80+CN80+CR80+CV80+CZ80+DD80+DH80+DL80+DP80+DT80 -> 1.0719875e+08 | DY80: =+E80+I80+M80+Q80+U80+Y80+AC80+AG80+AK80+AO80+AS80+AW80+BA80+BE80+BI80+BM80+BQ80+BU80+BY80+CC80+CG80+CK80+CO80+CS80+CW80+DA80+DE80+DI80+DM80+DQ80+DU80 -> 32752628 | DZ80: =+F80+J80+N80+R80+V80+Z80+AD80+AH80+AL80+AP80+AT80+AX80+BB80+BF80+BJ80+BN80+BR80+BV80+BZ80+CD80+CH80+CL80+CP80+CT80+CX80+DB80+DF80+DJ80+DN80+DR80+DV80 -> 26033621
A81: ACT. 6.3.6. CONCERTACIÓN, GESTIÓN E IMPLEMENTACIÓN DEL PROGRAMA DE BIENESTAR SOCIAL E INCENTIVOS, Y DE FORMACIÓN Y CAPACITACIÓN. | C81: =650000000/7 -> 92857143 | D81: =511653699/7 -> 73093386 | E81: =179798847/7 -> 25685550 | F81: =148777879/7 -> 21253983 | G81: =137361137.01/7 -> 19623020 | H81: =88071440/7 -> 12581634 | I81: =21717396/7 -> 3102485.1 | J81: =11049156/7 -> 1578450.9 | K81: =22126437.36/7 -> 3160919.6 | L81: =6507062.64/7 -> 929580.38 | M81: =2799720/7 -> 399960 | N81: =2799720/7 -> 399960 | O81: =22163015/7 -> 3166145 | P81: =22126437.36/7 -> 3160919.6 | Q81: 0 | R81: 0 | S81: =88787681.05/7 -> 12683954 | T81: =38482560/7 -> 5497508.6 | U81: =8498142/7 -> 1214020.3 | V81: =8498142/7 -> 1214020.3 | W81: =324561729.58/7 -> 46365961 | X81: =83550027.3/7 -> 11935718 | Y81: =16454292/7 -> 2350613.1 | Z81: =11110452/7 -> 1587207.4 | AA81: 0 | AB81: 0 | AC81: 0 | AD81: 0 | AE81: 0 | AF81: 0 | AG81: 0 | AH81: 0 | AI81: 0 | AJ81: 0 | AK81: 0 | AL81: 0 | AM81: 0 | AN81: 0 | AO81: 0 | AP81: 0 | AQ81: 0 | AR81: 0 | AS81: 0 | AT81: 0 | AU81: 0 | AV81: 0 | AW81: 0 | AX81: 0 | AY81: 0 | AZ81: 0 | BA81: 0 | BB81: 0 | BC81: 0 | BD81: 0 | BE81: 0 | BF81: 0 | BG81: 0 | BH81: 0 | BI81: 0 | BJ81: 0 | BK81: 0 | BL81: 0 | BM81: 0 | BN81: 0 | BO81: 0 | BP81: 0 | BQ81: 0 | BR81: 0 | BS81: 0 | BT81: 0 | BU81: 0 | BV81: 0 | BW81: 0 | BX81: 0 | BY81: 0 | BZ81: 0 | CA81: 0 | CB81: 0 | CC81: 0 | CD81: 0 | CE81: 0 | CF81: 0 | CG81: 0 | CH81: 0 | CI81: 0 | CJ81: 0 | CK81: 0 | CL81: 0 | CM81: 0 | CN81: 0 | CO81: 0 | CP81: 0 | CQ81: 0 | CR81: 0 | CS81: 0 | CT81: 0 | CU81: 0 | CV81: 0 | CW81: 0 | CX81: 0 | CY81: 0 | CZ81: 0 | DA81: 0 | DB81: 0 | DC81: 0 | DD81: 0 | DE81: 0 | DF81: 0 | DG81: 0 | DH81: 0 | DI81: 0 | DJ81: 0 | DK81: 0 | DL81: 0 | DM81: 0 | DN81: 0 | DO81: 0 | DP81: 0 | DQ81: 0 | DR81: 0 | DS81: =85000000/7 -> 12142857 | DT81: 0 | DU81: 0 | DV81: 0 | DW81: =+C81+G81+K81+O81+S81+W81+AA81+AE81+AI81+AM81+AQ81+AU81+AY81+BC81+BG81+BK81+BO81+BS81+BW81+CA81+CE81+CI81+CM81+CQ81+CU81+CY81+DC81+DG81+DK81+DO81+DS81 -> 1.9e+08 | DX81: =+D81+H81+L81+P81+T81+X81+AB81+AF81+AJ81+AN81+AR81+AV81+AZ81+BD81+BH81+BL81+BP81+BT81+BX81+CB81+CF81+CJ81+CN81+CR81+CV81+CZ81+DD81+DH81+DL81+DP81+DT81 -> 1.0719875e+08 | DY81: =+E81+I81+M81+Q81+U81+Y81+AC81+AG81+AK81+AO81+AS81+AW81+BA81+BE81+BI81+BM81+BQ81+BU81+BY81+CC81+CG81+CK81+CO81+CS81+CW81+DA81+DE81+DI81+DM81+DQ81+DU81 -> 32752628 | DZ81: =+F81+J81+N81+R81+V81+Z81+AD81+AH81+AL81+AP81+AT81+AX81+BB81+BF81+BJ81+BN81+BR81+BV81+BZ81+CD81+CH81+CL81+CP81+CT81+CX81+DB81+DF81+DJ81+DN81+DR81+DV81 -> 26033621
A82: ACT. 6.3.7. OPTIMIZACIÓN INTEGRADA DEL SISTEMA DE ATENCIÓN AL CIUDADANO (PQR, VENTANILLA ÚNICA), QUEJAS, SANCIONES AMBIENTALES). | C82: =650000000/7 -> 92857143 | D82: =511653699/7 -> 73093386 | E82: =179798847/7 -> 25685550 | F82: =148777879/7 -> 21253983 | G82: =137361137.01/7 -> 19623020 | H82: =88071440/7 -> 12581634 | I82: =21717396/7 -> 3102485.1 | J82: =11049156/7 -> 1578450.9 | K82: =22126437.36/7 -> 3160919.6 | L82: =6507062.64/7 -> 929580.38 | M82: =2799720/7 -> 399960 | N82: =2799720/7 -> 399960 | O82: =22163015/7 -> 3166145 | P82: =22126437.36/7 -> 3160919.6 | Q82: 0 | R82: 0 | S82: =88787681.05/7 -> 12683954 | T82: =38482560/7 -> 5497508.6 | U82: =8498142/7 -> 1214020.3 | V82: =8498142/7 -> 1214020.3 | W82: =324561729.58/7 -> 46365961 | X82: =83550027.3/7 -> 11935718 | Y82: =16454292/7 -> 2350613.1 | Z82: =11110452/7 -> 1587207.4 | AA82: 0 | AB82: 0 | AC82: 0 | AD82: 0 | AE82: 0 | AF82: 0 | AG82: 0 | AH82: 0 | AI82: 0 | AJ82: 0 | AK82: 0 | AL82: 0 | AM82: 0 | AN82: 0 | AO82: 0 | AP82: 0 | AQ82: 0 | AR82: 0 | AS82: 0 | AT82: 0 | AU82: 0 | AV82: 0 | AW82: 0 | AX82: 0 | AY82: 0 | AZ82: 0 | BA82: 0 | BB82: 0 | BC82: 0 | BD82: 0 | BE82: 0 | BF82: 0 | BG82: 0 | BH82: 0 | BI82: 0 | BJ82: 0 | BK82: 0 | BL82: 0 | BM82: 0 | BN82: 0 | BO82: 0 | BP82: 0 | BQ82: 0 | BR82: 0 | BS82: 0 | BT82: 0 | BU82: 0 | BV82: 0 | BW82: 0 | BX82: 0 | BY82: 0 | BZ82: 0 | CA82: 0 | CB82: 0 | CC82: 0 | CD82: 0 | CE82: 0 | CF82: 0 | CG82: 0 | CH82: 0 | CI82: 0 | CJ82: 0 | CK82: 0 | CL82: 0 | CM82: 0 | CN82: 0 | CO82: 0 | CP82: 0 | CQ82: 0 | CR82: 0 | CS82: 0 | CT82: 0 | CU82: 0 | CV82: 0 | CW82: 0 | CX82: 0 | CY82: 0 | CZ82: 0 | DA82: 0 | DB82: 0 | DC82: 0 | DD82: 0 | DE82: 0 | DF82: 0 | DG82: 0 | DH82: 0 | DI82: 0 | DJ82: 0 | DK82: 0 | DL82: 0 | DM82: 0 | DN82: 0 | DO82: 0 | DP82: 0 | DQ82: 0 | DR82: 0 | DS82: =85000000/7 -> 12142857 | DT82: 0 | DU82: 0 | DV82: 0 | DW82: =+C82+G82+K82+O82+S82+W82+AA82+AE82+AI82+AM82+AQ82+AU82+AY82+BC82+BG82+BK82+BO82+BS82+BW82+CA82+CE82+CI82+CM82+CQ82+CU82+CY82+DC82+DG82+DK82+DO82+DS82 -> 1.9e+08 | DX82: =+D82+H82+L82+P82+T82+X82+AB82+AF82+AJ82+AN82+AR82+AV82+AZ82+BD82+BH82+BL82+BP82+BT82+BX82+CB82+CF82+CJ82+CN82+CR82+CV82+CZ82+DD82+DH82+DL82+DP82+DT82 -> 1.0719875e+08 | DY82: =+E82+I82+M82+Q82+U82+Y82+AC82+AG82+AK82+AO82+AS82+AW82+BA82+BE82+BI82+BM82+BQ82+BU82+BY82+CC82+CG82+CK82+CO82+CS82+CW82+DA82+DE82+DI82+DM82+DQ82+DU82 -> 32752628 | DZ82: =+F82+J82+N82+R82+V82+Z82+AD82+AH82+AL82+AP82+AT82+AX82+BB82+BF82+BJ82+BN82+BR82+BV82+BZ82+CD82+CH82+CL82+CP82+CT82+CX82+DB82+DF82+DJ82+DN82+DR82+DV82 -> 26033621 | EA82: =+SUM(DW76:DW82)-B76 -> 0
A83: PROYECTO 6.4. (3204). GESTIÓN DE LA INFORMACIÓN Y EL CONOCIMIENTO AMBIENTAL. | B83: =SUM(B84:B93) -> 5.3018147e+09 | C83: =SUM(C84:C93) -> 3116000000 | D83: =SUM(D84:D93) -> 3094184930 | E83: =SUM(E84:E93) -> 3.1363795e+08 | F83: =SUM(F84:F93) -> 3.060791e+08 | G83: =SUM(G84:G93) -> 82000000 | H83: =SUM(H84:H93) -> 53041999 | I83: =SUM(I84:I93) -> 20355883 | ... DV83: =SUM(DV84:DV93) -> 0 | DW83: =+C83+G83+K83+O83+S83+W83+AA83+AE83+AI83+AM83+AQ83+AU83+AY83+BC83+BG83+BK83+BO83+BS83+BW83+CA83+CE83+CI83+CM83+CQ83+CU83+CY83+DC83+DG83+DK83+DO83+DS83 -> 5.3018147e+09 | DX83: =+D83+H83+L83+P83+T83+X83+AB83+AF83+AJ83+AN83+AR83+AV83+AZ83+BD83+BH83+BL83+BP83+BT83+BX83+CB83+CF83+CJ83+CN83+CR83+CV83+CZ83+DD83+DH83+DL83+DP83+DT83 -> 3.9681116e+09 | DY83: =+E83+I83+M83+Q83+U83+Y83+AC83+AG83+AK83+AO83+AS83+AW83+BA83+BE83+BI83+BM83+BQ83+BU83+BY83+CC83+CG83+CK83+CO83+CS83+CW83+DA83+DE83+DI83+DM83+DQ83+DU83 -> 3.7270449e+08 | DZ83: =+F83+J83+N83+R83+V83+Z83+AD83+AH83+AL83+AP83+AT83+AX83+BB83+BF83+BJ83+BN83+BR83+BV83+BZ83+CD83+CH83+CL83+CP83+CT83+CX83+DB83+DF83+DJ83+DN83+DR83+DV83 -> 3.4926424e+08 | EA83: =+SUM(DW84:DW93)-DW83 -> 0 | EB83: =+DW83-B83 -> 0
A84: ACT. 6.4.1. GESTIÓN PARA LA IMPLEMENTACIÓN Y OPERACIÓN DE INSTRUMENTOS DE MONITOREO DE LOS RECURSOS NATURALES. | B84: =DW83 -> 5.3018147e+09 | C84: =3116000000/8 -> 389500000 | D84: =3094184930/8 -> 3.8677312e+08 | E84: =313637950.16/8 -> 39204744 | F84: =306079097.93/8 -> 38259887 | G84: =82000000/8 -> 10250000 | H84: =53041998.97/8 -> 6630249.9 | I84: =20355882.97/8 -> 2544485.4 | J84: =14782002.97/8 -> 1847750.4 | K84: 0 | L84: 0 | M84: 0 | N84: 0 | O84: 0 | P84: 0 | Q84: 0 | R84: 0 | S84: 0 | T84: 0 | U84: 0 | V84: 0 | W84: 0 | X84: 0 | Y84: 0 | Z84: 0 | AA84: 0 | AB84: 0 | AC84: 0 | AD84: 0 | AE84: 0 | AF84: 0 | AG84: 0 | AH84: 0 | AI84: 0 | AJ84: 0 | AK84: 0 | AL84: 0 | AM84: 0 | AN84: 0 | AO84: 0 | AP84: 0 | AQ84: 0 | AR84: 0 | AS84: 0 | AT84: 0 | AU84: =560000000/8 -> 70000000 | AV84: =560000000/8 -> 70000000 | AW84: 0 | AX84: 0 | AY84: 0 | AZ84: 0 | BA84: 0 | BB84: 0 | BC84: 1.2438147e+09 | BG84: 0 | BH84: 0 | BI84: 0 | BJ84: 0 | BK84: 0 | BL84: 0 | BM84: 0 | BN84: 0 | BO84: 0 | BP84: 0 | BQ84: 0 | BR84: 0 | BS84: 0 | BT84: 0 | BU84: 0 | BV84: 0 | BW84: 0 | BX84: 0 | BY84: 0 | BZ84: 0 | CA84: 0 | CB84: 0 | CC84: 0 | CD84: 0 | CE84: 0 | CF84: 0 | CG84: 0 | CH84: 0 | CI84: =300000000/8 -> 37500000 | CJ84: =260884640/8 -> 32610580 | CK84: =38710656/8 -> 4838832 | CL84: =28403136/8 -> 3550392 | CM84: 0 | CN84: 0 | CO84: 0 | CP84: 0 | CQ84: 0 | CR84: 0 | CS84: 0 | CT84: 0 | CU84: 0 | CV84: 0 | CW84: 0 | CX84: 0 | CY84: 0 | CZ84: 0 | DA84: 0 | DB84: 0 | DC84: 0 | DD84: 0 | DE84: 0 | DF84: 0 | DG84: 0 | DH84: 0 | DI84: 0 | DJ84: 0 | DK84: 0 | DL84: 0 | DM84: 0 | DN84: 0 | DO84: 0 | DP84: 0 | DQ84: 0 | DR84: 0 | DS84: 0 | DT84: 0 | DU84: 0 | DV84: 0 | DW84: =+C84+G84+K84+O84+S84+W84+AA84+AE84+AI84+AM84+AQ84+AU84+AY84+BC84+BG84+BK84+BO84+BS84+BW84+CA84+CE84+CI84+CM84+CQ84+CU84+CY84+DC84+DG84+DK84+DO84+DS84 -> 1.7510647e+09 | DX84: =+D84+H84+L84+P84+T84+X84+AB84+AF84+AJ84+AN84+AR84+AV84+AZ84+BD84+BH84+BL84+BP84+BT84+BX84+CB84+CF84+CJ84+CN84+CR84+CV84+CZ84+DD84+DH84+DL84+DP84+DT84 -> 4.9601395e+08 | DY84: =+E84+I84+M84+Q84+U84+Y84+AC84+AG84+AK84+AO84+AS84+AW84+BA84+BE84+BI84+BM84+BQ84+BU84+BY84+CC84+CG84+CK84+CO84+CS84+CW84+DA84+DE84+DI84+DM84+DQ84+DU84 -> 46588061 | DZ84: =+F84+J84+N84+R84+V84+Z84+AD84+AH84+AL84+AP84+AT84+AX84+BB84+BF84+BJ84+BN84+BR84+BV84+BZ84+CD84+CH84+CL84+CP84+CT84+CX84+DB84+DF84+DJ84+DN84+DR84+DV84 -> 43658030
A85: ACT. 6.4.2. OPTIMIZACIÓN DEL LABORATORIO DE CALIDAD DE AIRE. | C85: =3116000000/8 -> 389500000 | D85: =3094184930/8 -> 3.8677312e+08 | E85: =313637950.16/8 -> 39204744 | F85: =306079097.93/8 -> 38259887 | G85: =82000000/8 -> 10250000 | H85: =53041998.97/8 -> 6630249.9 | I85: =20355882.97/8 -> 2544485.4 | J85: =14782002.97/8 -> 1847750.4 | K85: 0 | L85: 0 | M85: 0 | N85: 0 | O85: 0 | P85: 0 | Q85: 0 | R85: 0 | S85: 0 | T85: 0 | U85: 0 | V85: 0 | W85: 0 | X85: 0 | Y85: 0 | Z85: 0 | AA85: 0 | AB85: 0 | AC85: 0 | AD85: 0 | AE85: 0 | AF85: 0 | AG85: 0 | AH85: 0 | AI85: 0 | AJ85: 0 | AK85: 0 | AL85: 0 | AM85: 0 | AN85: 0 | AO85: 0 | AP85: 0 | AQ85: 0 | AR85: 0 | AS85: 0 | AT85: 0 | AU85: =560000000/8 -> 70000000 | AV85: =560000000/8 -> 70000000 | AY85: 0 | AZ85: 0 | BA85: 0 | BB85: 0 | BG85: 0 | BH85: 0 | BI85: 0 | BJ85: 0 | BK85: 0 | BL85: 0 | BM85: 0 | BN85: 0 | BO85: 0 | BP85: 0 | BQ85: 0 | BR85: 0 | BS85: 0 | BT85: 0 | BU85: 0 | BV85: 0 | BW85: 0 | BX85: 0 | BY85: 0 | BZ85: 0 | CA85: 0 | CB85: 0 | CC85: 0 | CD85: 0 | CE85: 0 | CF85: 0 | CG85: 0 | CH85: 0 | CI85: =300000000/8 -> 37500000 | CJ85: =260884640/8 -> 32610580 | CK85: =38710656/8 -> 4838832 | CL85: =28403136/8 -> 3550392 | CM85: 0 | CN85: 0 | CO85: 0 | CP85: 0 | CQ85: 0 | CR85: 0 | CS85: 0 | CT85: 0 | CU85: 0 | CV85: 0 | CW85: 0 | CX85: 0 | CY85: 0 | CZ85: 0 | DA85: 0 | DB85: 0 | DC85: 0 | DD85: 0 | DE85: 0 | DF85: 0 | DG85: 0 | DH85: 0 | DI85: 0 | DJ85: 0 | DK85: 0 | DL85: 0 | DM85: 0 | DN85: 0 | DO85: 0 | DP85: 0 | DQ85: 0 | DR85: 0 | DS85: 0 | DT85: 0 | DU85: 0 | DV85: 0 | DW85: =+C85+G85+K85+O85+S85+W85+AA85+AE85+AI85+AM85+AQ85+AU85+AY85+BC85+BG85+BK85+BO85+BS85+BW85+CA85+CE85+CI85+CM85+CQ85+CU85+CY85+DC85+DG85+DK85+DO85+DS85 -> 507250000 | DX85: =+D85+H85+L85+P85+T85+X85+AB85+AF85+AJ85+AN85+AR85+AV85+AZ85+BD85+BH85+BL85+BP85+BT85+BX85+CB85+CF85+CJ85+CN85+CR85+CV85+CZ85+DD85+DH85+DL85+DP85+DT85 -> 4.9601395e+08 | DY85: =+E85+I85+M85+Q85+U85+Y85+AC85+AG85+AK85+AO85+AS85+AW85+BA85+BE85+BI85+BM85+BQ85+BU85+BY85+CC85+CG85+CK85+CO85+CS85+CW85+DA85+DE85+DI85+DM85+DQ85+DU85 -> 46588061 | DZ85: =+F85+J85+N85+R85+V85+Z85+AD85+AH85+AL85+AP85+AT85+AX85+BB85+BF85+BJ85+BN85+BR85+BV85+BZ85+CD85+CH85+CL85+CP85+CT85+CX85+DB85+DF85+DJ85+DN85+DR85+DV85 -> 43658030
A86: ACT. 6.4.3. OPTIMIZACIÓN DEL LABORATORIO DE CALIDAD DE AGUA. | C86: 0 | D86: 0 | E86: 0 | F86: 0 | G86: 0 | H86: 0 | I86: 0 | J86: 0 | K86: 0 | L86: 0 | M86: 0 | N86: 0 | O86: 0 | P86: 0 | Q86: 0 | R86: 0 | S86: 0 | T86: 0 | U86: 0 | V86: 0 | W86: 0 | X86: 0 | Y86: 0 | Z86: 0 | AA86: 0 | AB86: 0 | AC86: 0 | AD86: 0 | AE86: 0 | AF86: 0 | AG86: 0 | AH86: 0 | AI86: 0 | AJ86: 0 | AK86: 0 | AL86: 0 | AM86: 0 | AN86: 0 | AO86: 0 | AP86: 0 | AQ86: 0 | AR86: 0 | AS86: 0 | AT86: 0 | AU86: 0 | AV86: 0 | AY86: 0 | AZ86: 0 | BA86: 0 | BB86: 0 | BC86: 0 | BD86: 0 | BE86: 0 | BF86: 0 | BG86: 0 | BH86: 0 | BI86: 0 | BJ86: 0 | BK86: 0 | BL86: 0 | BM86: 0 | BN86: 0 | BO86: 0 | BP86: 0 | BQ86: 0 | BR86: 0 | BS86: 0 | BT86: 0 | BU86: 0 | BV86: 0 | BW86: 0 | BX86: 0 | BY86: 0 | BZ86: 0 | CA86: 0 | CB86: 0 | CC86: 0 | CD86: 0 | CE86: 0 | CF86: 0 | CG86: 0 | CH86: 0 | CI86: 0 | CJ86: 0 | CK86: 0 | CL86: 0 | CM86: 0 | CN86: 0 | CO86: 0 | CP86: 0 | CQ86: 0 | CR86: 0 | CS86: 0 | CT86: 0 | CU86: 0 | CV86: 0 | CW86: 0 | CX86: 0 | CY86: 0 | CZ86: 0 | DA86: 0 | DB86: 0 | DC86: 0 | DD86: 0 | DE86: 0 | DF86: 0 | DG86: 0 | DH86: 0 | DI86: 0 | DJ86: 0 | DK86: 0 | DL86: 0 | DM86: 0 | DN86: 0 | DO86: 0 | DP86: 0 | DQ86: 0 | DR86: 0 | DS86: 0 | DT86: 0 | DU86: 0 | DV86: 0 | DW86: =+C86+G86+K86+O86+S86+W86+AA86+AE86+AI86+AM86+AQ86+AU86+AY86+BC86+BG86+BK86+BO86+BS86+BW86+CA86+CE86+CI86+CM86+CQ86+CU86+CY86+DC86+DG86+DK86+DO86+DS86 -> 0 | DX86: =+D86+H86+L86+P86+T86+X86+AF86+AN86+AR86+AV86+AZ86+BD86+BH86+BL86+BP86+BT86+BX86+CB86+CF86+CJ86+CN86+CR86+CV86+CZ86+DD86+DH86+DL86+DP86+DT86 -> 0 | DY86: =+E86+I86+M86+Q86+U86+Y86+AG86+AO86+AS86+AW86+BA86+BE86+BI86+BM86+BQ86+BU86+BY86+CC86+CG86+CK86+CO86+CS86+CW86+DA86+DE86+DI86+DM86+DQ86+DU86 -> 0 | DZ86: =+F86+J86+N86+R86+V86+Z86+AH86+AP86+AT86+AX86+BB86+BF86+BJ86+BN86+BR86+BV86+BZ86+CD86+CH86+CL86+CP86+CT86+CX86+DB86+DF86+DJ86+DN86+DR86+DV86 -> 0
A87: ACT. 6.4.4. GESTIÓN PARA LA IMPLEMENTACIÓN DEL LABORATORIO DE SUELO. | C87: 0 | D87: 0 | E87: 0 | F87: 0 | G87: 0 | H87: 0 | I87: 0 | J87: 0 | K87: 0 | L87: 0 | M87: 0 | N87: 0 | O87: 0 | P87: 0 | Q87: 0 | R87: 0 | S87: 0 | T87: 0 | U87: 0 | V87: 0 | W87: 0 | X87: 0 | Y87: 0 | Z87: 0 | AA87: 0 | AB87: 0 | AC87: 0 | AD87: 0 | AE87: 0 | AF87: 0 | AG87: 0 | AH87: 0 | AI87: 0 | AJ87: 0 | AK87: 0 | AL87: 0 | AM87: 0 | AN87: 0 | AO87: 0 | AP87: 0 | AQ87: 0 | AR87: 0 | AS87: 0 | AT87: 0 | AU87: 0 | AV87: 0 | AY87: 0 | AZ87: 0 | BA87: 0 | BB87: 0 | BC87: 0 | BD87: 0 | BE87: 0 | BF87: 0 | BG87: 0 | BH87: 0 | BI87: 0 | BJ87: 0 | BK87: 0 | BL87: 0 | BM87: 0 | BN87: 0 | BO87: 0 | BP87: 0 | BQ87: 0 | BR87: 0 | BS87: 0 | BT87: 0 | BU87: 0 | BV87: 0 | BW87: 0 | BX87: 0 | BY87: 0 | BZ87: 0 | CA87: 0 | CB87: 0 | CC87: 0 | CD87: 0 | CE87: 0 | CF87: 0 | CG87: 0 | CH87: 0 | CJ87: 0 | CK87: 0 | CL87: 0 | CM87: 0 | CN87: 0 | CO87: 0 | CP87: 0 | CQ87: 0 | CR87: 0 | CS87: 0 | CT87: 0 | CU87: 0 | CV87: 0 | CW87: 0 | CX87: 0 | CY87: 0 | CZ87: 0 | DA87: 0 | DB87: 0 | DC87: 0 | DD87: 0 | DE87: 0 | DF87: 0 | DG87: 0 | DH87: 0 | DI87: 0 | DJ87: 0 | DK87: 0 | DL87: 0 | DM87: 0 | DN87: 0 | DO87: 0 | DP87: 0 | DQ87: 0 | DR87: 0 | DS87: 0 | DT87: 0 | DU87: 0 | DV87: 0 | DW87: =+C87+G87+K87+O87+S87+W87+AA87+AE87+AI87+AM87+AQ87+AU87+AY87+BC87+BG87+BK87+BO87+BS87+BW87+CA87+CE87+CI87+CM87+CQ87+CU87+CY87+DC87+DG87+DK87+DO87+DS87 -> 0 | DX87: =+D87+H87+L87+P87+T87+X87+AF87+AN87+AR87+AV87+AZ87+BD87+BH87+BL87+BP87+BT87+BX87+CB87+CF87+CJ87+CN87+CR87+CV87+CZ87+DD87+DH87+DL87+DP87+DT87 -> 0 | DY87: =+E87+I87+M87+Q87+U87+Y87+AG87+AO87+AS87+AW87+BA87+BE87+BI87+BM87+BQ87+BU87+BY87+CC87+CG87+CK87+CO87+CS87+CW87+DA87+DE87+DI87+DM87+DQ87+DU87 -> 0 | DZ87: =+F87+J87+N87+R87+V87+Z87+AH87+AP87+AT87+AX87+BB87+BF87+BJ87+BN87+BR87+BV87+BZ87+CD87+CH87+CL87+CP87+CT87+CX87+DB87+DF87+DJ87+DN87+DR87+DV87 -> 0
A88: ACT. 6.4.5. FORTALECIMIENTO DEL SIPGA – CARDINAL | C88: =3116000000/8 -> 389500000 | D88: =3094184930/8 -> 3.8677312e+08 | E88: =313637950.16/8 -> 39204744 | F88: =306079097.93/8 -> 38259887 | G88: =82000000/8 -> 10250000 | H88: =53041998.97/8 -> 6630249.9 | I88: =20355882.97/8 -> 2544485.4 | J88: =14782002.97/8 -> 1847750.4 | K88: 0 | L88: 0 | M88: 0 | N88: 0 | O88: 0 | P88: 0 | Q88: 0 | R88: 0 | S88: 0 | T88: 0 | U88: 0 | V88: 0 | W88: 0 | X88: 0 | Y88: 0 | Z88: 0 | AA88: 0 | AB88: 0 | AC88: 0 | AD88: 0 | AE88: 0 | AF88: 0 | AG88: 0 | AH88: 0 | AI88: 0 | AJ88: 0 | AK88: 0 | AL88: 0 | AM88: 0 | AN88: 0 | AO88: 0 | AP88: 0 | AQ88: 0 | AR88: 0 | AS88: 0 | AT88: 0 | AU88: =560000000/8 -> 70000000 | AV88: =560000000/8 -> 70000000 | AY88: 0 | AZ88: 0 | BA88: 0 | BB88: 0 | BC88: 0 | BD88: 0 | BE88: 0 | BF88: 0 | BG88: 0 | BH88: 0 | BI88: 0 | BJ88: 0 | BK88: 0 | BL88: 0 | BM88: 0 | BN88: 0 | BO88: 0 | BP88: 0 | BQ88: 0 | BR88: 0 | BS88: 0 | BT88: 0 | BU88: 0 | BV88: 0 | BW88: 0 | BX88: 0 | BY88: 0 | BZ88: 0 | CA88: 0 | CB88: 0 | CC88: 0 | CD88: 0 | CE88: 0 | CF88: 0 | CG88: 0 | CH88: 0 | CI88: =300000000/8 -> 37500000 | CJ88: 32610580 | CK88: =38710656/8 -> 4838832 | CL88: =28403136/8 -> 3550392 | CM88: 0 | CN88: 0 | CO88: 0 | CP88: 0 | CQ88: 0 | CR88: 0 | CS88: 0 | CT88: 0 | CU88: 0 | CV88: 0 | CW88: 0 | CX88: 0 | CY88: 0 | CZ88: 0 | DA88: 0 | DB88: 0 | DC88: 0 | DD88: 0 | DE88: 0 | DF88: 0 | DG88: 0 | DH88: 0 | DI88: 0 | DJ88: 0 | DK88: 0 | DL88: 0 | DM88: 0 | DN88: 0 | DO88: 0 | DP88: 0 | DQ88: 0 | DR88: 0 | DS88: 0 | DT88: 0 | DU88: 0 | DV88: 0 | DW88: =+C88+G88+K88+O88+S88+W88+AA88+AE88+AI88+AM88+AQ88+AU88+AY88+BC88+BG88+BK88+BO88+BS88+BW88+CA88+CE88+CI88+CM88+CQ88+CU88+CY88+DC88+DG88+DK88+DO88+DS88 -> 507250000 | DX88: =+D88+H88+L88+P88+T88+X88+AB88+AF88+AJ88+AN88+AR88+AV88+AZ88+BD88+BH88+BL88+BP88+BT88+BX88+CB88+CF88+CJ88+CN88+CR88+CV88+CZ88+DD88+DH88+DL88+DP88+DT88 -> 4.9601395e+08 | DY88: =+E88+I88+M88+Q88+U88+Y88+AC88+AG88+AK88+AO88+AS88+AW88+BA88+BE88+BI88+BM88+BQ88+BU88+BY88+CC88+CG88+CK88+CO88+CS88+CW88+DA88+DE88+DI88+DM88+DQ88+DU88 -> 46588061 | DZ88: =+F88+J88+N88+R88+V88+Z88+AD88+AH88+AL88+AP88+AT88+AX88+BB88+BF88+BJ88+BN88+BR88+BV88+BZ88+CD88+CH88+CL88+CP88+CT88+CX88+DB88+DF88+DJ88+DN88+DR88+DV88 -> 43658030
A89: ACT. 6.4.6. FORTALECIMIENTO DE LOS SISTEMAS DE INFORMACIÓN. | C89: =3116000000/8 -> 389500000 | D89: =3094184930/8 -> 3.8677312e+08 | E89: =313637950.16/8 -> 39204744 | F89: =306079097.93/8 -> 38259887 | G89: =82000000/8 -> 10250000 | H89: =53041998.97/8 -> 6630249.9 | I89: =20355882.97/8 -> 2544485.4 | J89: =14782002.97/8 -> 1847750.4 | K89: 0 | L89: 0 | M89: 0 | N89: 0 | O89: 0 | P89: 0 | Q89: 0 | R89: 0 | S89: 0 | T89: 0 | U89: 0 | V89: 0 | W89: 0 | X89: 0 | Y89: 0 | Z89: 0 | AA89: 0 | AB89: 0 | AC89: 0 | AD89: 0 | AE89: 0 | AF89: 0 | AG89: 0 | AH89: 0 | AI89: 0 | AJ89: 0 | AK89: 0 | AL89: 0 | AM89: 0 | AN89: 0 | AO89: 0 | AP89: 0 | AQ89: 0 | AR89: 0 | AS89: 0 | AT89: 0 | AU89: =560000000/8 -> 70000000 | AV89: =560000000/8 -> 70000000 | AY89: 0 | AZ89: 0 | BA89: 0 | BB89: 0 | BC89: 0 | BD89: 0 | BE89: 0 | BF89: 0 | BG89: 0 | BH89: 0 | BI89: 0 | BJ89: 0 | BK89: 0 | BL89: 0 | BM89: 0 | BN89: 0 | BO89: 0 | BP89: 0 | BQ89: 0 | BR89: 0 | BS89: 0 | BT89: 0 | BU89: 0 | BV89: 0 | BW89: 0 | BX89: 0 | BY89: 0 | BZ89: 0 | CA89: 0 | CB89: 0 | CC89: 0 | CD89: 0 | CE89: 0 | CF89: 0 | CG89: 0 | CH89: 0 | CI89: =300000000/8 -> 37500000 | CJ89: 32610580 | CK89: =38710656/8 -> 4838832 | CL89: =28403136/8 -> 3550392 | CM89: 0 | CN89: 0 | CO89: 0 | CP89: 0 | CQ89: 0 | CR89: 0 | CS89: 0 | CT89: 0 | CU89: 0 | CV89: 0 | CW89: 0 | CX89: 0 | CY89: 0 | CZ89: 0 | DA89: 0 | DB89: 0 | DC89: 0 | DD89: 0 | DE89: 0 | DF89: 0 | DG89: 0 | DH89: 0 | DI89: 0 | DJ89: 0 | DK89: 0 | DL89: 0 | DM89: 0 | DN89: 0 | DO89: 0 | DP89: 0 | DQ89: 0 | DR89: 0 | DS89: 0 | DT89: 0 | DU89: 0 | DV89: 0 | DW89: =+C89+G89+K89+O89+S89+W89+AA89+AE89+AI89+AM89+AQ89+AU89+AY89+BC89+BG89+BK89+BO89+BS89+BW89+CA89+CE89+CI89+CM89+CQ89+CU89+CY89+DC89+DG89+DK89+DO89+DS89 -> 507250000 | DX89: =+D89+H89+L89+P89+T89+X89+AB89+AF89+AJ89+AN89+AR89+AV89+AZ89+BD89+BH89+BL89+BP89+BT89+BX89+CB89+CF89+CJ89+CN89+CR89+CV89+CZ89+DD89+DH89+DL89+DP89+DT89 -> 4.9601395e+08 | DY89: =+E89+I89+M89+Q89+U89+Y89+AC89+AG89+AK89+AO89+AS89+AW89+BA89+BE89+BI89+BM89+BQ89+BU89+BY89+CC89+CG89+CK89+CO89+CS89+CW89+DA89+DE89+DI89+DM89+DQ89+DU89 -> 46588061 | DZ89: =+F89+J89+N89+R89+V89+Z89+AD89+AH89+AL89+AP89+AT89+AX89+BB89+BF89+BJ89+BN89+BR89+BV89+BZ89+CD89+CH89+CL89+CP89+CT89+CX89+DB89+DF89+DJ89+DN89+DR89+DV89 -> 43658030
A90: ACT. 6.4.7. REPORTE Y CARGUE DE LA INFORMACIÓN SOLICITADA POR EL SISTEMA DE INFORMACIÓN AMBIENTAL DE COLOMBIA – SIAC. | C90: =3116000000/8 -> 389500000 | D90: =3094184930/8 -> 3.8677312e+08 | E90: =313637950.16/8 -> 39204744 | F90: =306079097.93/8 -> 38259887 | G90: =82000000/8 -> 10250000 | H90: =53041998.97/8 -> 6630249.9 | I90: =20355882.97/8 -> 2544485.4 | J90: =14782002.97/8 -> 1847750.4 | K90: 0 | L90: 0 | M90: 0 | N90: 0 | O90: 0 | P90: 0 | Q90: 0 | R90: 0 | S90: 0 | T90: 0 | U90: 0 | V90: 0 | W90: 0 | X90: 0 | Y90: 0 | Z90: 0 | AA90: 0 | AB90: 0 | AC90: 0 | AD90: 0 | AE90: 0 | AF90: 0 | AG90: 0 | AH90: 0 | AI90: 0 | AJ90: 0 | AK90: 0 | AL90: 0 | AM90: 0 | AN90: 0 | AO90: 0 | AP90: 0 | AQ90: 0 | AR90: 0 | AS90: 0 | AT90: 0 | AU90: =560000000/8 -> 70000000 | AV90: =560000000/8 -> 70000000 | AY90: 0 | AZ90: 0 | BA90: 0 | BB90: 0 | BC90: 0 | BD90: 0 | BE90: 0 | BF90: 0 | BG90: 0 | BH90: 0 | BI90: 0 | BJ90: 0 | BK90: 0 | BL90: 0 | BM90: 0 | BN90: 0 | BO90: 0 | BP90: 0 | BQ90: 0 | BR90: 0 | BS90: 0 | BT90: 0 | BU90: 0 | BV90: 0 | BW90: 0 | BX90: 0 | BY90: 0 | BZ90: 0 | CA90: 0 | CB90: 0 | CC90: 0 | CD90: 0 | CE90: 0 | CF90: 0 | CG90: 0 | CH90: 0 | CI90: =300000000/8 -> 37500000 | CJ90: 32610580 | CK90: =38710656/8 -> 4838832 | CL90: =28403136/8 -> 3550392 | CM90: 0 | CN90: 0 | CO90: 0 | CP90: 0 | CQ90: 0 | CR90: 0 | CS90: 0 | CT90: 0 | CU90: 0 | CV90: 0 | CW90: 0 | CX90: 0 | CY90: 0 | CZ90: 0 | DA90: 0 | DB90: 0 | DC90: 0 | DD90: 0 | DE90: 0 | DF90: 0 | DG90: 0 | DH90: 0 | DI90: 0 | DJ90: 0 | DK90: 0 | DL90: 0 | DM90: 0 | DN90: 0 | DO90: 0 | DP90: 0 | DQ90: 0 | DR90: 0 | DS90: 0 | DT90: 0 | DU90: 0 | DV90: 0 | DW90: =+C90+G90+K90+O90+S90+W90+AA90+AE90+AI90+AM90+AQ90+AU90+AY90+BC90+BG90+BK90+BO90+BS90+BW90+CA90+CE90+CI90+CM90+CQ90+CU90+CY90+DC90+DG90+DK90+DO90+DS90 -> 507250000 | DX90: =+D90+H90+L90+P90+T90+X90+AB90+AF90+AJ90+AN90+AR90+AV90+AZ90+BD90+BH90+BL90+BP90+BT90+BX90+CB90+CF90+CJ90+CN90+CR90+CV90+CZ90+DD90+DH90+DL90+DP90+DT90 -> 4.9601395e+08 | DY90: =+E90+I90+M90+Q90+U90+Y90+AC90+AG90+AK90+AO90+AS90+AW90+BA90+BE90+BI90+BM90+BQ90+BU90+BY90+CC90+CG90+CK90+CO90+CS90+CW90+DA90+DE90+DI90+DM90+DQ90+DU90 -> 46588061 | DZ90: =+F90+J90+N90+R90+V90+Z90+AD90+AH90+AL90+AP90+AT90+AX90+BB90+BF90+BJ90+BN90+BR90+BV90+BZ90+CD90+CH90+CL90+CP90+CT90+CX90+DB90+DF90+DJ90+DN90+DR90+DV90 -> 43658030
A91: ACT. 6.4.8. FORTALECIMIENTO DE LA IMPLEMENTACIÓN DE LA ESTRATEGIA DE COMUNICACIÓN POLÍTICA DE LA GESTIÓN AMBIENTAL PARA LA DIVULGACIÓN INTERINSTITUCIONAL Y APREHENSIÓN CIUDADANA AL SECTOR AMBIENTAL | C91: =3116000000/8 -> 389500000 | D91: =3094184930/8 -> 3.8677312e+08 | E91: =313637950.16/8 -> 39204744 | F91: =306079097.93/8 -> 38259887 | G91: =82000000/8 -> 10250000 | H91: =53041998.97/8 -> 6630249.9 | I91: =20355882.97/8 -> 2544485.4 | J91: =14782002.97/8 -> 1847750.4 | K91: 0 | L91: 0 | M91: 0 | N91: 0 | O91: 0 | P91: 0 | Q91: 0 | R91: 0 | S91: 0 | T91: 0 | U91: 0 | V91: 0 | W91: 0 | X91: 0 | Y91: 0 | Z91: 0 | AA91: 0 | AB91: 0 | AC91: 0 | AD91: 0 | AE91: 0 | AF91: 0 | AG91: 0 | AH91: 0 | AI91: 0 | AJ91: 0 | AK91: 0 | AL91: 0 | AM91: 0 | AN91: 0 | AO91: 0 | AP91: 0 | AQ91: 0 | AR91: 0 | AS91: 0 | AT91: 0 | AU91: =560000000/8 -> 70000000 | AV91: =560000000/8 -> 70000000 | AY91: 0 | AZ91: 0 | BA91: 0 | BB91: 0 | BC91: 0 | BD91: 0 | BE91: 0 | BF91: 0 | BG91: 0 | BH91: 0 | BI91: 0 | BJ91: 0 | BK91: 0 | BL91: 0 | BM91: 0 | BN91: 0 | BO91: 0 | BP91: 0 | BQ91: 0 | BR91: 0 | BS91: 0 | BT91: 0 | BU91: 0 | BV91: 0 | BW91: 0 | BX91: 0 | BY91: 0 | BZ91: 0 | CA91: 0 | CB91: 0 | CC91: 0 | CD91: 0 | CE91: 0 | CF91: 0 | CG91: 0 | CH91: 0 | CI91: =300000000/8 -> 37500000 | CJ91: 32610580 | CK91: =38710656/8 -> 4838832 | CL91: =28403136/8 -> 3550392 | CM91: 0 | CN91: 0 | CO91: 0 | CP91: 0 | CQ91: 0 | CR91: 0 | CS91: 0 | CT91: 0 | CU91: 0 | CV91: 0 | CW91: 0 | CX91: 0 | CY91: 0 | CZ91: 0 | DA91: 0 | DB91: 0 | DC91: 0 | DD91: 0 | DE91: 0 | DF91: 0 | DG91: 0 | DH91: 0 | DI91: 0 | DJ91: 0 | DK91: 0 | DL91: 0 | DM91: 0 | DN91: 0 | DO91: 0 | DP91: 0 | DQ91: 0 | DR91: 0 | DS91: 0 | DT91: 0 | DU91: 0 | DV91: 0 | DW91: =+C91+G91+K91+O91+S91+W91+AA91+AE91+AI91+AM91+AQ91+AU91+AY91+BC91+BG91+BK91+BO91+BS91+BW91+CA91+CE91+CI91+CM91+CQ91+CU91+CY91+DC91+DG91+DK91+DO91+DS91 -> 507250000 | DX91: =+D91+H91+L91+P91+T91+X91+AB91+AF91+AJ91+AN91+AR91+AV91+AZ91+BD91+BH91+BL91+BP91+BT91+BX91+CB91+CF91+CJ91+CN91+CR91+CV91+CZ91+DD91+DH91+DL91+DP91+DT91 -> 4.9601395e+08 | DY91: =+E91+I91+M91+Q91+U91+Y91+AC91+AG91+AK91+AO91+AS91+AW91+BA91+BE91+BI91+BM91+BQ91+BU91+BY91+CC91+CG91+CK91+CO91+CS91+CW91+DA91+DE91+DI91+DM91+DQ91+DU91 -> 46588061 | DZ91: =+F91+J91+N91+R91+V91+Z91+AD91+AH91+AL91+AP91+AT91+AX91+BB91+BF91+BJ91+BN91+BR91+BV91+BZ91+CD91+CH91+CL91+CP91+CT91+CX91+DB91+DF91+DJ91+DN91+DR91+DV91 -> 43658030
A92: ACT. 6.4.9. EVALUACIÓN DE LA EVOLUCIÓN DINÁMICA DEL PGAR Y LOS IMPACTOS DE LA GESTIÓN AMBIENTAL SOBRE LA SOSTENIBILIDAD DEL DESARROLLO SOCIO-ECONÓMICO Y LOS INDICADORES MÍNIMOS DE GESTIÓN. | C92: =3116000000/8 -> 389500000 | D92: =3094184930/8 -> 3.8677312e+08 | E92: =313637950.16/8 -> 39204744 | F92: =306079097.93/8 -> 38259887 | G92: =82000000/8 -> 10250000 | H92: =53041998.97/8 -> 6630249.9 | I92: =20355882.97/8 -> 2544485.4 | J92: =14782002.97/8 -> 1847750.4 | K92: 0 | L92: 0 | M92: 0 | N92: 0 | O92: 0 | P92: 0 | Q92: 0 | R92: 0 | S92: 0 | T92: 0 | U92: 0 | V92: 0 | W92: 0 | X92: 0 | Y92: 0 | Z92: 0 | AA92: 0 | AB92: 0 | AC92: 0 | AD92: 0 | AE92: 0 | AF92: 0 | AG92: 0 | AH92: 0 | AI92: 0 | AJ92: 0 | AK92: 0 | AL92: 0 | AM92: 0 | AN92: 0 | AO92: 0 | AP92: 0 | AQ92: 0 | AR92: 0 | AS92: 0 | AT92: 0 | AU92: =560000000/8 -> 70000000 | AV92: =560000000/8 -> 70000000 | AY92: 0 | AZ92: 0 | BA92: 0 | BB92: 0 | BC92: 0 | BD92: 0 | BE92: 0 | BF92: 0 | BG92: 0 | BH92: 0 | BI92: 0 | BJ92: 0 | BK92: 0 | BL92: 0 | BM92: 0 | BN92: 0 | BO92: 0 | BP92: 0 | BQ92: 0 | BR92: 0 | BS92: 0 | BT92: 0 | BU92: 0 | BV92: 0 | BW92: 0 | BX92: 0 | BY92: 0 | BZ92: 0 | CA92: 0 | CB92: 0 | CC92: 0 | CD92: 0 | CE92: 0 | CF92: 0 | CG92: 0 | CH92: 0 | CI92: =300000000/8 -> 37500000 | CJ92: 32610580 | CK92: =38710656/8 -> 4838832 | CL92: =28403136/8 -> 3550392 | CM92: 0 | CN92: 0 | CO92: 0 | CP92: 0 | CQ92: 0 | CR92: 0 | CS92: 0 | CT92: 0 | CU92: 0 | CV92: 0 | CW92: 0 | CX92: 0 | CY92: 0 | CZ92: 0 | DA92: 0 | DB92: 0 | DC92: 0 | DD92: 0 | DE92: 0 | DF92: 0 | DG92: 0 | DH92: 0 | DI92: 0 | DJ92: 0 | DK92: 0 | DL92: 0 | DM92: 0 | DN92: 0 | DO92: 0 | DP92: 0 | DQ92: 0 | DR92: 0 | DS92: 0 | DT92: 0 | DU92: 0 | DV92: 0 | DW92: =+C92+G92+K92+O92+S92+W92+AA92+AE92+AI92+AM92+AQ92+AU92+AY92+BC92+BG92+BK92+BO92+BS92+BW92+CA92+CE92+CI92+CM92+CQ92+CU92+CY92+DC92+DG92+DK92+DO92+DS92 -> 507250000 | DX92: =+D92+H92+L92+P92+T92+X92+AB92+AF92+AJ92+AN92+AR92+AV92+AZ92+BD92+BH92+BL92+BP92+BT92+BX92+CB92+CF92+CJ92+CN92+CR92+CV92+CZ92+DD92+DH92+DL92+DP92+DT92 -> 4.9601395e+08 | DY92: =+E92+I92+M92+Q92+U92+Y92+AC92+AG92+AK92+AO92+AS92+AW92+BA92+BE92+BI92+BM92+BQ92+BU92+BY92+CC92+CG92+CK92+CO92+CS92+CW92+DA92+DE92+DI92+DM92+DQ92+DU92 -> 46588061 | DZ92: =+F92+J92+N92+R92+V92+Z92+AD92+AH92+AL92+AP92+AT92+AX92+BB92+BF92+BJ92+BN92+BR92+BV92+BZ92+CD92+CH92+CL92+CP92+CT92+CX92+DB92+DF92+DJ92+DN92+DR92+DV92 -> 43658030
A93: ACT. 6.4.10. CONSOLIDACIÓN DEL SIAC EN LO RELACIONADO CON LA GENERACIÓN, CONSOLIDACIÓN,ANÁLISIS Y REPORTE EN EL MARCO DEL ACUERDO DE ESCAZÚ. | C93: =3116000000/8 -> 389500000 | D93: =3094184930/8 -> 3.8677312e+08 | E93: =313637950.16/8 -> 39204744 | F93: =306079097.93/8 -> 38259887 | G93: =82000000/8 -> 10250000 | H93: =53041998.97/8 -> 6630249.9 | I93: =20355882.97/8 -> 2544485.4 | J93: =14782002.97/8 -> 1847750.4 | K93: 0 | L93: 0 | M93: 0 | N93: 0 | O93: 0 | P93: 0 | Q93: 0 | R93: 0 | S93: 0 | T93: 0 | U93: 0 | V93: 0 | W93: 0 | X93: 0 | Y93: 0 | Z93: 0 | AA93: 0 | AB93: 0 | AC93: 0 | AD93: 0 | AE93: 0 | AF93: 0 | AG93: 0 | AH93: 0 | AI93: 0 | AJ93: 0 | AK93: 0 | AL93: 0 | AM93: 0 | AN93: 0 | AO93: 0 | AP93: 0 | AQ93: 0 | AR93: 0 | AS93: 0 | AT93: 0 | AU93: =560000000/8 -> 70000000 | AV93: =560000000/8 -> 70000000 | AY93: 0 | AZ93: 0 | BA93: 0 | BB93: 0 | BC93: 0 | BD93: 0 | BE93: 0 | BF93: 0 | BG93: 0 | BH93: 0 | BI93: 0 | BJ93: 0 | BK93: 0 | BL93: 0 | BM93: 0 | BN93: 0 | BO93: 0 | BP93: 0 | BQ93: 0 | BR93: 0 | BS93: 0 | BT93: 0 | BU93: 0 | BV93: 0 | BW93: 0 | BX93: 0 | BY93: 0 | BZ93: 0 | CA93: 0 | CB93: 0 | CC93: 0 | CD93: 0 | CE93: 0 | CF93: 0 | CG93: 0 | CH93: 0 | CI93: =300000000/8 -> 37500000 | CJ93: 32610580 | CK93: =38710656/8 -> 4838832 | CL93: =28403136/8 -> 3550392 | CM93: 0 | CN93: 0 | CO93: 0 | CP93: 0 | CQ93: 0 | CR93: 0 | CS93: 0 | CT93: 0 | CU93: 0 | CV93: 0 | CW93: 0 | CX93: 0 | CY93: 0 | CZ93: 0 | DA93: 0 | DB93: 0 | DC93: 0 | DD93: 0 | DE93: 0 | DF93: 0 | DG93: 0 | DH93: 0 | DI93: 0 | DJ93: 0 | DK93: 0 | DL93: 0 | DM93: 0 | DN93: 0 | DO93: 0 | DP93: 0 | DQ93: 0 | DR93: 0 | DS93: 0 | DT93: 0 | DU93: 0 | DV93: 0 | DW93: =+C93+G93+K93+O93+S93+W93+AA93+AE93+AI93+AM93+AQ93+AU93+AY93+BC93+BG93+BK93+BO93+BS93+BW93+CA93+CE93+CI93+CM93+CQ93+CU93+CY93+DC93+DG93+DK93+DO93+DS93 -> 507250000 | DX93: =+D93+H93+L93+P93+T93+X93+AB93+AF93+AJ93+AN93+AR93+AV93+AZ93+BD93+BH93+BL93+BP93+BT93+BX93+CB93+CF93+CJ93+CN93+CR93+CV93+CZ93+DD93+DH93+DL93+DP93+DT93 -> 4.9601395e+08 | DY93: =+E93+I93+M93+Q93+U93+Y93+AC93+AG93+AK93+AO93+AS93+AW93+BA93+BE93+BI93+BM93+BQ93+BU93+BY93+CC93+CG93+CK93+CO93+CS93+CW93+DA93+DE93+DI93+DM93+DQ93+DU93 -> 46588061 | DZ93: =+F93+J93+N93+R93+V93+Z93+AD93+AH93+AL93+AP93+AT93+AX93+BB93+BF93+BJ93+BN93+BR93+BV93+BZ93+CD93+CH93+CL93+CP93+CT93+CX93+DB93+DF93+DJ93+DN93+DR93+DV93 -> 43658030 | EA93: =+SUM(DW84:DW93)-B84 -> 0
A94: PROYECTO 6.5. CONTROL Y SEGUIMIENTO AMBIENTAL EFECTIVO | B94: =SUM(B95:B98) -> 3785000000 | C94: =SUM(C95:C98) -> 2792000000 | D94: =SUM(D95:D98) -> 2359683210 | E94: =SUM(E95:E98) -> 6.236484e+08 | F94: =SUM(F95:F98) -> 4.8152118e+08 | G94: =SUM(G95:G98) -> 0 | H94: =SUM(H95:H98) -> 0 | I94: =SUM(I95:I98) -> 0 | ... DV94: =SUM(DV95:DV98) -> 100287830 | DW94: =+C94+G94+K94+O94+S94+W94+AA94+AE94+AI94+AM94+AQ94+AU94+AY94+BC94+BG94+BK94+BO94+BS94+BW94+CA94+CE94+CI94+CM94+CQ94+CU94+CY94+DC94+DG94+DK94+DO94+DS94 -> 3785000000 | DX94: =+D94+H94+L94+P94+T94+X94+AB94+AF94+AJ94+AN94+AR94+AV94+AZ94+BD94+BH94+BL94+BP94+BT94+BX94+CB94+CF94+CJ94+CN94+CR94+CV94+CZ94+DD94+DH94+DL94+DP94+DT94 -> 2.9596327e+09 | DY94: =+E94+I94+M94+Q94+U94+Y94+AC94+AG94+AK94+AO94+AS94+AW94+BA94+BE94+BI94+BM94+BQ94+BU94+BY94+CC94+CG94+CK94+CO94+CS94+CW94+DA94+DE94+DI94+DM94+DQ94+DU94 -> 9.2464285e+08 | DZ94: =+F94+J94+N94+R94+V94+Z94+AD94+AH94+AL94+AP94+AT94+AX94+BB94+BF94+BJ94+BN94+BR94+BV94+BZ94+CD94+CH94+CL94+CP94+CT94+CX94+DB94+DF94+DJ94+DN94+DR94+DV94 -> 7.561295e+08 | EA94: =+SUM(DW95:DW98)-B94 -> 0 | EB94: =+DW94-B94 -> 0
A95: ACT 6.5.1. FORTALECIMIENTO DEL SISTEMA VITALSILAM, SUIT PARA LA OPTIMIZACIÓN DE LOS TRÁMITES AMBIENTALES. (SIAC, SISAIRE, ETC). | B95: =DW94 -> 3785000000 | C95: =2792000000/4 -> 698000000 | D95: =2359683210/4 -> 5.899208e+08 | E95: =623648397.43/4 -> 1.559121e+08 | F95: =481521181.43/4 -> 1.203803e+08 | G95: 0 | H95: 0 | I95: 0 | J95: 0 | K95: 0 | L95: 0 | M95: 0 | N95: 0 | O95: 0 | P95: 0 | Q95: 0 | R95: 0 | S95: 0 | T95: 0 | U95: 0 | V95: 0 | W95: 0 | X95: 0 | Y95: 0 | Z95: 0 | AA95: 0 | AB95: 0 | AC95: 0 | AD95: 0 | AE95: =128118537/4 -> 32029634 | AF95: =1848000/4 -> 462000 | AG95: =1848000/4 -> 462000 | AH95: =1848000/4 -> 462000 | AI95: =39881463/4 -> 9970365.8 | AJ95: 0 | AK95: 0 | AL95: 0 | AU95: 0 | AV95: 0 | AW95: 0 | AX95: 0 | AY95: =300000000/4 -> 75000000 | AZ95: =243854989.96/4 -> 60963747 | BA95: =119627615.9/4 -> 29906904 | BB95: =113520215.9/4 -> 28380054 | BC95: 0 | BD95: 0 | BE95: 0 | BF95: 0 | BG95: =100000000/4 -> 25000000 | BH95: =49954671/4 -> 12488668 | BI95: =49952271/4 -> 12488068 | BJ95: =49952271/4 -> 12488068 | BK95: 0 | BL95: 0 | BM95: 0 | BN95: 0 | BO95: =12000000/4 -> 3000000 | BP95: =4000000/4 -> 1000000 | BQ95: =4000000/4 -> 1000000 | BR95: =4000000/4 -> 1000000 | BS95: =23000000/4 -> 5750000 | BT95: =5000000/4 -> 1250000 | BU95: =5000000/4 -> 1250000 | BV95: =5000000/4 -> 1250000 | BW95: 0 | BX95: 0 | BY95: 0 | BZ95: 0 | CA95: 0 | CB95: 0 | CC95: 0 | CD95: 0 | CE95: 0 | CF95: 0 | CG95: 0 | CH95: 0 | CI95: 0 | CJ95: 0 | CK95: 0 | CL95: 0 | CM95: 0 | CN95: 0 | CO95: 0 | CP95: 0 | CQ95: 0 | CR95: 0 | CS95: 0 | CT95: 0 | CU95: 0 | CV95: 0 | CW95: 0 | CX95: 0 | CY95: 0 | CZ95: 0 | DA95: 0 | DB95: 0 | DC95: 0 | DD95: 0 | DE95: 0 | DF95: 0 | DG95: 0 | DH95: 0 | DI95: 0 | DJ95: 0 | DK95: 0 | DL95: 0 | DM95: 0 | DN95: 0 | DO95: 0 | DP95: 0 | DQ95: 0 | DR95: 0 | DS95: =390000000/4 -> 97500000 | DT95: =295291841/4 -> 73822960 | DU95: =120566564.14/4 -> 30141641 | DV95: =100287830/4 -> 25071958 | DW95: =+C95+G95+K95+O95+S95+W95+AA95+AE95+AI95+AM95+AQ95+AU95+AY95+BC95+BG95+BK95+BO95+BS95+BW95+CA95+CE95+CI95+CM95+CQ95+CU95+CY95+DC95+DG95+DK95+DO95+DS95 -> 946250000 | DX95: =+D95+H95+L95+P95+T95+X95+AB95+AF95+AJ95+AN95+AR95+AV95+AZ95+BD95+BH95+BL95+BP95+BT95+BX95+CB95+CF95+CJ95+CN95+CR95+CV95+CZ95+DD95+DH95+DL95+DP95+DT95 -> 7.3990818e+08 | DY95: =+E95+I95+M95+Q95+U95+Y95+AC95+AG95+AK95+AO95+AS95+AW95+BA95+BE95+BI95+BM95+BQ95+BU95+BY95+CC95+CG95+CK95+CO95+CS95+CW95+DA95+DE95+DI95+DM95+DQ95+DU95 -> 2.3116071e+08 | DZ95: =+F95+J95+N95+R95+V95+Z95+AD95+AH95+AL95+AP95+AT95+AX95+BB95+BF95+BJ95+BN95+BR95+BV95+BZ95+CD95+CH95+CL95+CP95+CT95+CX95+DB95+DF95+DJ95+DN95+DR95+DV95 -> 1.8903237e+08
A96: ACT 6.5.2. ADQUISICIÓN DE EQUIPOS PARA EL FORTALECIMIENTO DE LAS LABORES DE CONTROL Y SEGUIMIENTO AMBIENTAL. | C96: =2792000000/4 -> 698000000 | D96: =2359683210/4 -> 5.899208e+08 | E96: =623648397.43/4 -> 1.559121e+08 | F96: =481521181.43/4 -> 1.203803e+08 | G96: 0 | H96: 0 | I96: 0 | J96: 0 | K96: 0 | L96: 0 | M96: 0 | N96: 0 | O96: 0 | P96: 0 | Q96: 0 | R96: 0 | S96: 0 | T96: 0 | U96: 0 | V96: 0 | W96: 0 | X96: 0 | Y96: 0 | Z96: 0 | AA96: 0 | AB96: 0 | AC96: 0 | AD96: 0 | AE96: =128118537/4 -> 32029634 | AF96: =1848000/4 -> 462000 | AG96: =1848000/4 -> 462000 | AH96: =1848000/4 -> 462000 | AI96: =39881463/4 -> 9970365.8 | AJ96: 0 | AK96: 0 | AL96: 0 | AQ96: 0 | AR96: 0 | AS96: 0 | AT96: 0 | AU96: 0 | AV96: 0 | AW96: 0 | AX96: 0 | AY96: =300000000/4 -> 75000000 | AZ96: =243854989.96/4 -> 60963747 | BA96: =119627615.9/4 -> 29906904 | BB96: =113520215.9/4 -> 28380054 | BC96: 0 | BD96: 0 | BE96: 0 | BF96: 0 | BG96: =100000000/4 -> 25000000 | BH96: =49954671/4 -> 12488668 | BI96: =49952271/4 -> 12488068 | BJ96: =49952271/4 -> 12488068 | BK96: 0 | BL96: 0 | BM96: 0 | BN96: 0 | BO96: =12000000/4 -> 3000000 | BP96: =4000000/4 -> 1000000 | BQ96: =4000000/4 -> 1000000 | BR96: =4000000/4 -> 1000000 | BS96: =23000000/4 -> 5750000 | BT96: =5000000/4 -> 1250000 | BU96: =5000000/4 -> 1250000 | BV96: =5000000/4 -> 1250000 | BW96: 0 | BX96: 0 | BY96: 0 | BZ96: 0 | CA96: 0 | CB96: 0 | CC96: 0 | CD96: 0 | CE96: 0 | CF96: 0 | CG96: 0 | CH96: 0 | CI96: 0 | CJ96: 0 | CK96: 0 | CL96: 0 | CM96: 0 | CN96: 0 | CO96: 0 | CP96: 0 | CQ96: 0 | CR96: 0 | CS96: 0 | CT96: 0 | CU96: 0 | CV96: 0 | CW96: 0 | CX96: 0 | CY96: 0 | CZ96: 0 | DA96: 0 | DB96: 0 | DC96: 0 | DD96: 0 | DE96: 0 | DF96: 0 | DG96: 0 | DH96: 0 | DI96: 0 | DJ96: 0 | DK96: 0 | DL96: 0 | DM96: 0 | DN96: 0 | DO96: 0 | DP96: 0 | DQ96: 0 | DR96: 0 | DS96: =390000000/4 -> 97500000 | DT96: =295291841/4 -> 73822960 | DU96: =120566564.14/4 -> 30141641 | DV96: =100287830/4 -> 25071958 | DW96: =+C96+G96+K96+O96+S96+W96+AA96+AE96+AI96+AM96+AQ96+AU96+AY96+BC96+BG96+BK96+BO96+BS96+BW96+CA96+CE96+CI96+CM96+CQ96+CU96+CY96+DC96+DG96+DK96+DO96+DS96 -> 946250000 | DX96: =+D96+H96+L96+P96+T96+X96+AB96+AF96+AJ96+AN96+AR96+AV96+AZ96+BD96+BH96+BL96+BP96+BT96+BX96+CB96+CF96+CJ96+CN96+CR96+CV96+CZ96+DD96+DH96+DL96+DP96+DT96 -> 7.3990818e+08 | DY96: =+E96+I96+M96+Q96+U96+Y96+AC96+AG96+AK96+AO96+AS96+AW96+BA96+BE96+BI96+BM96+BQ96+BU96+BY96+CC96+CG96+CK96+CO96+CS96+CW96+DA96+DE96+DI96+DM96+DQ96+DU96 -> 2.3116071e+08 | DZ96: =+F96+J96+N96+R96+V96+Z96+AD96+AH96+AL96+AP96+AT96+AX96+BB96+BF96+BJ96+BN96+BR96+BV96+BZ96+CD96+CH96+CL96+CP96+CT96+CX96+DB96+DF96+DJ96+DN96+DR96+DV96 -> 1.8903237e+08
A97: ACT 6.5.3. OPTIMIZACIÓN DE LOS PROCESOS DE TRÁMITES AMBIENTALES Y SERVICIOS MISIONALES DE LA CORPORACIÓN. | C97: =2792000000/4 -> 698000000 | D97: =2359683210/4 -> 5.899208e+08 | E97: =623648397.43/4 -> 1.559121e+08 | F97: =481521181.43/4 -> 1.203803e+08 | G97: 0 | H97: 0 | I97: 0 | J97: 0 | K97: 0 | L97: 0 | M97: 0 | N97: 0 | O97: 0 | P97: 0 | Q97: 0 | R97: 0 | S97: 0 | T97: 0 | U97: 0 | V97: 0 | W97: 0 | X97: 0 | Y97: 0 | Z97: 0 | AA97: 0 | AB97: 0 | AC97: 0 | AD97: 0 | AE97: =128118537/4 -> 32029634 | AF97: =1848000/4 -> 462000 | AG97: =1848000/4 -> 462000 | AH97: =1848000/4 -> 462000 | AI97: =39881463/4 -> 9970365.8 | AJ97: 0 | AK97: 0 | AL97: 0 | AQ97: 0 | AR97: 0 | AS97: 0 | AT97: 0 | AU97: 0 | AV97: 0 | AW97: 0 | AX97: 0 | AY97: =300000000/4 -> 75000000 | AZ97: =243854989.96/4 -> 60963747 | BA97: =119627615.9/4 -> 29906904 | BB97: =113520215.9/4 -> 28380054 | BG97: =100000000/4 -> 25000000 | BH97: =49954671/4 -> 12488668 | BI97: =49952271/4 -> 12488068 | BJ97: =49952271/4 -> 12488068 | BK97: 0 | BL97: 0 | BM97: 0 | BN97: 0 | BO97: =12000000/4 -> 3000000 | BP97: =4000000/4 -> 1000000 | BQ97: =4000000/4 -> 1000000 | BR97: =4000000/4 -> 1000000 | BS97: =23000000/4 -> 5750000 | BT97: =5000000/4 -> 1250000 | BU97: =5000000/4 -> 1250000 | BV97: =5000000/4 -> 1250000 | BW97: 0 | BX97: 0 | BY97: 0 | BZ97: 0 | CA97: 0 | CB97: 0 | CC97: 0 | CD97: 0 | CE97: 0 | CF97: 0 | CG97: 0 | CH97: 0 | CI97: 0 | CJ97: 0 | CK97: 0 | CL97: 0 | CM97: 0 | CN97: 0 | CO97: 0 | CP97: 0 | CQ97: 0 | CR97: 0 | CS97: 0 | CT97: 0 | CU97: 0 | CV97: 0 | CW97: 0 | CX97: 0 | CY97: 0 | CZ97: 0 | DA97: 0 | DB97: 0 | DC97: 0 | DD97: 0 | DE97: 0 | DF97: 0 | DG97: 0 | DH97: 0 | DI97: 0 | DJ97: 0 | DK97: 0 | DL97: 0 | DM97: 0 | DN97: 0 | DO97: 0 | DP97: 0 | DQ97: 0 | DR97: 0 | DS97: =390000000/4 -> 97500000 | DT97: =295291841/4 -> 73822960 | DU97: =120566564.14/4 -> 30141641 | DV97: =100287830/4 -> 25071958 | DW97: =+C97+G97+K97+O97+S97+W97+AA97+AE97+AI97+AM97+AQ97+AU97+AY97+BC97+BG97+BK97+BO97+BS97+BW97+CA97+CE97+CI97+CM97+CQ97+CU97+CY97+DC97+DG97+DK97+DO97+DS97 -> 946250000 | DX97: =+D97+H97+L97+P97+T97+X97+AF97+AJ97+AN97+AR97+AV97+AZ97+BD97+BH97+BL97+BP97+BT97+BX97+CB97+CF97+CJ97+CN97+CR97+CV97+CZ97+DD97+DH97+DL97+DP97+DT97 -> 7.3990818e+08 | DY97: =+E97+I97+M97+Q97+U97+Y97+AG97+AK97+AO97+AS97+AW97+BA97+BE97+BI97+BM97+BQ97+BU97+BY97+CC97+CG97+CK97+CO97+CS97+CW97+DA97+DE97+DI97+DM97+DQ97+DU97 -> 2.3116071e+08 | DZ97: =+F97+J97+N97+R97+V97+Z97+AH97+AL97+AP97+AT97+AX97+BB97+BF97+BJ97+BN97+BR97+BV97+BZ97+CD97+CH97+CL97+CP97+CT97+CX97+DB97+DF97+DJ97+DN97+DR97+DV97 -> 1.8903237e+08
